Workbook
Name AddOns: Data!$P$3:$DZ$5
Name AddOns2: Data!$P$7:$DZ$9
Name AppDue: Data!$C$44:$M$61
Name Base01: Data!$P$38:$DZ$45
Name Counties: Data!$A$13:$A$80
Name Descriptions: Data!$C$64:$M$81
Name EscalationFactor: Data!$P$47:$DZ$54
Name Identify: RFA!$C$15:$G$32
Name Max_Acq_DF_Bond_w_AR_Units: CUR!$D$124
Name Max_DF_Bond_w_AR_Units: CUR!$D$127
Name MultiplierNames: Data!$P$11:$DZ$18
Name MultiplierNumbers: Data!$P$20:$DZ$27
Name RFAs: Data!$C$3:$M$20
Name SoftCostMultiplier: Data!$P$56:$DZ$63
Name TDC_Table: RFA!$A$51:$H$57
Name Types: Data!$P$29:$DZ$36
Name Year: RFA!$D$9
Name Years: Data!$A$3:$A$8
Name YesNo: Data!$A$82:$A$84

Sheet RFA
A1: TOTAL DEVELOPMENT COST LIMITATION TEST TEMPLATE - Version 09-30-2026
A2: (This TDC Template applies to all RFA's beginning with the 2023/2024 RFA Cycle)
B4: Identify the Development
C5: Application #
C6: Name
C7: County | D7: <select from menu> | F7: =IF(D7="","STOP: Please select a County","")
B9: What year was the RFA issued? | D9: <select from menu>
B11: Questions below will ask to identify certain criteria. This can be done by entering a "1" in the cell to the left of the appropriate criteria.
B13: ="Identify which"&IF(N(D9)>2012," "&D9,"")&" RFA under which the Development was funded." -> Identify which RFA under which the Development was funded.
D14: RFA | E14: RFA Cycle | F14: Application Deadline | H14: RFA Description
D15: =IFERROR(IF(Year=Data!A$3," ",CHOOSE(Year-2022,Data!M3,Data!L3,Data!K3,Data!J3,Data!I3,Data!H3,Data!G3,Data!F3,Data!E3,Data!D3,Data!C3)),"") | E15: =IFERROR(IF(Year=Data!A$3," ",CHOOSE(Year-2022,Data!M24,Data!L24,Data!K24,Data!J24,Data!I24,Data!H24,Data!G24,Data!F24,Data!E24,Data!D24,Data!C24)),"") | F15: =IFERROR(IF(Year=Data!A$3," ",CHOOSE(Year-2022,Data!M44,Data!L44,Data!K44,Data!J44,Data!I44,Data!H44,Data!G44,Data!F44,Data!E44,Data!D44,Data!C44)),"") | H15: =IFERROR(IF(Year=Data!A$3," ",CHOOSE(Year-2022,Data!M64,Data!L64,Data!K64,Data!J64,Data!I64,Data!H64,Data!G64,Data!F64,Data!E64,Data!D64,Data!C64)),"") | U15: =IF(COUNTIF(D15,"*TDC*"),"Yes","No") -> No
D16: =IFERROR(IF(Year=Data!A$3," ",CHOOSE(Year-2022,Data!M4,Data!L4,Data!K4,Data!J4,Data!I4,Data!H4,Data!G4,Data!F4,Data!E4,Data!D4,Data!C4)),"") | E16: =IFERROR(IF(Year=Data!A$3," ",CHOOSE(Year-2022,Data!M25,Data!L25,Data!K25,Data!J25,Data!I25,Data!H25,Data!G25,Data!F25,Data!E25,Data!D25,Data!C25)),"") | F16: =IFERROR(IF(Year=Data!A$3," ",CHOOSE(Year-2022,Data!M45,Data!L45,Data!K45,Data!J45,Data!I45,Data!H45,Data!G45,Data!F45,Data!E45,Data!D45,Data!C45)),"") | H16: =IFERROR(IF(Year=Data!A$3," ",CHOOSE(Year-2022,Data!M65,Data!L65,Data!K65,Data!J65,Data!I65,Data!H65,Data!G65,Data!F65,Data!E65,Data!D65,Data!C65)),"") | U16: =IF(COUNTIF(D16,"*TDC*"),"Yes","No") -> No
D17: =IFERROR(IF(Year=Data!A$3," ",CHOOSE(Year-2022,Data!M5,Data!L5,Data!K5,Data!J5,Data!I5,Data!H5,Data!G5,Data!F5,Data!E5,Data!D5,Data!C5)),"") | E17: =IFERROR(IF(Year=Data!A$3," ",CHOOSE(Year-2022,Data!M26,Data!L26,Data!K26,Data!J26,Data!I26,Data!H26,Data!G26,Data!F26,Data!E26,Data!D26,Data!C26)),"") | F17: =IFERROR(IF(Year=Data!A$3," ",CHOOSE(Year-2022,Data!M46,Data!L46,Data!K46,Data!J46,Data!I46,Data!H46,Data!G46,Data!F46,Data!E46,Data!D46,Data!C46)),"") | H17: =IFERROR(IF(Year=Data!A$3," ",CHOOSE(Year-2022,Data!M66,Data!L66,Data!K66,Data!J66,Data!I66,Data!H66,Data!G66,Data!F66,Data!E66,Data!D66,Data!C66)),"") | U17: =IF(COUNTIF(D17,"*TDC*"),"Yes","No") -> No
D18: =IFERROR(IF(Year=Data!A$3," ",CHOOSE(Year-2022,Data!M6,Data!L6,Data!K6,Data!J6,Data!I6,Data!H6,Data!G6,Data!F6,Data!E6,Data!D6,Data!C6)),"") | E18: =IFERROR(IF(Year=Data!A$3," ",CHOOSE(Year-2022,Data!M27,Data!L27,Data!K27,Data!J27,Data!I27,Data!H27,Data!G27,Data!F27,Data!E27,Data!D27,Data!C27)),"") | F18: =IFERROR(IF(Year=Data!A$3," ",CHOOSE(Year-2022,Data!M47,Data!L47,Data!K47,Data!J47,Data!I47,Data!H47,Data!G47,Data!F47,Data!E47,Data!D47,Data!C47)),"") | H18: =IFERROR(IF(Year=Data!A$3," ",CHOOSE(Year-2022,Data!M67,Data!L67,Data!K67,Data!J67,Data!I67,Data!H67,Data!G67,Data!F67,Data!E67,Data!D67,Data!C67)),"") | U18: =IF(COUNTIF(D18,"*TDC*"),"Yes","No") -> No
D19: =IFERROR(IF(Year=Data!A$3," ",CHOOSE(Year-2022,Data!M7,Data!L7,Data!K7,Data!J7,Data!I7,Data!H7,Data!G7,Data!F7,Data!E7,Data!D7,Data!C7)),"") | E19: =IFERROR(IF(Year=Data!A$3," ",CHOOSE(Year-2022,Data!M28,Data!L28,Data!K28,Data!J28,Data!I28,Data!H28,Data!G28,Data!F28,Data!E28,Data!D28,Data!C28)),"") | F19: =IFERROR(IF(Year=Data!A$3," ",CHOOSE(Year-2022,Data!M48,Data!L48,Data!K48,Data!J48,Data!I48,Data!H48,Data!G48,Data!F48,Data!E48,Data!D48,Data!C48)),"") | H19: =IFERROR(IF(Year=Data!A$3," ",CHOOSE(Year-2022,Data!M68,Data!L68,Data!K68,Data!J68,Data!I68,Data!H68,Data!G68,Data!F68,Data!E68,Data!D68,Data!C68)),"") | U19: =IF(COUNTIF(D19,"*TDC*"),"Yes","No") -> No
D20: =IFERROR(IF(Year=Data!A$3," ",CHOOSE(Year-2022,Data!M8,Data!L8,Data!K8,Data!J8,Data!I8,Data!H8,Data!G8,Data!F8,Data!E8,Data!D8,Data!C8)),"") | E20: =IFERROR(IF(Year=Data!A$3," ",CHOOSE(Year-2022,Data!M29,Data!L29,Data!K29,Data!J29,Data!I29,Data!H29,Data!G29,Data!F29,Data!E29,Data!D29,Data!C29)),"") | F20: =IFERROR(IF(Year=Data!A$3," ",CHOOSE(Year-2022,Data!M49,Data!L49,Data!K49,Data!J49,Data!I49,Data!H49,Data!G49,Data!F49,Data!E49,Data!D49,Data!C49)),"") | H20: =IFERROR(IF(Year=Data!A$3," ",CHOOSE(Year-2022,Data!M69,Data!L69,Data!K69,Data!J69,Data!I69,Data!H69,Data!G69,Data!F69,Data!E69,Data!D69,Data!C69)),"") | U20: =IF(COUNTIF(D20,"*TDC*"),"Yes","No") -> No
D21: =IFERROR(IF(Year=Data!A$3," ",CHOOSE(Year-2022,Data!M9,Data!L9,Data!K9,Data!J9,Data!I9,Data!H9,Data!G9,Data!F9,Data!E9,Data!D9,Data!C9)),"") | E21: =IFERROR(IF(Year=Data!A$3," ",CHOOSE(Year-2022,Data!M30,Data!L30,Data!K30,Data!J30,Data!I30,Data!H30,Data!G30,Data!F30,Data!E30,Data!D30,Data!C30)),"") | F21: =IFERROR(IF(Year=Data!A$3," ",CHOOSE(Year-2022,Data!M50,Data!L50,Data!K50,Data!J50,Data!I50,Data!H50,Data!G50,Data!F50,Data!E50,Data!D50,Data!C50)),"") | H21: =IFERROR(IF(Year=Data!A$3," ",CHOOSE(Year-2022,Data!M70,Data!L70,Data!K70,Data!J70,Data!I70,Data!H70,Data!G70,Data!F70,Data!E70,Data!D70,Data!C70)),"") | U21: =IF(COUNTIF(D21,"*TDC*"),"Yes","No") -> No
D22: =IFERROR(IF(Year=Data!A$3," ",CHOOSE(Year-2022,Data!M10,Data!L10,Data!K10,Data!J10,Data!I10,Data!H10,Data!G10,Data!F10,Data!E10,Data!D10,Data!C10)),"") | E22: =IFERROR(IF(Year=Data!A$3," ",CHOOSE(Year-2022,Data!M31,Data!L31,Data!K31,Data!J31,Data!I31,Data!H31,Data!G31,Data!F31,Data!E31,Data!D31,Data!C31)),"") | F22: =IFERROR(IF(Year=Data!A$3," ",CHOOSE(Year-2022,Data!M51,Data!L51,Data!K51,Data!J51,Data!I51,Data!H51,Data!G51,Data!F51,Data!E51,Data!D51,Data!C51)),"") | H22: =IFERROR(IF(Year=Data!A$3," ",CHOOSE(Year-2022,Data!M71,Data!L71,Data!K71,Data!J71,Data!I71,Data!H71,Data!G71,Data!F71,Data!E71,Data!D71,Data!C71)),"") | U22: =IF(COUNTIF(D22,"*TDC*"),"Yes","No") -> No
D23: =IFERROR(IF(Year=Data!A$3," ",CHOOSE(Year-2022,Data!M11,Data!L11,Data!K11,Data!J11,Data!I11,Data!H11,Data!G11,Data!F11,Data!E11,Data!D11,Data!C11)),"") | E23: =IFERROR(IF(Year=Data!A$3," ",CHOOSE(Year-2022,Data!M32,Data!L32,Data!K32,Data!J32,Data!I32,Data!H32,Data!G32,Data!F32,Data!E32,Data!D32,Data!C32)),"") | F23: =IFERROR(IF(Year=Data!A$3," ",CHOOSE(Year-2022,Data!M52,Data!L52,Data!K52,Data!J52,Data!I52,Data!H52,Data!G52,Data!F52,Data!E52,Data!D52,Data!C52)),"") | H23: =IFERROR(IF(Year=Data!A$3," ",CHOOSE(Year-2022,Data!M72,Data!L72,Data!K72,Data!J72,Data!I72,Data!H72,Data!G72,Data!F72,Data!E72,Data!D72,Data!C72)),"") | U23: =IF(COUNTIF(D23,"*TDC*"),"Yes","No") -> No
D24: =IFERROR(IF(Year=Data!A$3," ",CHOOSE(Year-2022,Data!M12,Data!L12,Data!K12,Data!J12,Data!I12,Data!H12,Data!G12,Data!F12,Data!E12,Data!D12,Data!C12)),"") | E24: =IFERROR(IF(Year=Data!A$3," ",CHOOSE(Year-2022,Data!M33,Data!L33,Data!K33,Data!J33,Data!I33,Data!H33,Data!G33,Data!F33,Data!E33,Data!D33,Data!C33)),"") | F24: =IFERROR(IF(Year=Data!A$3," ",CHOOSE(Year-2022,Data!M53,Data!L53,Data!K53,Data!J53,Data!I53,Data!H53,Data!G53,Data!F53,Data!E53,Data!D53,Data!C53)),"") | H24: =IFERROR(IF(Year=Data!A$3," ",CHOOSE(Year-2022,Data!M73,Data!L73,Data!K73,Data!J73,Data!I73,Data!H73,Data!G73,Data!F73,Data!E73,Data!D73,Data!C73)),"") | U24: =IF(COUNTIF(D24,"*TDC*"),"Yes","No") -> No
D25: =IFERROR(IF(Year=Data!A$3," ",CHOOSE(Year-2022,Data!M13,Data!L13,Data!K13,Data!J13,Data!I13,Data!H13,Data!G13,Data!F13,Data!E13,Data!D13,Data!C13)),"") | E25: =IFERROR(IF(Year=Data!A$3," ",CHOOSE(Year-2022,Data!M34,Data!L34,Data!K34,Data!J34,Data!I34,Data!H34,Data!G34,Data!F34,Data!E34,Data!D34,Data!C34)),"") | F25: =IFERROR(IF(Year=Data!A$3," ",CHOOSE(Year-2022,Data!M54,Data!L54,Data!K54,Data!J54,Data!I54,Data!H54,Data!G54,Data!F54,Data!E54,Data!D54,Data!C54)),"") | H25: =IFERROR(IF(Year=Data!A$3," ",CHOOSE(Year-2022,Data!M74,Data!L74,Data!K74,Data!J74,Data!I74,Data!H74,Data!G74,Data!F74,Data!E74,Data!D74,Data!C74)),"") | U25: =IF(COUNTIF(D25,"*TDC*"),"Yes","No") -> No
D26: =IFERROR(IF(Year=Data!A$3," ",CHOOSE(Year-2022,Data!M14,Data!L14,Data!K14,Data!J14,Data!I14,Data!H14,Data!G14,Data!F14,Data!E14,Data!D14,Data!C14)),"") | E26: =IFERROR(IF(Year=Data!A$3," ",CHOOSE(Year-2022,Data!M35,Data!L35,Data!K35,Data!J35,Data!I35,Data!H35,Data!G35,Data!F35,Data!E35,Data!D35,Data!C35)),"") | F26: =IFERROR(IF(Year=Data!A$3," ",CHOOSE(Year-2022,Data!M55,Data!L55,Data!K55,Data!J55,Data!I55,Data!H55,Data!G55,Data!F55,Data!E55,Data!D55,Data!C55)),"") | H26: =IFERROR(IF(Year=Data!A$3," ",CHOOSE(Year-2022,Data!M75,Data!L75,Data!K75,Data!J75,Data!I75,Data!H75,Data!G75,Data!F75,Data!E75,Data!D75,Data!C75)),"") | U26: =IF(COUNTIF(D26,"*TDC*"),"Yes","No") -> No
... D32: =IFERROR(IF(Year=Data!A$3," ",CHOOSE(Year-2022,Data!M20,Data!L20,Data!K20,Data!J20,Data!I20,Data!H20,Data!G20,Data!F20,Data!E20,Data!D20,Data!C20)),"") | E32: =IFERROR(IF(Year=Data!A$3," ",CHOOSE(Year-2022,Data!M41,Data!L41,Data!K41,Data!J41,Data!I41,Data!H41,Data!G41,Data!F41,Data!E41,Data!D41,Data!C41)),"") | F32: =IFERROR(IF(Year=Data!A$3," ",CHOOSE(Year-2022,Data!M61,Data!L61,Data!K61,Data!J61,Data!I61,Data!H61,Data!G61,Data!F61,Data!E61,Data!D61,Data!C61)),"") | H32: =IFERROR(IF(Year=Data!A$3," ",CHOOSE(Year-2022,Data!M81,Data!L81,Data!K81,Data!J81,Data!I81,Data!H81,Data!G81,Data!F81,Data!E81,Data!D81,Data!C81)),"") | U32: =IF(COUNTIF(D32,"*TDC*"),"Yes","No") -> No
C33: =IF(OR(AND(C15=1,U15="Yes"),(AND(C16=1,U16="Yes")),(AND(C17=1,U17="Yes")),(AND(C18=1,U18="Yes")),(AND(C19=1,U19="Yes")),(AND(C20=1,U20="Yes")),(AND(C21=1,U21="Yes")),(AND(C22=1,U22="Yes")),(AND(C23=1,U23="Yes")),(AND(C24=1,U24="Yes")),(AND(C25=1,U25="Yes")),(AND(C26=1,U26="Yes")),(AND(C27=1,U27="Yes")),(AND(C28=1,U28="Yes")),(AND(C29=1,U29="Yes")),(AND(C30=1,U30="Yes")),(AND(C31=1,U31="Yes")),(AND(C32=1,U32="Yes"))),"STOP: This TDC Template does NOT Apply to this RFA.","")
W34: Need to hide or delete eventually?
B35: ="Identify the appropriate TDC Add-Ons"&IF(ISERROR(VLOOKUP(1,Identify,2)),""," for"&RIGHT(VLOOKUP(1,Identify,2),LEN(VLOOKUP(1,Identify,2))-1)&". Select mutliple choices if applicable.") -> Identify the appropriate TDC Add-Ons | W35: Automatically Applies
B36: =IFERROR(HLOOKUP(IFERROR(VLOOKUP(1,Identify,2)&IF(OR($D$7="Broward",$D$7="Miami-Dade",$D$7="Palm Beach"),"SF","")," "),AddOns2,2+COUNTA(D$35:D35))," ") | D36: =IFERROR(HLOOKUP(IFERROR(VLOOKUP(1,Identify,2)&IF(OR($D$7="Broward",$D$7="Miami-Dade",$D$7="Palm Beach"),"SF","")," "),AddOns,2+COUNTA(D$35:D35))," ") | W36: =IF(OR(AND($D36="Tax-Exempt Bonds Boost (Automatic Boost)"),AND($D36="PHA Boost (Automatic Boost)")),1,"")
B37: =IFERROR(HLOOKUP(IFERROR(VLOOKUP(1,Identify,2)&IF(OR($D$7="Broward",$D$7="Miami-Dade",$D$7="Palm Beach"),"SF","")," "),AddOns2,2+COUNTA(D$35:D36))," ") | D37: =IFERROR(HLOOKUP(IFERROR(VLOOKUP(1,Identify,2)&IF(OR($D$7="Broward",$D$7="Miami-Dade",$D$7="Palm Beach"),"SF","")," "),AddOns,2+COUNTA(D$35:D36))," ") | W37: =IF(OR(AND($D37="Tax-Exempt Bonds Boost (Automatic Boost)"),AND($D37="PHA Boost (Automatic Boost)")),1,"")
D38: Board Approved One-Off Modification
B40: ="Identify the appropriate TDC Multipliers"&IF(ISERROR(VLOOKUP(1,Identify,2)),""," for"&RIGHT(VLOOKUP(1,Identify,2),LEN(VLOOKUP(1,Identify,2))-1)&". Select mutliple choices if applicable.") -> Identify the appropriate TDC Multipliers
B41: =IFERROR(HLOOKUP(IFERROR(VLOOKUP(1,Identify,2)&IF(OR($D$7="Broward",$D$7="Miami-Dade",$D$7="Palm Beach"),"SF","")," "),MultiplierNumbers,2+COUNTA(D$40:D40))," ") | D41: =IFERROR(HLOOKUP(IFERROR(VLOOKUP(1,Identify,2)&IF(OR($D$7="Broward",$D$7="Miami-Dade",$D$7="Palm Beach"),"SF","")," "),MultiplierNames,2+COUNTA(D$40:D40))," ") | W41: =IF(OR(,D41="PSN Demographic multiplier",D41="Homeless Demographic (Automatic Multiplier)",D41="Homeless Demographic & PDC",D41="Homeless Demographic (Automatic Multiplier)",D41="High Utilizer Demographic (Automatic Multiplier)"),1,"")
B42: =IFERROR(HLOOKUP(IFERROR(VLOOKUP(1,Identify,2)&IF(OR($D$7="Broward",$D$7="Miami-Dade",$D$7="Palm Beach"),"SF","")," "),MultiplierNumbers,2+COUNTA(D$40:D41))," ") | D42: =IFERROR(HLOOKUP(IFERROR(VLOOKUP(1,Identify,2)&IF(OR($D$7="Broward",$D$7="Miami-Dade",$D$7="Palm Beach"),"SF","")," "),MultiplierNames,2+COUNTA(D$40:D41))," ") | W42: =IF(OR(D42="DD Demo. in a Large Dev.",D42="PSN Demographic multiplier",D42="Homeless Demographic (Automatic Multiplier)",D42="Homeless Demographic & PDC",D42="Homeless Demographic (Automatic Multiplier)",D42="High Utilizer Demographic (Automatic Multiplier)"),1,"")
B43: =IFERROR(HLOOKUP(IFERROR(VLOOKUP(1,Identify,2)&IF(OR($D$7="Broward",$D$7="Miami-Dade",$D$7="Palm Beach"),"SF","")," "),MultiplierNumbers,2+COUNTA(D$40:D42))," ") | D43: =IFERROR(HLOOKUP(IFERROR(VLOOKUP(1,Identify,2)&IF(OR($D$7="Broward",$D$7="Miami-Dade",$D$7="Palm Beach"),"SF","")," "),MultiplierNames,2+COUNTA(D$40:D42))," ") | W43: =IF(OR(D43="DD Demo. in a Large Dev.",D43="PSN Demographic multiplier",D43="Homeless Demographic (Automatic Multiplier)",D43="Homeless Demographic & PDC",D43="Homeless Demographic (Automatic Multiplier)",D43="High Utilizer Demographic (Automatic Multiplier)"),1,"")
B44: =IFERROR(HLOOKUP(IFERROR(VLOOKUP(1,Identify,2)&IF(OR($D$7="Broward",$D$7="Miami-Dade",$D$7="Palm Beach"),"SF","")," "),MultiplierNumbers,2+COUNTA(D$40:D43))," ") | D44: =IFERROR(HLOOKUP(IFERROR(VLOOKUP(1,Identify,2)&IF(OR($D$7="Broward",$D$7="Miami-Dade",$D$7="Palm Beach"),"SF","")," "),MultiplierNames,2+COUNTA(D$40:D43))," ") | W44: =IF(OR(D44="DD Demo. in a Large Dev.",D44="PSN Demographic multiplier",D44="Homeless Demographic (Automatic Multiplier)",D44="Homeless Demographic & PDC",D44="Homeless Demographic (Automatic Multiplier)",D44="High Utilizer Demographic (Automatic Multiplier)"),1,"")
B45: =IFERROR(HLOOKUP(IFERROR(VLOOKUP(1,Identify,2)&IF(OR($D$7="Broward",$D$7="Miami-Dade",$D$7="Palm Beach"),"SF","")," "),MultiplierNumbers,2+COUNTA(D$40:D44))," ") | D45: =IFERROR(HLOOKUP(IFERROR(VLOOKUP(1,Identify,2)&IF(OR($D$7="Broward",$D$7="Miami-Dade",$D$7="Palm Beach"),"SF","")," "),MultiplierNames,2+COUNTA(D$40:D44))," ") | W45: =IF(OR(D45="DD Demo. in a Large Dev.",D45="PSN Demographic multiplier",D45="Homeless Demographic (Automatic Multiplier)",D45="Homeless Demographic & PDC",D45="Homeless Demographic (Automatic Multiplier)",D45="High Utilizer Demographic (Automatic Multiplier)"),1,"")
B46: =IFERROR(HLOOKUP(IFERROR(VLOOKUP(1,Identify,2)&IF(OR($D$7="Broward",$D$7="Miami-Dade",$D$7="Palm Beach"),"SF","")," "),MultiplierNumbers,2+COUNTA(D$40:D45))," ") | D46: =IFERROR(HLOOKUP(IFERROR(VLOOKUP(1,Identify,2)&IF(OR($D$7="Broward",$D$7="Miami-Dade",$D$7="Palm Beach"),"SF","")," "),MultiplierNames,2+COUNTA(D$40:D45))," ") | G46: NC: (f) = { [ (a) / 75% ] + (c) } / (d) * [ 1 + (e) ] | W46: =IF(OR(D46="DD Demo. in a Large Dev.",D46="PSN Demographic multiplier",D46="Homeless Demographic (Automatic Multiplier)",D46="Homeless Demographic & PDC",D46="Homeless Demographic (Automatic Multiplier)",D46="High Utilizer Demographic (Automatic Multiplier)"),1,"")
B47: =IFERROR(HLOOKUP(IFERROR(VLOOKUP(1,Identify,2)&IF(OR($D$7="Broward",$D$7="Miami-Dade",$D$7="Palm Beach"),"SF","")," "),MultiplierNumbers,2+COUNTA(D$40:D46))," ") | D47: =IFERROR(HLOOKUP(IFERROR(VLOOKUP(1,Identify,2)&IF(OR($D$7="Broward",$D$7="Miami-Dade",$D$7="Palm Beach"),"SF","")," "),MultiplierNames,2+COUNTA(D$40:D46))," ") | G47: Rehab (prior to 2026/2027 RFA Cycle): (f) = { [ (a) / 75% ] + (c) } / (d) * [ 1 + (e) ]
G48: Rehab (starting 2026/2027 RFA Cycle): (f) = { [ (a) / 70% ] + (c) } / (d) * [ 1 + (e) ] | AA48: Need to hide or delete eventually
B49: Enter the number of Units for the Development Type (if there are multiple development types, # of units should be entered on each line accordingly) | E49: (a) | F49: (b) | G49: (c) | H49: (d) | I49: (e) | J49: (f) | AA49: Prorata Distribution | AB49: Unit Values | AC49: TDC Rank | AD49: Combo # | AE49: Rank
E50: Hard Cost Factor Per Unit | F50: Maximum of Hard & Soft Costs PU | G50: ="Add-On"&IF(SUM(C36:C38)>1,"s","") -> Add-On | H50: ="Multiplier"&IF(SUM(C41:C47)>1,"s","") -> Multiplier | I50: Escalation Factor | J50: Max Non-Acquisition Development Cost for Developer Fee | K50: Hard | L50: Soft | AA50: of Multiple Dev Types | AB50: =COUNTIF(AB51:AB57,MAX(AB51:AB57)) -> 7 | AC50: =COUNTIF(AB51:AB57,">0") -> 0 | AE50: =IFERROR(RANK(AD50,AD$51:AD$57,0),8) -> 8
B51: =IF(AND(N(C51)>0,OR(RIGHT(D51,4)="(NC)",RIGHT(D51,3)="NC ")),"NC",IF(AND(N(C51)>0,OR(RIGHT(D51,7)="(Rehab)",RIGHT(D51,5)="Rehab")),"Rehab","")) | D51: =IFERROR(HLOOKUP(IFERROR(VLOOKUP(1,Identify,2)&IF(OR($D$7="Broward",$D$7="Miami-Dade",$D$7="Palm Beach"),"SF","")," "),Types,2+COUNTA($D$50:$D50))," ") | E51: =IFERROR(HLOOKUP(IFERROR(VLOOKUP(1,Identify,2)&IF(OR($D$7="Broward",$D$7="Miami-Dade",$D$7="Palm Beach"),"SF","")," "),Base01,2+COUNTA($D$50:$D50))," ") | F51: =IFERROR(E51/IFERROR(HLOOKUP(IFERROR(VLOOKUP(1,Identify,2)," "),SoftCostMultiplier,2+COUNTA(D$50:$D50))," "),"") | G51: =IF(($C$36=1),$B$36,0)+IF(($C$37=1),$B$37,0)+IF(($C$38=1),$B$38,0) -> 0 | H51: =IF(($C$41=1),$B$41,1)*IF(($C$42=1),$B$42,1)*IF(($C$43=1),$B$43,1)*IF(($C$44=1),$B$44,1)*IF(($C$45=1),$B$45,1)*IF(($C$46=1),$B$46,1)*IF(($C$47=1),$B$47,1) -> 1 | I51: =IFERROR(HLOOKUP(IFERROR(VLOOKUP(1,Identify,2)&IF(OR($D$7="Broward",$D$7="Miami-Dade",$D$7="Palm Beach"),"SF","")," "),EscalationFactor,2+COUNTA($D$50:$D50))," ") | J51: =ROUND((N(F51)+N(G51))/IF(N(H51)=0,1,N(H51))*(1+N(I51)),2) -> 0 | K51: =IF(AND(IFERROR(VALUE(LEFT(VLOOKUP(1,Identify,3),4)),0)>=2026,OR(AND($D$36="Tax-Exempt Bonds Boost",$C$36>0),AND($D$37="Tax-Exempt Bonds Boost",$C$37>0))),IF(C51>0,(1+I51)*E51/H51,""),"") | L51: =IF(K51="","",J51-K51) | AA51: =IF(C$58=0,"",IF(AD61*C51/C$58<1,"",AD61*C51/C$58)) | AB51: =N(C51) -> 0 | AC51: =IF(AND(AB$50=AC$50,AB$50>1),RANK(E51,E$51:E$57),RANK(AB51,AB$51:AB$57)) -> 1 | AD51: =IF(N(AB51)+(8-N(AC51))/10<1,"",N(AB51)+(8-N(AC51))/10) | AE51: =IFERROR(RANK(AD51,AD$51:AD$57,0),8) -> 8
B52: =IF(AND(N(C52)>0,OR(RIGHT(D52,4)="(NC)",RIGHT(D52,3)="NC ")),"NC",IF(AND(N(C52)>0,OR(RIGHT(D52,7)="(Rehab)",RIGHT(D52,5)="Rehab")),"Rehab","")) | D52: =IFERROR(HLOOKUP(IFERROR(VLOOKUP(1,Identify,2)&IF(OR($D$7="Broward",$D$7="Miami-Dade",$D$7="Palm Beach"),"SF","")," "),Types,2+COUNTA($D$50:$D51))," ") | E52: =IFERROR(HLOOKUP(IFERROR(VLOOKUP(1,Identify,2)&IF(OR($D$7="Broward",$D$7="Miami-Dade",$D$7="Palm Beach"),"SF","")," "),Base01,2+COUNTA($D$50:$D51))," ") | F52: =IFERROR(E52/IFERROR(HLOOKUP(IFERROR(VLOOKUP(1,Identify,2)," "),SoftCostMultiplier,2+COUNTA(D$50:$D51))," "),"") | G52: =IF(($C$36=1),$B$36,0)+IF(($C$37=1),$B$37,0)+IF(($C$38=1),$B$38,0) -> 0 | H52: =IF(($C$41=1),$B$41,1)*IF(($C$42=1),$B$42,1)*IF(($C$43=1),$B$43,1)*IF(($C$44=1),$B$44,1)*IF(($C$45=1),$B$45,1)*IF(($C$46=1),$B$46,1)*IF(($C$47=1),$B$47,1) -> 1 | I52: =IFERROR(HLOOKUP(IFERROR(VLOOKUP(1,Identify,2)&IF(OR($D$7="Broward",$D$7="Miami-Dade",$D$7="Palm Beach"),"SF","")," "),EscalationFactor,2+COUNTA($D$50:$D51))," ") | J52: =ROUND((N(F52)+N(G52))/IF(N(H52)=0,1,N(H52))*(1+N(I52)),2) -> 0 | K52: =IF(AND(IFERROR(VALUE(LEFT(VLOOKUP(1,Identify,3),4)),0)>=2026,OR(AND($D$36="Tax-Exempt Bonds Boost",$C$36>0),AND($D$37="Tax-Exempt Bonds Boost",$C$37>0))),IF(C52>0,(1+I52)*E52/H52,""),"") | L52: =IF(K52="","",J52-K52) | AA52: =IF(C$58=0,"",IF(#REF!*C52/C$58<1,"",#REF!*C52/C$58)) | AB52: =N(C52) -> 0 | AC52: =IF(AND(AB$50=AC$50,AB$50>1),IFERROR(RANK(E52,E$51:E$57),""),IFERROR(RANK(AB52,AB$51:AB$57),"")) -> 1 | AD52: =IF(N(AB52)+(8-N(AC52))/10<1,"",N(AB52)+(8-N(AC52))/10) | AE52: =IFERROR(RANK(AD52,AD$51:AD$57,0),8) -> 8
B53: =IF(AND(N(C53)>0,OR(RIGHT(D53,4)="(NC)",RIGHT(D53,3)="NC ")),"NC",IF(AND(N(C53)>0,OR(RIGHT(D53,7)="(Rehab)",RIGHT(D53,5)="Rehab")),"Rehab","")) | D53: =IFERROR(HLOOKUP(IFERROR(VLOOKUP(1,Identify,2)&IF(OR($D$7="Broward",$D$7="Miami-Dade",$D$7="Palm Beach"),"SF","")," "),Types,2+COUNTA($D$50:$D52))," ") | E53: =IFERROR(HLOOKUP(IFERROR(VLOOKUP(1,Identify,2)&IF(OR($D$7="Broward",$D$7="Miami-Dade",$D$7="Palm Beach"),"SF","")," "),Base01,2+COUNTA($D$50:$D52))," ") | F53: =IFERROR(E53/IFERROR(HLOOKUP(IFERROR(VLOOKUP(1,Identify,2)," "),SoftCostMultiplier,2+COUNTA(D$50:$D52))," "),"") | G53: =IF(($C$36=1),$B$36,0)+IF(($C$37=1),$B$37,0)+IF(($C$38=1),$B$38,0) -> 0 | H53: =IF(($C$41=1),$B$41,1)*IF(($C$42=1),$B$42,1)*IF(($C$43=1),$B$43,1)*IF(($C$44=1),$B$44,1)*IF(($C$45=1),$B$45,1)*IF(($C$46=1),$B$46,1)*IF(($C$47=1),$B$47,1) -> 1 | I53: =IFERROR(HLOOKUP(IFERROR(VLOOKUP(1,Identify,2)&IF(OR($D$7="Broward",$D$7="Miami-Dade",$D$7="Palm Beach"),"SF","")," "),EscalationFactor,2+COUNTA($D$50:$D52))," ") | J53: =ROUND((N(F53)+N(G53))/IF(N(H53)=0,1,N(H53))*(1+N(I53)),2) -> 0 | K53: =IF(AND(IFERROR(VALUE(LEFT(VLOOKUP(1,Identify,3),4)),0)>=2026,OR(AND($D$36="Tax-Exempt Bonds Boost",$C$36>0),AND($D$37="Tax-Exempt Bonds Boost",$C$37>0))),IF(C53>0,(1+I53)*E53/H53,""),"") | L53: =IF(K53="","",J53-K53) | AA53: =IF(C$58=0,"",IF(#REF!*C53/C$58<1,"",#REF!*C53/C$58)) | AB53: =N(C53) -> 0 | AC53: =IF(AND(AB$50=AC$50,AB$50>1),IFERROR(RANK(E53,E$51:E$57),""),IFERROR(RANK(AB53,AB$51:AB$57),"")) -> 1 | AD53: =IF(N(AB53)+(8-N(AC53))/10<1,"",N(AB53)+(8-N(AC53))/10) | AE53: =IFERROR(RANK(AD53,AD$51:AD$57,0),8) -> 8
B54: =IF(AND(N(C54)>0,OR(RIGHT(D54,4)="(NC)",RIGHT(D54,3)="NC ")),"NC",IF(AND(N(C54)>0,OR(RIGHT(D54,7)="(Rehab)",RIGHT(D54,5)="Rehab")),"Rehab","")) | D54: =IFERROR(HLOOKUP(IFERROR(VLOOKUP(1,Identify,2)&IF(OR($D$7="Broward",$D$7="Miami-Dade",$D$7="Palm Beach"),"SF","")," "),Types,2+COUNTA($D$50:$D53))," ") | E54: =IFERROR(HLOOKUP(IFERROR(VLOOKUP(1,Identify,2)&IF(OR($D$7="Broward",$D$7="Miami-Dade",$D$7="Palm Beach"),"SF","")," "),Base01,2+COUNTA($D$50:$D53))," ") | F54: =IFERROR(E54/IFERROR(HLOOKUP(IFERROR(VLOOKUP(1,Identify,2)," "),SoftCostMultiplier,2+COUNTA(D$50:$D53))," "),"") | G54: =IF(($C$36=1),$B$36,0)+IF(($C$37=1),$B$37,0)+IF(($C$38=1),$B$38,0) -> 0 | H54: =IF(($C$41=1),$B$41,1)*IF(($C$42=1),$B$42,1)*IF(($C$43=1),$B$43,1)*IF(($C$44=1),$B$44,1)*IF(($C$45=1),$B$45,1)*IF(($C$46=1),$B$46,1)*IF(($C$47=1),$B$47,1) -> 1 | I54: =IFERROR(HLOOKUP(IFERROR(VLOOKUP(1,Identify,2)&IF(OR($D$7="Broward",$D$7="Miami-Dade",$D$7="Palm Beach"),"SF","")," "),EscalationFactor,2+COUNTA($D$50:$D53))," ") | J54: =ROUND((N(F54)+N(G54))/IF(N(H54)=0,1,N(H54))*(1+N(I54)),2) -> 0 | K54: =IF(AND(IFERROR(VALUE(LEFT(VLOOKUP(1,Identify,3),4)),0)>=2026,OR(AND($D$36="Tax-Exempt Bonds Boost",$C$36>0),AND($D$37="Tax-Exempt Bonds Boost",$C$37>0))),IF(C54>0,(1+I54)*E54/H54,""),"") | L54: =IF(K54="","",J54-K54) | AA54: =IF(C$58=0,"",IF(#REF!*C54/C$58<1,"",#REF!*C54/C$58)) | AB54: =N(C54) -> 0 | AC54: =IF(AND(AB$50=AC$50,AB$50>1),IFERROR(RANK(E54,E$51:E$57),""),IFERROR(RANK(AB54,AB$51:AB$57),"")) -> 1 | AD54: =IF(N(AB54)+(8-N(AC54))/10<1,"",N(AB54)+(8-N(AC54))/10) | AE54: =IFERROR(RANK(AD54,AD$51:AD$57,0),8) -> 8
B55: =IF(AND(N(C55)>0,OR(RIGHT(D55,4)="(NC)",RIGHT(D55,3)="NC ")),"NC",IF(AND(N(C55)>0,OR(RIGHT(D55,7)="(Rehab)",RIGHT(D55,5)="Rehab")),"Rehab","")) | D55: =IFERROR(HLOOKUP(IFERROR(VLOOKUP(1,Identify,2)&IF(OR($D$7="Broward",$D$7="Miami-Dade",$D$7="Palm Beach"),"SF","")," "),Types,2+COUNTA($D$50:$D54))," ") | E55: =IFERROR(HLOOKUP(IFERROR(VLOOKUP(1,Identify,2)&IF(OR($D$7="Broward",$D$7="Miami-Dade",$D$7="Palm Beach"),"SF","")," "),Base01,2+COUNTA($D$50:$D54))," ") | F55: =IFERROR(E55/IFERROR(HLOOKUP(IFERROR(VLOOKUP(1,Identify,2)," "),SoftCostMultiplier,2+COUNTA(D$50:$D54))," "),"") | G55: =IF(($C$36=1),$B$36,0)+IF(($C$37=1),$B$37,0)+IF(($C$38=1),$B$38,0) -> 0 | H55: =IF(($C$41=1),$B$41,1)*IF(($C$42=1),$B$42,1)*IF(($C$43=1),$B$43,1)*IF(($C$44=1),$B$44,1)*IF(($C$45=1),$B$45,1)*IF(($C$46=1),$B$46,1)*IF(($C$47=1),$B$47,1) -> 1 | I55: =IFERROR(HLOOKUP(IFERROR(VLOOKUP(1,Identify,2)&IF(OR($D$7="Broward",$D$7="Miami-Dade",$D$7="Palm Beach"),"SF","")," "),EscalationFactor,2+COUNTA($D$50:$D54))," ") | J55: =ROUND((N(F55)+N(G55))/IF(N(H55)=0,1,N(H55))*(1+N(I55)),2) -> 0 | K55: =IF(AND(IFERROR(VALUE(LEFT(VLOOKUP(1,Identify,3),4)),0)>=2026,OR(AND($D$36="Tax-Exempt Bonds Boost",$C$36>0),AND($D$37="Tax-Exempt Bonds Boost",$C$37>0))),IF(C55>0,(1+I55)*E55/H55,""),"") | L55: =IF(K55="","",J55-K55) | AA55: =IF(C$58=0,"",IF(#REF!*C55/C$58<1,"",#REF!*C55/C$58)) | AB55: =N(C55) -> 0 | AC55: =IF(AND(AB$50=AC$50,AB$50>1),IFERROR(RANK(E55,E$51:E$57),""),IFERROR(RANK(AB55,AB$51:AB$57),"")) -> 1 | AD55: =IF(N(AB55)+(8-N(AC55))/10<1,"",N(AB55)+(8-N(AC55))/10) | AE55: =IFERROR(RANK(AD55,AD$51:AD$57,0),8) -> 8
B56: =IF(AND(N(C56)>0,OR(RIGHT(D56,4)="(NC)",RIGHT(D56,3)="NC ")),"NC",IF(AND(N(C56)>0,OR(RIGHT(D56,7)="(Rehab)",RIGHT(D56,5)="Rehab")),"Rehab","")) | D56: =IFERROR(HLOOKUP(IFERROR(VLOOKUP(1,Identify,2)&IF(OR($D$7="Broward",$D$7="Miami-Dade",$D$7="Palm Beach"),"SF","")," "),Types,2+COUNTA($D$50:$D55))," ") | E56: =IFERROR(HLOOKUP(IFERROR(VLOOKUP(1,Identify,2)&IF(OR($D$7="Broward",$D$7="Miami-Dade",$D$7="Palm Beach"),"SF","")," "),Base01,2+COUNTA($D$50:$D55))," ") | F56: =IFERROR(E56/IFERROR(HLOOKUP(IFERROR(VLOOKUP(1,Identify,2)," "),SoftCostMultiplier,2+COUNTA(D$50:$D55))," "),"") | G56: =IF(($C$36=1),$B$36,0)+IF(($C$37=1),$B$37,0)+IF(($C$38=1),$B$38,0) -> 0 | H56: =IF(($C$41=1),$B$41,1)*IF(($C$42=1),$B$42,1)*IF(($C$43=1),$B$43,1)*IF(($C$44=1),$B$44,1)*IF(($C$45=1),$B$45,1)*IF(($C$46=1),$B$46,1)*IF(($C$47=1),$B$47,1) -> 1 | I56: =IFERROR(HLOOKUP(IFERROR(VLOOKUP(1,Identify,2)&IF(OR($D$7="Broward",$D$7="Miami-Dade",$D$7="Palm Beach"),"SF","")," "),EscalationFactor,2+COUNTA($D$50:$D55))," ") | J56: =ROUND((N(F56)+N(G56))/IF(N(H56)=0,1,N(H56))*(1+N(I56)),2) -> 0 | K56: =IF(AND(IFERROR(VALUE(LEFT(VLOOKUP(1,Identify,3),4)),0)>=2026,OR(AND($D$36="Tax-Exempt Bonds Boost",$C$36>0),AND($D$37="Tax-Exempt Bonds Boost",$C$37>0))),IF(C56>0,(1+I56)*E56/H56,""),"") | L56: =IF(K56="","",J56-K56) | AA56: =IF(C$58=0,"",IF(#REF!*C56/C$58<1,"",#REF!*C56/C$58)) | AB56: =N(C56) -> 0 | AC56: =IF(AND(AB$50=AC$50,AB$50>1),IFERROR(RANK(E56,E$51:E$57),""),IFERROR(RANK(AB56,AB$51:AB$57),"")) -> 1 | AD56: =IF(N(AB56)+(8-N(AC56))/10<1,"",N(AB56)+(8-N(AC56))/10) | AE56: =IFERROR(RANK(AD56,AD$51:AD$57,0),8) -> 8
B57: =IF(AND(N(C57)>0,OR(RIGHT(D57,4)="(NC)",RIGHT(D57,3)="NC ")),"NC",IF(AND(N(C57)>0,OR(RIGHT(D57,7)="(Rehab)",RIGHT(D57,5)="Rehab")),"Rehab","")) | D57: =IFERROR(HLOOKUP(IFERROR(VLOOKUP(1,Identify,2)&IF(OR($D$7="Broward",$D$7="Miami-Dade",$D$7="Palm Beach"),"SF","")," "),Types,2+COUNTA($D$50:$D56))," ") | E57: =IFERROR(HLOOKUP(IFERROR(VLOOKUP(1,Identify,2)&IF(OR($D$7="Broward",$D$7="Miami-Dade",$D$7="Palm Beach"),"SF","")," "),Base01,2+COUNTA($D$50:$D56))," ") | F57: =IFERROR(E57/IFERROR(HLOOKUP(IFERROR(VLOOKUP(1,Identify,2)," "),SoftCostMultiplier,2+COUNTA(D$50:$D56))," "),"") | G57: =IF(($C$36=1),$B$36,0)+IF(($C$37=1),$B$37,0)+IF(($C$38=1),$B$38,0) -> 0 | H57: =IF(($C$41=1),$B$41,1)*IF(($C$42=1),$B$42,1)*IF(($C$43=1),$B$43,1)*IF(($C$44=1),$B$44,1)*IF(($C$45=1),$B$45,1)*IF(($C$46=1),$B$46,1)*IF(($C$47=1),$B$47,1) -> 1 | I57: =IFERROR(HLOOKUP(IFERROR(VLOOKUP(1,Identify,2)&IF(OR($D$7="Broward",$D$7="Miami-Dade",$D$7="Palm Beach"),"SF","")," "),EscalationFactor,2+COUNTA($D$50:$D56))," ") | J57: =ROUND((N(F57)+N(G57))/IF(N(H57)=0,1,N(H57))*(1+N(I57)),2) -> 0 | K57: =IF(AND(IFERROR(VALUE(LEFT(VLOOKUP(1,Identify,3),4)),0)>=2026,OR(AND($D$36="Tax-Exempt Bonds Boost",$C$36>0),AND($D$37="Tax-Exempt Bonds Boost",$C$37>0))),IF(C57>0,(1+I57)*E57/H57,""),"") | L57: =IF(K57="","",J57-K57) | AA57: =IF(C$58=0,"",IF(#REF!*C57/C$58<1,"",#REF!*C57/C$58)) | AB57: =N(C57) -> 0 | AC57: =IF(AND(AB$50=AC$50,AB$50>1),IFERROR(RANK(E57,E$51:E$57),""),IFERROR(RANK(AB57,AB$51:AB$57),"")) -> 1 | AD57: =IF(N(AB57)+(8-N(AC57))/10<1,"",N(AB57)+(8-N(AC57))/10) | AE57: =IFERROR(RANK(AD57,AD$51:AD$57,0),8) -> 8
B58: Total Units | C58: =SUM(C51:C57) -> 0 | I58: Maximum Non-Acquisition Dev Costs for Developer Fee PU | J58: =IF($C58=0,0,SUMPRODUCT($J$51:$J$57,$C$51:$C$57)/$C58) -> 0 | K58: =IFERROR((IF($B$51="NC",$C$51*K$51,0)+IF($B$52="NC",$C$52*K$52,0)+IF($B$53="NC",$C$53*K$53,0)+IF($B$54="NC",$C$54*K$54,0)+IF($B$55="NC",$C$55*K$55,0)+IF($B$56="NC",$C$56*K$56,0)+IF($B$57="NC",$C$57*K$57,0))/SUMIF($B$51:$B$57,"=NC",$C$51:$C$57),"") | L58: =IFERROR((IF($B$51="NC",$C$51*L$51,0)+IF($B$52="NC",$C$52*L$52,0)+IF($B$53="NC",$C$53*L$53,0)+IF($B$54="NC",$C$54*L$54,0)+IF($B$55="NC",$C$55*L$55,0)+IF($B$56="NC",$C$56*L$56,0)+IF($B$57="NC",$C$57*L$57,0))/SUMIF($B$51:$B$57,"=NC",$C$51:$C$57),"") | M58: =IF(AND(SUMIF($B$51:$B$57,"=NC",C51:C57)>0,IFERROR(VALUE(LEFT(VLOOKUP(1,Identify,3),4)),0)>=2026,OR(AND($D$36="Tax-Exempt Bonds Boost",$C$36>0),AND($D$37="Tax-Exempt Bonds Boost",$C$37>0))),"NC Components","")
K59: =IFERROR((IF($B$51="REHAB",$C$51*K$51,0)+IF($B$52="REHAB",$C$52*K$52,0)+IF($B$53="REHAB",$C$53*K$53,0)+IF($B$54="REHAB",$C$54*K$54,0)+IF($B$55="REHAB",$C$55*K$55,0)+IF($B$56="REHAB",$C$56*K$56,0)+IF($B$57="REHAB",$C$57*K$57,0))/SUMIF($B$51:$B$57,"=REHAB",$C$51:$C$57),"") | L59: =IFERROR((IF($B$51="REHAB",$C$51*L$51,0)+IF($B$52="REHAB",$C$52*L$52,0)+IF($B$53="REHAB",$C$53*L$53,0)+IF($B$54="REHAB",$C$54*L$54,0)+IF($B$55="REHAB",$C$55*L$55,0)+IF($B$56="REHAB",$C$56*L$56,0)+IF($B$57="REHAB",$C$57*L$57,0))/SUMIF($B$51:$B$57,"=REHAB",$C$51:$C$57),"") | M59: =IF(AND(SUMIF($B$51:$B$57,"=REHAB",C51:C57)>0,IFERROR(VALUE(LEFT(VLOOKUP(1,Identify,3),4)),0)>=2026,OR(AND($D$36="Tax-Exempt Bonds Boost",$C$36>0),AND($D$37="Tax-Exempt Bonds Boost",$C$37>0))),"Rehab Components","") | AA59: (b) | AB59: (c) | AC59: (d) | AD59: (e)
AA60: Add-On | AB60: Multiplier | AC60: Escalation Factor | AD60: All-In Limit
AA61: =IF(OR($C$36=1,$W$36=1),$B$36,0)+IF(OR($C$37=1,$W$37=1),$B$37,0)+IF(OR($C$38=1,$W$38=1),$B$38,0) -> 0 | AB61: =IF(OR($C$41=1,$W$41=1),$B$41,1)*IF(OR($C$42=1,$W$42=1),$B$42,1)*IF(OR($C$43=1,$W$43=1),$B$43,1)*IF(OR($C$44=1,$W$44=1),$B$44,1)*IF(OR($C$45=1,$W$45=1),$B$45,1)*IF(OR($C$46=1,$W$46=1),$B$46,1) -> 1 | AC61: =IFERROR(HLOOKUP((VLOOKUP(1,Identify,2)&IF(OR($D$7="Broward","Miami-Dade","Palm Beach"),"SF","")),EscalationFactor,1+COUNTA(B$49:B49))," ") | AD61: =ROUND((N(E51)+N(AA61))/IF(N(AB61)=0,1,N(AB61))*(1+N(AC61)),2) -> 0

Sheet Data
L1: Peach = Actual; Blue = Draft; Yellow = TBD | AF1: **ALL RFA YYYY-NNN headers must have 2 spaces in front of the R. | DU1: May be an ITP | DV1: May be an ITP - also 217 is in question ITP or RFA?
C2: RFAs | Z2: **Yellow means RFA not issued yet - info taken from past year(s) - need to verify info | AQ2: Confirm once issued | AR2: Confirm once issued | DK2: 9.15.26 draft | DL2: 9.15.26 draft | DQ2: 9.18.26 draft | DR2: 9.18.26 draft | DS2: 9.30.26 draft | DT2: 9.30.26 draft | DW2: 9.17.26 draft | DX2: 9.17.26 draft | DY2: 9.10.26 draft | DZ2: 9.10.26 draft
A3: <select from menu> | I3: RFA 2027-103 | J3: RFA 2026-102 | K3: RFA 2025-102 | L3: RFA 2024-102 | M3: RFA 2023-102 - This TDC Template does not apply to this RFA | O3: AddOns | P3: RFA 2023-102 | Q3: RFA 2023-102SF | R3: RFA 2023-103 | S3: RFA 2023-103SF | T3: RFA 2023-104 | U3: RFA 2023-104SF | V3: RFA 2023-105 | W3: RFA 2023-106 | X3: RFA 2023-106SF | Y3: RFA 2023-108 | Z3: RFA 2023-201 | AA3: RFA 2023-202 | AB3: RFA 2023-202SF | AC3: RFA 2023-203SF | AD3: RFA 2023-204 | AE3: RFA 2023-204SF | AF3: RFA 2023-205 | AG3: RFA 2023-205SF | AH3: RFA 2023-211 | AI3: RFA 2023-212 | AJ3: RFA 2023-213 | AK3: RFA 2023-213SF | AL3: RFA 2023-304 | AM3: RFA 2024-102 | AN3: RFA 2024-102SF | AO3: RFA 2024-103 | AP3: RFA 2024-103SF | AQ3: RFA 2024-104 | AR3: RFA 2024-104SF | AS3: RFA 2024-105 | AT3: RFA 2024-106 | AU3: RFA 2024-106SF | AV3: RFA 2024-201 | AW3: RFA 2024-202 | AX3: RFA 2024-202SF | AY3: RFA 2024-203 | AZ3: RFA 2024-204 | BA3: RFA 2024-204SF | BB3: RFA 2024-205 | BC3: RFA 2024-205SF | BD3: RFA 2024-206 | BE3: RFA 2024-206SF | BF3: RFA 2024-213 | BG3: RFA 2024-213SF | BH3: RFA 2024-214 | BI3: RFA 2024-214SF | BJ3: RFA 2024-215 | BK3: RFA 2024-215SF | BL3: RFA 2024-216 | BM3: RFA 2024-216SF | BN3: RFA 2024-305 | BO3: RFA 2024-305SF | BP3: RFA 2024-306 | BQ3: RFA 2024-306SF | BR3: RFA 2025-102 | BS3: RFA 2025-102SF | BT3: RFA 2025-103 | BU3: RFA 2025-103SF | BV3: RFA 2025-104 | BW3: RFA 2025-104SF | BX3: RFA 2025-106 | BY3: RFA 2025-106SF | BZ3: RFA 2025-108 | CA3: RFA 2025-108SF | CB3: RFA 2025-201 | CC3: RFA 2025-202 | CD3: RFA 2025-202SF | CE3: RFA 2025-203 | CF3: RFA 2025-204 | CG3: RFA 2025-204SF | CH3: RFA 2025-205 | CI3: RFA 2025-205SF | CJ3: RFA 2025-206 | CK3: RFA 2025-206SF | CL3: RFA 2025-212 | CM3: RFA 2025-212SF | CN3: RFA 2025-213 | CO3: RFA 2025-213SF | CP3: RFA 2025-214 | CQ3: RFA 2025-214SF | CR3: RFA 2025-215 | CS3: RFA 2025-215SF | CT3: RFA 2025-216 | CU3: RFA 2025-216SF | CV3: RFA 2026-102 | CW3: RFA 2026-102SF | CX3: RFA 2026-103 | CY3: RFA 2026-103SF | CZ3: RFA 2026-104 | DA3: RFA 2026-104SF | DB3: RFA 2026-105 | DC3: RFA 2026-106 | DD3: RFA 2026-106SF | DE3: RFA 2026-108 | DF3: RFA 2026-108SF | DG3: RFA 2026-201 | DH3: RFA 2026-202 | DI3: RFA 2026-202SF | DJ3: RFA 2026-203 | DK3: RFA 2026-204 | DL3: RFA 2026-204SF | DM3: RFA 2026-205 | DN3: RFA 2026-205SF | DO3: RFA 2026-206 | DP3: RFA 2026-206SF | DQ3: RFA 2026-212 | DR3: RFA 2026-212SF | DS3: RFA 2026-216 | DT3: RFA 2026-216SF | DU3: RFA 2026-218 | DV3: RFA 2026-218SF | DW3: RFA 2027-103 | DX3: RFA 2027-103SF | DY3: RFA 2027-106 | DZ3: RFA 2027-106SF
A4: 2023 | I4: RFA 2027-106 | J4: RFA 2026-103 | K4: RFA 2025-103 | L4: RFA 2024-103 | M4: RFA 2023-103 - This TDC Template does not apply to this RFA | Z4: PHA Boost | AA4: PHA Boost | AB4: PHA Boost | AC4: PHA Boost | AD4: PHA Boost | AE4: PHA Boost | AF4: PHA Boost | AG4: PHA Boost | AI4: PHA Boost | AJ4: PHA Boost | AK4: PHA Boost | AM4: PHA Boost | AN4: PHA Boost | AO4: PHA Boost | AP4: PHA Boost | AQ4: PHA Boost | AR4: PHA Boost | AT4: PHA Boost | AU4: PHA Boost | AZ4: Tax-Exempt Bonds Boost | BA4: Tax-Exempt Bonds Boost | BB4: Tax-Exempt Bonds Boost | BC4: Tax-Exempt Bonds Boost | BD4: PHA Boost | BE4: PHA Boost | BF4: Tax-Exempt Bonds Boost | BG4: Tax-Exempt Bonds Boost | BH4: PHA Boost | BI4: PHA Boost | BJ4: Tax-Exempt Bonds Boost | BK4: Tax-Exempt Bonds Boost | BL4: Tax-Exempt Bonds Boost | BM4: Tax-Exempt Bonds Boost | BN4: PHA/Davis Bacon Boost | BO4: PHA/Davis Bacon Boost | BP4: Tax-Exempt Bonds Boost | BQ4: Tax-Exempt Bonds Boost | CF4: Tax-Exempt Bonds Boost | CG4: Tax-Exempt Bonds Boost | CH4: Tax-Exempt Bonds Boost | CI4: Tax-Exempt Bonds Boost | CN4: Tax-Exempt Bonds Boost | CO4: Tax-Exempt Bonds Boost | CP4: Tax-Exempt Bonds Boost | CQ4: Tax-Exempt Bonds Boost | CR4: Tax-Exempt Bonds Boost | CS4: Tax-Exempt Bonds Boost | CT4: Tax-Exempt Bonds Boost | CU4: Tax-Exempt Bonds Boost | DK4: Tax-Exempt Bonds Boost | DL4: Tax-Exempt Bonds Boost | DM4: Tax-Exempt Bonds Boost | DN4: Tax-Exempt Bonds Boost | DS4: Tax-Exempt Bonds Boost | DT4: Tax-Exempt Bonds Boost | DU4: TBD | DV4: TBD
A5: 2024 | J5: RFA 2026-104 | K5: RFA 2025-104 | L5: RFA 2024-104 | M5: RFA 2023-104 - This TDC Template does not apply to this RFA | Z5: Tax-Exempt Bonds Boost | AA5: Tax-Exempt Bonds Boost | AB5: Tax-Exempt Bonds Boost | AC5: Tax-Exempt Bonds Boost | AD5: Tax-Exempt Bonds Boost | AE5: Tax-Exempt Bonds Boost | AF5: Tax-Exempt Bonds Boost | AG5: Tax-Exempt Bonds Boost | AI5: Tax-Exempt Bonds Boost | AJ5: Tax-Exempt Bonds Boost | AK5: Tax-Exempt Bonds Boost | BD5: Tax-Exempt Bonds Boost | BE5: Tax-Exempt Bonds Boost | BH5: Tax-Exempt Bonds Boost | BI5: Tax-Exempt Bonds Boost | BN5: Tax-Exempt Bonds Boost | BO5: Tax-Exempt Bonds Boost
A6: 2025 | J6: RFA 2026-105 | K6: RFA 2025-106 | L6: RFA 2024-105 | M6: RFA 2023-105 - This TDC Template does not apply to this RFA | EG6: Hard Cost Per Unit Factor:
A7: 2026 | J7: RFA 2026-106 | K7: RFA 2025-108 | L7: RFA 2024-106 | M7: RFA 2023-106 - This TDC Template does not apply to this RFA | O7: AddOns2 | P7: =$P$3 -> RFA 2023-102 | Q7: =$Q$3 -> RFA 2023-102SF | R7: =$R$3 -> RFA 2023-103 | S7: =$S$3 -> RFA 2023-103SF | T7: =$T$3 -> RFA 2023-104 | U7: =$U$3 -> RFA 2023-104SF | V7: =$V$3 -> RFA 2023-105 | W7: =$W$3 -> RFA 2023-106 | X7: =$X$3 -> RFA 2023-106SF | Y7: =$Y$3 -> RFA 2023-108 | Z7: =$Z$3 -> RFA 2023-201 | AA7: =$AA$3 -> RFA 2023-202 | AB7: =$AB$3 -> RFA 2023-202SF | AC7: =$AC$3 -> RFA 2023-203SF | AD7: RFA 2023-204 | AE7: RFA 2023-204SF | AF7: =$AF$3 -> RFA 2023-205 | AG7: =$AG$3 -> RFA 2023-205SF | AH7: =$AH$3 -> RFA 2023-211 | AI7: =$AI$3 -> RFA 2023-212 | AJ7: =$AJ$3 -> RFA 2023-213 | AK7: =AK$3 -> RFA 2023-213SF | AL7: =$AL$3 -> RFA 2023-304 | AM7: =$AM$3 -> RFA 2024-102 | AN7: =$AN$3 -> RFA 2024-102SF | AO7: =$AO$3 -> RFA 2024-103 | AP7: =$AP$3 -> RFA 2024-103SF | AQ7: =$AQ$3 -> RFA 2024-104 | AR7: =$AR$3 -> RFA 2024-104SF | AS7: =$AS$3 -> RFA 2024-105 | AT7: =AT3 -> RFA 2024-106 | AU7: =AU3 -> RFA 2024-106SF | AV7: =AV3 -> RFA 2024-201 | AW7: =AW3 -> RFA 2024-202 | AX7: =AX3 -> RFA 2024-202SF | AY7: =AY3 -> RFA 2024-203 | AZ7: =AZ3 -> RFA 2024-204 | BA7: =BA3 -> RFA 2024-204SF | ... BC7: =BC3 -> RFA 2024-205SF | BD7: =$BD$3 -> RFA 2024-206 | BE7: =BE3 -> RFA 2024-206SF | BF7: =$BF$3 -> RFA 2024-213 | BG7: =$BG$3 -> RFA 2024-213SF | BH7: =BH3 -> RFA 2024-214 | BI7: =BI3 -> RFA 2024-214SF | BJ7: =BJ3 -> RFA 2024-215 | BK7: =BK3 -> RFA 2024-215SF | BL7: =BL3 -> RFA 2024-216 | BM7: =BM3 -> RFA 2024-216SF | BN7: =BN3 -> RFA 2024-305 | BO7: =BO3 -> RFA 2024-305SF | ... BY7: =BY3 -> RFA 2025-106SF | BZ7: =$BZ$3 -> RFA 2025-108 | CA7: =$CA$3 -> RFA 2025-108SF | CB7: =CB3 -> RFA 2025-201 | CC7: =CC3 -> RFA 2025-202 | CD7: =CD3 -> RFA 2025-202SF | CE7: =CE3 -> RFA 2025-203 | CF7: =CF3 -> RFA 2025-204 | CG7: =CG3 -> RFA 2025-204SF | CH7: =CH3 -> RFA 2025-205 | CI7: =CI3 -> RFA 2025-205SF | ... DD7: =DD3 -> RFA 2026-106SF | DE7: =$DE$3 -> RFA 2026-108 | DF7: =$DF$3 -> RFA 2026-108SF | DG7: =DG3 -> RFA 2026-201 | DH7: =DH3 -> RFA 2026-202 | DI7: =DI3 -> RFA 2026-202SF | DJ7: =DJ3 -> RFA 2026-203 | DK7: =DK3 -> RFA 2026-204 | DL7: =DL3 -> RFA 2026-204SF | DM7: RFA 2026-205 | DN7: RFA 2026-205SF | DO7: =DO3 -> RFA 2026-206 | DP7: =DP3 -> RFA 2026-206SF | DQ7: =DQ3 -> RFA 2026-212 | DR7: =DR3 -> RFA 2026-212SF | DS7: =DS3 -> RFA 2026-216 | DT7: =DT3 -> RFA 2026-216SF | DU7: =DU3 -> RFA 2026-218 | DV7: =DV3 -> RFA 2026-218SF | DW7: =$DW$3 -> RFA 2027-103 | DX7: =$DX$3 -> RFA 2027-103SF | DY7: =$DY$3 -> RFA 2027-106 | DZ7: =$DZ$3 -> RFA 2027-106SF | EG7: RFA Cycle | EH7: 2023/2024 | EI7: 2023/2024 | EJ7: 2024/2025 | EK7: 2024/2025 | EL7: 2025/2026 | EM7: 2025/2026 | EN7: 2026/2027 | EO7: 2026/2027
A8: 2027 | J8: RFA 2026-108 | K8: RFA 2025-201 | L8: RFA 2024-201 | M8: RFA 2023-108 - This TDC Template does not apply to this RFA | Z8: 7500 | AA8: 7500 | AB8: 7500 | AC8: 7500 | AD8: 7500 | AE8: 7500 | AF8: 7500 | AG8: 7500 | AI8: 7500 | AJ8: 7500 | AK8: 7500 | AM8: 7500 | AN8: 7500 | AO8: 7500 | AP8: 7500 | AQ8: 7500 | AR8: 7500 | AT8: 7500 | AU8: 7500 | AZ8: 7500 | BA8: 7500 | BB8: 7500 | BC8: 7500 | BD8: 7500 | BE8: 7500 | BF8: 7500 | BG8: 7500 | BH8: 7500 | BI8: 7500 | BJ8: 7500 | BK8: 7500 | BL8: 7500 | BM8: 7500 | BN8: 7500 | BO8: 7500 | BP8: 7500 | BQ8: 7500 | CF8: 7500 | CG8: 7500 | CH8: 7500 | CI8: 7500 | CN8: 7500 | CO8: 7500 | CP8: 7500 | CQ8: 7500 | CR8: 7500 | CS8: 7500 | CT8: 7500 | CU8: 7500 | DK8: 7500 | DL8: 7500 | DM8: 7500 | DN8: 7500 | DS8: 7500 | DT8: 7500 | DU8: TBD | DV8: TBD | EG8: Counties | EH8: Except BMP | EI8: BMP | EJ8: Except BMP | EK8: BMP | EL8: Except BMP | EM8: BMP | EN8: Except BMP | EO8: BMP
J9: RFA 2026-201 | K9: RFA 2025-202 | L9: RFA 2024-202 | M9: RFA 2023-201 | Z9: 7500 | AA9: 7500 | AB9: 7500 | AC9: 7500 | AD9: 7500 | AE9: 7500 | AF9: 7500 | AG9: 7500 | AI9: 7500 | AJ9: 7500 | AK9: 7500 | BD9: 7500 | BE9: 7500 | BH9: 7500 | BI9: 7500 | BN9: 7500 | BO9: 7500 | EG9: Garden-Non ESSC (NC) | EH9: 220000 | EI9: 240000 | EJ9: 233000 | EK9: 258000 | EL9: 247000 | EM9: 275000 | EN9: 256000 | EO9: 284000
J10: RFA 2026-202 | K10: RFA 2025-203 | L10: RFA 2024-203 | M10: RFA 2023-202 | EG10: Garden-ESSC (NC) | EH10: 240000 | EI10: 260000 | EJ10: 258000 | EK10: 283000 | EL10: 275000 | EM10: 300000 | EN10: 284000 | EO10: 312000
J11: RFA 2026-203 | K11: RFA 2025-204 | L11: RFA 2024-204 | M11: RFA 2023-203 | O11: MultiplierNames | P11: =$P$3 -> RFA 2023-102 | Q11: =$Q$3 -> RFA 2023-102SF | R11: =$R$3 -> RFA 2023-103 | S11: =$S$3 -> RFA 2023-103SF | T11: =$T$3 -> RFA 2023-104 | U11: =$U$3 -> RFA 2023-104SF | V11: =$V$3 -> RFA 2023-105 | W11: =$W$3 -> RFA 2023-106 | X11: =$X$3 -> RFA 2023-106SF | Y11: =$Y$3 -> RFA 2023-108 | Z11: =$Z$3 -> RFA 2023-201 | AA11: =$AA$3 -> RFA 2023-202 | AB11: =$AB$3 -> RFA 2023-202SF | AC11: =$AC$3 -> RFA 2023-203SF | AD11: RFA 2023-204 | AE11: RFA 2023-204SF | AF11: =$AF$3 -> RFA 2023-205 | AG11: =$AG$3 -> RFA 2023-205SF | AH11: =$AH$3 -> RFA 2023-211 | AI11: =$AI$3 -> RFA 2023-212 | AJ11: =$AJ$3 -> RFA 2023-213 | AK11: =AK$3 -> RFA 2023-213SF | AL11: =$AL$3 -> RFA 2023-304 | AM11: =$AM$3 -> RFA 2024-102 | AN11: =$AN$3 -> RFA 2024-102SF | AO11: =$AO$3 -> RFA 2024-103 | AP11: =$AP$3 -> RFA 2024-103SF | AQ11: =$AQ$3 -> RFA 2024-104 | AR11: =$AR$3 -> RFA 2024-104SF | AS11: =$AS$3 -> RFA 2024-105 | AT11: =AT3 -> RFA 2024-106 | AU11: =AU3 -> RFA 2024-106SF | AV11: =AV3 -> RFA 2024-201 | AW11: =AW3 -> RFA 2024-202 | AX11: =AX3 -> RFA 2024-202SF | AY11: =AY3 -> RFA 2024-203 | AZ11: =AZ3 -> RFA 2024-204 | BA11: =BA3 -> RFA 2024-204SF | ... BC11: =BC3 -> RFA 2024-205SF | BD11: =$BD$3 -> RFA 2024-206 | BE11: =BE3 -> RFA 2024-206SF | BF11: =$BF$3 -> RFA 2024-213 | BG11: =$BG$3 -> RFA 2024-213SF | BH11: =BH3 -> RFA 2024-214 | BI11: =BI3 -> RFA 2024-214SF | BJ11: =BJ3 -> RFA 2024-215 | BK11: =BK3 -> RFA 2024-215SF | BL11: =BL3 -> RFA 2024-216 | BM11: =BM3 -> RFA 2024-216SF | BN11: =BN3 -> RFA 2024-305 | BO11: =BO3 -> RFA 2024-305SF | ... BY11: =BY3 -> RFA 2025-106SF | BZ11: =$BZ$3 -> RFA 2025-108 | CA11: =$CA$3 -> RFA 2025-108SF | CB11: =CB3 -> RFA 2025-201 | CC11: =CC3 -> RFA 2025-202 | CD11: =CD3 -> RFA 2025-202SF | CE11: =CE3 -> RFA 2025-203 | CF11: =CF3 -> RFA 2025-204 | CG11: =CG3 -> RFA 2025-204SF | CH11: =CH3 -> RFA 2025-205 | CI11: =CI3 -> RFA 2025-205SF | ... CK11: =CK3 -> RFA 2025-206SF | CL11: =CL7 -> RFA 2025-212 | CM11: =CM7 -> RFA 2025-212SF | CN11: =CN7 -> RFA 2025-213 | CO11: =CO7 -> RFA 2025-213SF | CP11: =CP3 -> RFA 2025-214 | CQ11: =CQ3 -> RFA 2025-214SF | CR11: =CR3 -> RFA 2025-215 | CS11: =CS3 -> RFA 2025-215SF | CT11: =CT3 -> RFA 2025-216 | CU11: =CU3 -> RFA 2025-216SF | CV11: =CV3 -> RFA 2026-102 | CW11: =CW3 -> RFA 2026-102SF | ... CY11: =CY3 -> RFA 2026-103SF | CZ11: =CZ7 -> RFA 2026-104 | DA11: =DA7 -> RFA 2026-104SF | DB11: =DB7 -> RFA 2026-105 | DC11: =DC3 -> RFA 2026-106 | DD11: =DD7 -> RFA 2026-106SF | DE11: =$DE$3 -> RFA 2026-108 | DF11: =$DF$3 -> RFA 2026-108SF | DG11: =DG7 -> RFA 2026-201 | DH11: =DH7 -> RFA 2026-202 | DI11: =DI7 -> RFA 2026-202SF | DJ11: =DJ7 -> RFA 2026-203 | DK11: =DK3 -> RFA 2026-204 | DL11: =DL3 -> RFA 2026-204SF | DM11: RFA 2026-205 | DN11: RFA 2026-205SF | DO11: =DO3 -> RFA 2026-206 | DP11: =DP3 -> RFA 2026-206SF | DQ11: =DQ3 -> RFA 2026-212 | DR11: =DR3 -> RFA 2026-212SF | DS11: =DS3 -> RFA 2026-216 | DT11: =DT3 -> RFA 2026-216SF | DU11: =DU3 -> RFA 2026-218 | DV11: =DV3 -> RFA 2026-218SF | DW11: =$DW$3 -> RFA 2027-103 | DX11: =$DX$3 -> RFA 2027-103SF | DY11: =$DY$3 -> RFA 2027-106 | DZ11: =$DZ$3 -> RFA 2027-106SF | EG11: Mid-Rise-Non ESSC (NC) | EH11: 240000 | EI11: 260000 | EJ11: 258000 | EK11: 283000 | EL11: 275000 | EM11: 300000 | EN11: 284000 | EO11: 312000
J12: RFA 2026-204 | K12: RFA 2025-205 | L12: RFA 2024-205 | M12: RFA 2023-204 | Z12: Homeless Demographic (or) | AA12: Homeless Demographic (or) | AB12: Homeless Demographic (or) | AC12: Homeless Demographic (or) | AD12: North Florida Keys Area (or) | AE12: Elderly ALF Demographic | AF12: Homeless Demographic (or) | AG12: Homeless Demographic (or) | AI12: Homeless Demographic (or) | AJ12: Homeless Demographic (or) | AK12: Homeless Demographic (or) | AM12: North Florida Keys Area (or) | AN12: PSN Demographic multiplier | AO12: Homeless Demographic (or) | AP12: Homeless Demographic (or) | AQ12: North Florida Keys Area (or) | AT12: Homeless Demographic (or) | AU12: Homeless Demographic (or) | AV12: PHA multiplier (or) | AW12: PHA multiplier (or) | AX12: PHA multiplier (or) | AY12: PHA multiplier (or) | AZ12: PHA multiplier | BA12: PHA multiplier | BB12: PHA multiplier (or) | BC12: PHA multiplier (or) | BD12: North Florida Keys Area (or) | BF12: PHA multiplier (or) | BG12: PHA multiplier (or) | BH12: Elderly ALF Demographic | BI12: Elderly ALF Demographic | BJ12: PHA multiplier (or) | BK12: PHA multiplier (or) | BL12: North Florida Keys Area (or) | BM12: PHA multiplier | BN12: North Florida Keys Area (or) | BP12: PHA multiplier (or) | BQ12: PHA multiplier (or) | BR12: PHA multiplier | BS12: PHA multiplier | BT12: PHA multiplier | BU12: PHA multiplier | BV12: PHA multiplier | BW12: PHA multiplier | BX12: PHA multiplier | BY12: PHA multiplier | BZ12: PHA multiplier | CA12: PHA multiplier | CB12: PHA multiplier (or) | CC12: PHA multiplier (or) | CD12: PHA multiplier (or) | CE12: PHA multiplier (or) | CF12: PHA multiplier | CG12: PHA multiplier | CH12: PHA multiplier | CI12: PHA multiplier | CJ12: PHA multiplier | CK12: PHA multiplier | CL12: PHA multiplier | CM12: PHA multiplier | CN12: PHA multiplier | CO12: PHA multiplier | CP12: PHA multiplier | CQ12: PHA multiplier | CR12: PHA multiplier | CS12: PHA multiplier | CT12: PHA multiplier | CU12: PHA multiplier | CV12: PHA multiplier (or) | CW12: PHA multiplier (or) | CX12: PHA multiplier (or) | CY12: PHA multiplier (or) | CZ12: PHA multiplier (or) | DA12: PHA multiplier (or) | DC12: PHA multiplier (or) | DD12: PHA multiplier (or) | DE12: PHA multiplier | DF12: PHA multiplier | DG12: PHA multiplier (or) | DH12: PHA multiplier (or) | DI12: PHA multiplier (or) | DJ12: PHA multiplier (or) | DK12: PHA multiplier (or) | DL12: PHA multiplier (or) | DM12: PHA multiplier (or) | DN12: PHA multiplier (or) | DO12: Davis-Bacon multiplier | DP12: Davis-Bacon multiplier | DQ12: PHA multiplier (or) | DR12: PHA multiplier (or) | DS12: PHA multiplier (or) | DT12: PHA multiplier (or) | DU12: TBD | DV12: TBD | DW12: PHA multiplier (or) | DX12: PHA multiplier (or) | DY12: PHA multiplier (or) | DZ12: PHA multiplier (or) | EG12: Mid-Rise-ESSC (NC) | EH12: 270000 | EI12: 290000 | EJ12: 285000 | EK12: 310000 | EL12: 302000 | EM12: 330000 | EN12: 311000 | EO12: 339000
A13: <select from menu> | J13: RFA 2026-205 | K13: RFA 2025-206 | L13: RFA 2024-206 | M13: RFA 2023-205 | Z13: PDC/PDD Demographic multiplier | AA13: PDC/PDD Demographic multiplier | AB13: PDC/PDD Demographic multiplier | AC13: PDC/PDD Demographic multiplier | AD13: South Florida Keys Area | AF13: PDC/PDD Demographic multiplier | AG13: PDC/PDD Demographic multiplier | AI13: PDC/PDD Demographic multiplier | AJ13: PDC/PDD Demographic multiplier | AK13: PDC/PDD Demographic multiplier | AM13: South Florida Keys Area | AO13: PDC/PDD Demographic multiplier | AP13: PDC/PDD Demographic multiplier | AQ13: South Florida Keys Area | AT13: PDC/PDD Demographic multiplier | AU13: PDC/PDD Demographic multiplier | AV13: Davis-Bacon multiplier | AW13: Davis-Bacon multiplier | AX13: Davis-Bacon multiplier | AY13: Davis-Bacon multiplier | BB13: Davis-Bacon multiplier | BC13: Davis-Bacon multiplier | BD13: South Florida Keys Area | BF13: Davis-Bacon multiplier | BG13: Davis-Bacon multiplier | BH13: North Florida Keys Area (or) | BJ13: Davis-Bacon multiplier | BK13: Davis-Bacon multiplier | BL13: South Florida Keys Area | BN13: South Florida Keys Area | BP13: Davis-Bacon multiplier | BQ13: Davis-Bacon multiplier | CB13: Davis-Bacon multiplier | CC13: Davis-Bacon multiplier | CD13: Davis-Bacon multiplier | CE13: Davis-Bacon multiplier | CV13: Davis-Bacon multiplier | CW13: Davis-Bacon multiplier | CX13: Davis-Bacon multiplier | CY13: Davis-Bacon multiplier | CZ13: Davis-Bacon multiplier | DA13: Davis-Bacon multiplier | DC13: Davis-Bacon multiplier | DD13: Davis-Bacon multiplier | DG13: Davis-Bacon multiplier | DH13: Davis-Bacon multiplier | DI13: Davis-Bacon multiplier | DJ13: Davis-Bacon multiplier | DK13: Davis-Bacon multiplier | DL13: Davis-Bacon multiplier | DM13: Davis-Bacon multiplier | DN13: Davis-Bacon multiplier | DQ13: Davis-Bacon multiplier | DR13: Davis-Bacon multiplier | DS13: Davis-Bacon multiplier | DT13: Davis-Bacon multiplier | DW13: Davis-Bacon multiplier | DX13: Davis-Bacon multiplier | DY13: Davis-Bacon multiplier | DZ13: Davis-Bacon multiplier | EG13: High-Rise (NC) | EH13: 290000 | EI13: 310000 | EJ13: 310000 | EK13: 335000 | EL13: 330000 | EM13: 355000 | EN13: 338000 | EO13: 366000
A14: Alachua | J14: RFA 2026-206 | K14: RFA 2025-212 | L14: RFA 2024-213 | M14: RFA 2023-211 - This TDC Template does not apply to this RFA | Z14: 9%, NC, =<50 Units, not in Keys (or) | AA14: 9%, NC, =<50 Units, not in Keys (or) | AB14: 9%, NC, =<50 Units, not in Keys (or) | AC14: 9%, NC, =<50 Units, not in Keys (or) | AD14: Elderly ALF Demographic | AF14: 9%, NC, =<50 Units, not in Keys (or) | AG14: 9%, NC, =<50 Units, not in Keys (or) | AI14: 9%, NC, =<50 Units, not in Keys (or) | AJ14: 9%, NC, =<50 Units, not in Keys (or) | AK14: 9%, NC, =<50 Units, not in Keys (or) | AM14: PSN Demographic multiplier | AO14: 9%, NC, =<50 Units, not in Keys (or) | AP14: 9%, NC, =<50 Units, not in Keys (or) | AT14: 9%, NC, =<50 Units, not in Keys (or) | AU14: 9%, NC, =<50 Units, not in Keys (or) | AV14: North Florida Keys Area (or) | AW14: Elderly ALF Demographic | AX14: Elderly ALF Demographic | AY14: Elderly ALF Demographic | AZ14: North Florida Keys Area (or) | BA14: Elderly ALF Demographic | BB14: North Florida Keys Area (or) | BC14: Elderly ALF Demographic | BF14: North Florida Keys Area (or) | BH14: South Florida Keys Area | BJ14: North Florida Keys Area (or) | BL14: PHA multiplier | BR14: North Florida Keys Area (or) | BS14: PSN Demographic multiplier | BT14: 9%, NC, =<50 Units, not in Keys (or) | BU14: 9%, NC, =<50 Units, not in Keys (or) | BV14: North Florida Keys Area (or) | BX14: 9%, NC, =<50 Units, not in Keys (or) | BY14: 9%, NC, =<50 Units, not in Keys (or) | BZ14: 9%, NC, =<50 Units, not in Keys (or) | CA14: 9%, NC, =<50 Units, not in Keys (or) | CB14: North Florida Keys Area (or) | CC14: Elderly ALF Demographic | CD14: Elderly ALF Demographic | CE14: Elderly ALF Demographic | CF14: North Florida Keys Area (or) | CG14: Elderly ALF Demographic | CH14: North Florida Keys Area (or) | CI14: Elderly ALF Demographic | CJ14: North Florida Keys Area (or) | CL14: North Florida Keys Area (or) | CN14: North Florida Keys Area (or) | CP14: North Florida Keys Area (or) | CQ14: BABA Multiplier | CR14: North Florida Keys Area (or) | CT14: North Florida Keys Area (or) | CV14: North Florida Keys Area (or) | CW14: PSN Demographic multiplier | CX14: 9%, NC, =<50 Units, not in Keys (or) | CY14: 9%, NC, =<50 Units, not in Keys (or) | CZ14: North Florida Keys Area (or) | DC14: 9%, NC, =<50 Units, not in Keys (or) | DD14: 9%, NC, =<50 Units, not in Keys (or) | DE14: North Florida Keys Area (or) | DF14: North Florida Keys Area (or) | DG14: North Florida Keys Area (or) | DH14: Elderly ALF Demographic | DI14: Elderly ALF Demographic | DJ14: Elderly ALF Demographic | DK14: North Florida Keys Area (or) | DL14: Elderly ALF Demographic | DM14: North Florida Keys Area (or) | DN14: Elderly ALF Demographic | DO14: BABA Multiplier | DP14: BABA Multiplier | DQ14: North Florida Keys Area (or) | DS14: North Florida Keys Area (or) | DW14: 9%, NC, =<50 Units, not in Keys (or) | DX14: 9%, NC, =<50 Units, not in Keys (or) | DY14: 9%, NC, =<50 Units, not in Keys (or) | DZ14: 9%, NC, =<50 Units, not in Keys (or) | EG14: Garden (Rehab) | EH14: 100000 | EI14: 110000 | EJ14: 106000 | EK14: 121000 | EL14: 115000 | EM14: 131000 | EN14: 122000 | EO14: 160000
A15: Baker | J15: RFA 2026-212 | K15: RFA 2025-213 | L15: RFA 2024-214 | M15: RFA 2023-212 | Z15: 9%, NC, 51-80 Units, not in Keys | AA15: 9%, NC, 51-80 Units, not in Keys | AB15: 9%, NC, 51-80 Units, not in Keys | AC15: 9%, NC, 51-80 Units, not in Keys | AF15: 9%, NC, 51-80 Units, not in Keys | AG15: 9%, NC, 51-80 Units, not in Keys | AI15: 9%, NC, 51-80 Units, not in Keys | AJ15: 9%, NC, 51-80 Units, not in Keys | AK15: 9%, NC, 51-80 Units, not in Keys | AO15: 9%, NC, 51-80 Units, not in Keys | AP15: 9%, NC, 51-80 Units, not in Keys | AT15: 9%, NC, 51-80 Units, not in Keys | AU15: 9%, NC, 51-80 Units, not in Keys | AV15: South Florida Keys Area | AZ15: South Florida Keys Area | BB15: South Florida Keys Area | BF15: South Florida Keys Area | BJ15: South Florida Keys Area | BR15: South Florida Keys Area | BT15: 9%, NC, 51-80 Units, not in Keys | BU15: 9%, NC, 51-80 Units, not in Keys | BV15: South Florida Keys Area | BX15: 9%, NC, 51-80 Units, not in Keys | BY15: 9%, NC, 51-80 Units, not in Keys | BZ15: 9%, NC, 51-80 Units, not in Keys | CA15: 9%, NC, 51-80 Units, not in Keys | CB15: South Florida Keys Area | CF15: South Florida Keys Area | CH15: South Florida Keys Area | CJ15: South Florida Keys Area | CL15: South Florida Keys Area | CN15: South Florida Keys Area | CP15: South Florida Keys Area | CR15: South Florida Keys Area | CT15: South Florida Keys Area | CV15: South Florida Keys Area | CX15: 9%, NC, 51-80 Units, not in Keys | CY15: 9%, NC, 51-80 Units, not in Keys | CZ15: South Florida Keys Area | DC15: 9%, NC, 51-80 Units, not in Keys | DD15: 9%, NC, 51-80 Units, not in Keys | DE15: South Florida Keys Area | DF15: South Florida Keys Area | DG15: South Florida Keys Area | DK15: South Florida Keys Area | DM15: South Florida Keys Area | DQ15: South Florida Keys Area | DS15: South Florida Keys Area | DW15: 9%, NC, 51-80 Units, not in Keys | DX15: 9%, NC, 51-80 Units, not in Keys | DY15: 9%, NC, 51-80 Units, not in Keys | DZ15: 9%, NC, 51-80 Units, not in Keys | EG15: Non-Garden (Rehab) | EH15: 130000 | EI15: 140000 | EJ15: 146000 | EK15: 161000 | EL15: 160000 | EM15: 177000 | EN15: 147000 | EO15: 177000
A16: Bay | J16: RFA 2026-216 | K16: RFA 2025-214 | L16: RFA 2024-215 | M16: RFA 2023-213 | Z16: North Florida Keys Area (or) | AA16: North Florida Keys Area (or) | AB16: Elderly ALF Demographic | AC16: Elderly ALF Demographic | AF16: North Florida Keys Area (or) | AG16: Elderly ALF Demographic | AI16: North Florida Keys Area (or) | AJ16: North Florida Keys Area (or) | AK16: Elderly ALF Demographic | AV16: Elderly ALF Demographic | AZ16: Elderly ALF Demographic | BB16: Elderly ALF Demographic | BR16: PSN Demographic multiplier | BT16: Homeless Demographic multiplier | BU16: Homeless Demographic multiplier | BX16: PDC/PDD Demographic multiplier | BY16: PDC/PDD Demographic multiplier | BZ16: PDC/PDD Demographic multiplier | CA16: PDC/PDD Demographic multiplier | CB16: Elderly ALF Demographic | CF16: Elderly ALF Demographic | CH16: Elderly ALF Demographic | CV16: PSN Demographic multiplier | CX16: Homeless Demographic multiplier | CY16: Homeless Demographic multiplier | DC16: PDC/PDD Demographic multiplier | DD16: PDC/PDD Demographic multiplier | DE16: PDC/PDD Demographic multiplier | DF16: PDC/PDD Demographic multiplier | DG16: Elderly ALF Demographic | DK16: Elderly ALF Demographic | DM16: Elderly ALF Demographic | DW16: Homeless Demographic multiplier | DX16: Homeless Demographic multiplier | DY16: Homeless Demographic multiplier | DZ16: Homeless Demographic multiplier
A17: Bradford | J17: RFA 2026-218 | K17: RFA 2025-215 | L17: RFA 2024-216 | M17: RFA 2023-304 - This TDC Template does not apply to this RFA | Z17: South Florida Keys Area | AA17: South Florida Keys Area | AF17: South Florida Keys Area | AI17: South Florida Keys Area | AJ17: South Florida Keys Area
A18: Brevard | K18: RFA 2025-216 | L18: RFA 2024-305 | Z18: Elderly ALF Demographic | AA18: Elderly ALF Demographic | AF18: Elderly ALF Demographic | AI18: Elderly ALF Demographic | AJ18: Elderly ALF Demographic | CB18: BABA Multiplier | CC18: BABA Multiplier | CD18: BABA Multiplier | CE18: BABA Multiplier | CF18: BABA Multiplier | CG18: BABA Multiplier | CH18: BABA Multiplier | CI18: BABA Multiplier | CL18: BABA Multiplier | CM18: BABA Multiplier | CP18: BABA Multiplier | CV18: BABA Multiplier | CW18: BABA Multiplier | CX18: BABA Multiplier | CY18: BABA Multiplier | CZ18: BABA Multiplier | DA18: BABA Multiplier | DC18: BABA Multiplier | DD18: BABA Multiplier | DE18: BABA Multiplier | DF18: BABA Multiplier | DG18: BABA Multiplier | DH18: BABA Multiplier | DI18: BABA Multiplier | DJ18: BABA Multiplier | DK18: BABA Multiplier | DL18: BABA Multiplier | DM18: BABA Multiplier | DN18: BABA Multiplier | DQ18: BABA Multiplier | DR18: BABA Multiplier | DS18: BABA Multiplier | DT18: BABA Multiplier | DW18: BABA Multiplier | DX18: BABA Multiplier | DY18: BABA Multiplier | DZ18: BABA Multiplier | EG18: Available TDC Add-Ons | EH18: 2023/2024 | EI18: 2024/2025 | EJ18: 2025/2026 | EK18: 2026/2027
A19: Broward | L19: RFA 2024-306 | CB19: BABA | CC19: BABA | CD19: BABA | CE19: BABA | CF19: BABA | CG19: BABA | CH19: BABA | CI19: BABA | CL19: BABA | CM19: BABA | CP19: BABA | CQ19: BABA | CV19: BABA | CW19: BABA | CX19: BABA | CY19: BABA | CZ19: BABA | DA19: BABA | DC19: BABA | DD19: BABA | DE19: BABA | DF19: BABA | DG19: BABA | DH19: BABA | DI19: BABA | DJ19: BABA | DK19: BABA | DL19: BABA | DM19: BABA | DN19: BABA | DO19: BABA | DP19: BABA | DQ19: BABA | DR19: BABA | DS19: BABA | DT19: BABA | DU19: BABA | DV19: BABA | DW19: BABA | DX19: BABA | DY19: BABA | DZ19: BABA | EG19: PHA Add-On | EH19: 7500 | EI19: 7500 | EJ19: N/A | EK19: N/A
A20: Calhoun | O20: MultiplierNumbers | P20: =$P$3 -> RFA 2023-102 | Q20: =$Q$3 -> RFA 2023-102SF | R20: =$R$3 -> RFA 2023-103 | S20: =$S$3 -> RFA 2023-103SF | T20: =$T$3 -> RFA 2023-104 | U20: =$U$3 -> RFA 2023-104SF | V20: =$V$3 -> RFA 2023-105 | W20: =$W$3 -> RFA 2023-106 | X20: =$X$3 -> RFA 2023-106SF | Y20: =$Y$3 -> RFA 2023-108 | Z20: =$Z$3 -> RFA 2023-201 | AA20: =$AA$3 -> RFA 2023-202 | AB20: =$AB$3 -> RFA 2023-202SF | AC20: =$AC$3 -> RFA 2023-203SF | AD20: RFA 2023-204 | AE20: RFA 2023-204SF | AF20: =$AF$3 -> RFA 2023-205 | AG20: =$AG$3 -> RFA 2023-205SF | AH20: =$AH$3 -> RFA 2023-211 | AI20: =$AI$3 -> RFA 2023-212 | AJ20: =$AJ$3 -> RFA 2023-213 | AK20: =AK$3 -> RFA 2023-213SF | AL20: =$AL$3 -> RFA 2023-304 | AM20: =$AM$3 -> RFA 2024-102 | AN20: =$AN$3 -> RFA 2024-102SF | AO20: =$AO$3 -> RFA 2024-103 | AP20: =$AP$3 -> RFA 2024-103SF | AQ20: =$AQ$3 -> RFA 2024-104 | AR20: =$AR$3 -> RFA 2024-104SF | AS20: =$AS$3 -> RFA 2024-105 | AT20: =AT3 -> RFA 2024-106 | AU20: =AU3 -> RFA 2024-106SF | AV20: =AV3 -> RFA 2024-201 | AW20: =AW3 -> RFA 2024-202 | AX20: =AX3 -> RFA 2024-202SF | AY20: =AY3 -> RFA 2024-203 | AZ20: =AZ3 -> RFA 2024-204 | BA20: =BA3 -> RFA 2024-204SF | ... BC20: =BC3 -> RFA 2024-205SF | BD20: =$BD$3 -> RFA 2024-206 | BE20: =BE3 -> RFA 2024-206SF | BF20: =$BF$3 -> RFA 2024-213 | BG20: =$BG$3 -> RFA 2024-213SF | BH20: =BH3 -> RFA 2024-214 | BI20: =BI3 -> RFA 2024-214SF | BJ20: =BJ3 -> RFA 2024-215 | BK20: =BK3 -> RFA 2024-215SF | BL20: =BL3 -> RFA 2024-216 | BM20: =BM3 -> RFA 2024-216SF | BN20: =BN3 -> RFA 2024-305 | BO20: =BO3 -> RFA 2024-305SF | ... BY20: =BY3 -> RFA 2025-106SF | BZ20: =$BZ$3 -> RFA 2025-108 | CA20: =$CA$3 -> RFA 2025-108SF | CB20: =CB3 -> RFA 2025-201 | CC20: =CC3 -> RFA 2025-202 | CD20: =CD3 -> RFA 2025-202SF | CE20: =CE3 -> RFA 2025-203 | CF20: =CF3 -> RFA 2025-204 | CG20: =CG3 -> RFA 2025-204SF | CH20: =CH3 -> RFA 2025-205 | CI20: =CI3 -> RFA 2025-205SF | ... CK20: =CK3 -> RFA 2025-206SF | CL20: =CL11 -> RFA 2025-212 | CM20: =CM11 -> RFA 2025-212SF | CN20: =CN11 -> RFA 2025-213 | CO20: =CO11 -> RFA 2025-213SF | CP20: =CP3 -> RFA 2025-214 | CQ20: =CQ3 -> RFA 2025-214SF | CR20: =CR3 -> RFA 2025-215 | CS20: =CS3 -> RFA 2025-215SF | CT20: =CT3 -> RFA 2025-216 | CU20: =CU3 -> RFA 2025-216SF | CV20: =CV3 -> RFA 2026-102 | CW20: =CW3 -> RFA 2026-102SF | ... CY20: =CY3 -> RFA 2026-103SF | CZ20: =CZ11 -> RFA 2026-104 | DA20: =DA11 -> RFA 2026-104SF | DB20: =DB11 -> RFA 2026-105 | DC20: =DC3 -> RFA 2026-106 | DD20: =DD3 -> RFA 2026-106SF | DE20: =$DE$3 -> RFA 2026-108 | DF20: =$DF$3 -> RFA 2026-108SF | DG20: =DG3 -> RFA 2026-201 | DH20: =DH3 -> RFA 2026-202 | DI20: =DI3 -> RFA 2026-202SF | DJ20: =DJ3 -> RFA 2026-203 | DK20: =DK3 -> RFA 2026-204 | DL20: =DL3 -> RFA 2026-204SF | DM20: RFA 2026-205 | DN20: RFA 2026-205SF | DO20: =DO3 -> RFA 2026-206 | DP20: =DP3 -> RFA 2026-206SF | DQ20: =DQ3 -> RFA 2026-212 | DR20: =DR3 -> RFA 2026-212SF | DS20: =DS3 -> RFA 2026-216 | DT20: =DT3 -> RFA 2026-216SF | DU20: =DU3 -> RFA 2026-218 | DV20: =DV3 -> RFA 2026-218SF | DW20: =$DW$3 -> RFA 2027-103 | DX20: =$DX$3 -> RFA 2027-103SF | DY20: =$DY$3 -> RFA 2027-106 | DZ20: =$DZ$3 -> RFA 2027-106SF | EG20: Tax Exempt Bonds Add-On | EH20: 7500 | EI20: 7500 | EJ20: 7500 | EK20: 7500
A21: Charlotte | Z21: 0.9 | AA21: 0.9 | AB21: 0.9 | AC21: 0.9 | AD21: 0.65 | AE21: 0.95 | AF21: 0.9 | AG21: 0.9 | AI21: 0.9 | AJ21: 0.9 | AK21: 0.9 | AM21: 0.65 | AN21: 0.9 | AO21: 0.9 | AP21: 0.9 | AQ21: 0.65 | AT21: 0.9 | AU21: 0.9 | AV21: 0.89 | AW21: 0.89 | AX21: 0.89 | AY21: 0.89 | AZ21: 0.89 | BA21: 0.89 | BB21: 0.89 | BC21: 0.89 | BD21: 0.65 | BF21: 0.89 | BG21: 0.89 | BH21: 0.95 | BI21: 0.95 | BJ21: 0.89 | BK21: 0.89 | BL21: 0.65 | BM21: 0.89 | BN21: 0.65 | BP21: 0.89 | BQ21: 0.89 | BR21: 0.89 | BS21: 0.89 | BT21: 0.89 | BU21: 0.89 | BV21: 0.89 | BW21: 0.89 | BX21: 0.89 | BY21: 0.89 | BZ21: 0.89 | CA21: 0.89 | CB21: 0.89 | CC21: 0.89 | CD21: 0.89 | CE21: 0.89 | CF21: 0.89 | CG21: 0.89 | CH21: 0.89 | CI21: 0.89 | CJ21: 0.89 | CK21: 0.89 | CL21: 0.89 | CM21: 0.89 | CN21: 0.89 | CO21: 0.89 | CP21: 0.89 | CQ21: 0.89 | CR21: 0.89 | CS21: 0.89 | CT21: 0.89 | CU21: 0.89 | CV21: 0.89 | CW21: 0.89 | CX21: 0.89 | CY21: 0.89 | CZ21: 0.89 | DA21: 0.89 | DC21: 0.89 | DD21: 0.89 | DE21: 0.89 | DF21: 0.89 | DG21: 0.89 | DH21: 0.89 | DI21: 0.89 | DJ21: 0.89 | DK21: 0.89 | DL21: 0.89 | DM21: 0.89 | DN21: 0.89 | DO21: 0.89 | DP21: 0.89 | DQ21: 0.89 | DR21: 0.89 | DS21: 0.89 | DT21: 0.89 | DU21: TBD | DV21: TBD | DW21: 0.89 | DX21: 0.89 | DY21: 0.89 | DZ21: 0.89 | EG21: Available TDC Multipliers
A22: Citrus | Z22: 0.9 | AA22: 0.9 | AB22: 0.9 | AC22: 0.9 | AD22: 0.5 | AF22: 0.9 | AG22: 0.9 | AI22: 0.9 | AJ22: 0.9 | AK22: 0.9 | AM22: 0.5 | AO22: 0.9 | AP22: 0.9 | AQ22: 0.5 | AT22: 0.9 | AU22: 0.9 | AV22: 0.89 | AW22: 0.89 | AX22: 0.89 | AY22: 0.89 | BB22: 0.89 | BC22: 0.89 | BD22: 0.5 | BF22: 0.89 | BG22: 0.89 | BH22: 0.65 | BJ22: 0.89 | BK22: 0.89 | BL22: 0.5 | BN22: 0.5 | BP22: 0.89 | BQ22: 0.89 | CB22: 0.89 | CC22: 0.89 | CD22: 0.89 | CE22: 0.89 | CV22: 0.89 | CW22: 0.89 | CX22: 0.89 | CY22: 0.89 | CZ22: 0.89 | DA22: 0.89 | DC22: 0.89 | DD22: 0.89 | DG22: 0.89 | DH22: 0.89 | DI22: 0.89 | DJ22: 0.89 | DK22: 0.89 | DL22: 0.89 | DM22: 0.89 | DN22: 0.89 | DQ22: 0.89 | DR22: 0.89 | DS22: 0.89 | DT22: 0.89 | DW22: 0.89 | DX22: 0.89 | DY22: 0.89 | DZ22: 0.89 | EG22: Non-Geographic TDC Multiplier – Elderly-ALF Developments | EH22: 0.95 | EI22: 0.95 | EJ22: 0.95 | EK22: 0.95
A23: Clay | C23: RFA Cycle | Z23: 0.9 | AA23: 0.9 | AB23: 0.9 | AC23: 0.9 | AD23: 0.95 | AF23: 0.9 | AG23: 0.9 | AI23: 0.9 | AJ23: 0.9 | AK23: 0.9 | AM23: 0.9 | AO23: 0.9 | AP23: 0.9 | AT23: 0.9 | AU23: 0.9 | AV23: 0.65 | AW23: 0.95 | AX23: 0.95 | AY23: 0.95 | AZ23: 0.65 | BA23: 0.95 | BB23: 0.65 | BC23: 0.95 | BF23: 0.65 | BH23: 0.5 | BJ23: 0.65 | BL23: 0.89 | BR23: 0.65 | BS23: 0.85 | BT23: 0.85 | BU23: 0.85 | BV23: 0.65 | BX23: 0.85 | BY23: 0.85 | BZ23: 0.85 | CA23: 0.85 | CB23: 0.65 | CC23: 0.95 | CD23: 0.95 | CE23: 0.95 | CF23: 0.65 | CG23: 0.95 | CH23: 0.65 | CI23: 0.95 | CJ23: 0.65 | CL23: 0.65 | CN23: 0.65 | CP23: 0.65 | CQ23: 0.89 | CR23: 0.65 | CT23: 0.65 | CV23: 0.65 | CW23: 0.85 | CX23: 0.85 | CY23: 0.85 | CZ23: 0.65 | DC23: 0.85 | DD23: 0.85 | DE23: 0.65 | DF23: 0.65 | DG23: 0.65 | DH23: 0.95 | DI23: 0.95 | DJ23: 0.95 | DK23: 0.65 | DL23: 0.95 | DM23: 0.65 | DN23: 0.95 | DO23: 0.89 | DP23: 0.89 | DQ23: 0.65 | DS23: 0.65 | DW23: 0.85 | DX23: 0.85 | DY23: 0.85 | DZ23: 0.85 | EG23: Non-Geographic TDC Multiplier – Homeless Demographic | EH23: 0.9 | EI23: 0.85 | EJ23: 0.85 | EK23: 0.85
A24: Collier | I24: 2026/2027 | J24: 2025/2026 | K24: 2024/2025 | L24: 2023/2024 | M24: 2022/2023 | Z24: 0.95 | AA24: 0.95 | AB24: 0.95 | AC24: 0.95 | AF24: 0.95 | AG24: 0.95 | AI24: 0.95 | AJ24: 0.95 | AK24: 0.95 | AO24: 0.95 | AP24: 0.95 | AT24: 0.95 | AU24: 0.95 | AV24: 0.5 | AZ24: 0.5 | BB24: 0.5 | BF24: 0.5 | BJ24: 0.5 | BR24: 0.5 | BT24: 0.9 | BU24: 0.9 | BV24: 0.5 | BX24: 0.9 | BY24: 0.9 | BZ24: 0.9 | CA24: 0.9 | CB24: 0.5 | CF24: 0.5 | CH24: 0.5 | CJ24: 0.5 | CL24: 0.5 | CN24: 0.5 | CP24: 0.5 | CR24: 0.5 | CT24: 0.5 | CV24: 0.5 | CX24: 0.9 | CY24: 0.9 | CZ24: 0.5 | DC24: 0.9 | DD24: 0.9 | DE24: 0.5 | DF24: 0.5 | DG24: 0.5 | DK24: 0.5 | DM24: 0.5 | DQ24: 0.5 | DS24: 0.5 | DW24: 0.9 | DX24: 0.9 | DY24: 0.9 | DZ24: 0.9 | EG24: Non-Geographic TDC Multiplier – Demographic Commitment of either Persons with a Disabling Condition or Persons with Developmental Disabilities | EH24: 0.9 | EI24: 0.85 | EJ24: 0.85 | EK24: 0.85
A25: Columbia | I25: 2026/2027 | J25: 2025/2026 | K25: 2024/2025 | L25: 2023/2024 | M25: 2022/2023 | Z25: 0.65 | AA25: 0.65 | AB25: 0.95 | AC25: 0.95 | AE25: ` | AF25: 0.65 | AG25: 0.95 | AI25: 0.65 | AJ25: 0.65 | AK25: 0.95 | AV25: 0.95 | AZ25: 0.95 | BB25: 0.95 | BR25: 0.85 | BT25: 0.85 | BU25: 0.85 | BX25: 0.85 | BY25: 0.85 | BZ25: 0.85 | CA25: 0.85 | CB25: 0.95 | CF25: 0.95 | CH25: 0.95 | CV25: 0.85 | CX25: 0.85 | CY25: 0.85 | DC25: 0.85 | DD25: 0.85 | DE25: 0.85 | DF25: 0.85 | DG25: 0.95 | DK25: 0.95 | DM25: 0.95 | DW25: 0.85 | DX25: 0.85 | DY25: 0.85 | DZ25: 0.85 | EG25: Non-Geographic TDC Multiplier – All Developments that consist of 50 total units or less and not located in the Florida Keys Area (reserved for Homeless Demographic serving PDC or PDD) | EH25: 0.9 | EI25: 0.85 | EJ25: 0.85 | EK25: 0.85
A26: DeSoto | J26: 2025/2026 | K26: 2024/2025 | L26: 2023/2024 | M26: 2022/2023 | Z26: 0.5 | AA26: 0.5 | AF26: 0.5 | AI26: 0.5 | AJ26: 0.5 | EG26: Non-Geographic TDC Multiplier – All Developments that consist of more than 50 total units, but not more than 80 total units and not located in the Florida Keys Area (reserved for Homeless Demographic serving PDC or PDD) | EH26: 0.95 | EI26: 0.9 | EJ26: 0.9 | EK26: 0.9
A27: Dixie | J27: 2025/2026 | K27: 2024/2025 | L27: 2023/2024 | M27: 2022/2023 | Z27: 0.95 | AA27: 0.95 | AF27: 0.95 | AI27: 0.95 | AJ27: 0.95 | CB27: 0.89 | CC27: 0.89 | CD27: 0.89 | CE27: 0.89 | CF27: 0.89 | CG27: 0.89 | CH27: 0.89 | CI27: 0.89 | CL27: 0.89 | CM27: 0.89 | CP27: 0.89 | CV27: 0.89 | CW27: 0.89 | CX27: 0.89 | CY27: 0.89 | CZ27: 0.89 | DA27: 0.89 | DC27: 0.89 | DD27: 0.89 | DE27: 0.89 | DF27: 0.89 | DG27: 0.89 | DH27: 0.89 | DI27: 0.89 | DJ27: 0.89 | DK27: 0.89 | DL27: 0.89 | DM27: 0.89 | DN27: 0.89 | DQ27: 0.89 | DR27: 0.89 | DS27: 0.89 | DT27: 0.89 | DW27: 0.89 | DX27: 0.89 | DY27: 0.89 | DZ27: 0.89 | EG27: Non-Geographic TDC Multiplier – Any Applicant which (i) either has a land lease with a PHA for the proposed Development’s location or the Applicant provided an Option to Enter into a Ground Lease Agreement on property where the proposed Development is to be located; AND the property which has a Declaration of Trust between the PHA and HUD; or (ii) has a PHA or an instrumentality of a PHA as a Principal | EH27: N/A | EI27: 0.89 | EJ27: 0.89 | EK27: 0.89
A28: Duval | J28: 2025/2026 | K28: 2024/2025 | L28: 2023/2024 | M28: 2022/2023 | EG28: Non-Geographic TDC Multiplier – For Applications that do not qualify for the PHA Multiplier and are receiving funding from the Corporation which are directly generating expenses related to Davis-Bacon costs, if applicable | EH28: N/A | EI28: 0.89 | EJ28: 0.89 | EK28: 0.89
A29: Escambia | J29: 2026/2027 | K29: 2025/2026 | L29: 2024/2025 | M29: 2022/2023 | O29: Types | P29: =$P$3 -> RFA 2023-102 | Q29: =$Q$3 -> RFA 2023-102SF | R29: =$R$3 -> RFA 2023-103 | S29: =$S$3 -> RFA 2023-103SF | T29: =$T$3 -> RFA 2023-104 | U29: =$U$3 -> RFA 2023-104SF | V29: =$V$3 -> RFA 2023-105 | W29: =$W$3 -> RFA 2023-106 | X29: =$X$3 -> RFA 2023-106SF | Y29: =$Y$3 -> RFA 2023-108 | Z29: =$Z$3 -> RFA 2023-201 | AA29: =$AA$3 -> RFA 2023-202 | AB29: =$AB$3 -> RFA 2023-202SF | AC29: =$AC$3 -> RFA 2023-203SF | AD29: RFA 2023-204 | AE29: RFA 2023-204SF | AF29: =$AF$3 -> RFA 2023-205 | AG29: =$AG$3 -> RFA 2023-205SF | AH29: =$AH$3 -> RFA 2023-211 | AI29: =$AI$3 -> RFA 2023-212 | AJ29: =$AJ$3 -> RFA 2023-213 | AK29: =AK$3 -> RFA 2023-213SF | AL29: =$AL$3 -> RFA 2023-304 | AM29: =$AM$3 -> RFA 2024-102 | AN29: =$AN$3 -> RFA 2024-102SF | AO29: =$AO$3 -> RFA 2024-103 | AP29: =$AP$3 -> RFA 2024-103SF | AQ29: =$AQ$3 -> RFA 2024-104 | AR29: =$AR$3 -> RFA 2024-104SF | AS29: =$AS$3 -> RFA 2024-105 | AT29: =AT3 -> RFA 2024-106 | AU29: =AU3 -> RFA 2024-106SF | AV29: =AV3 -> RFA 2024-201 | AW29: =AW3 -> RFA 2024-202 | AX29: =AX3 -> RFA 2024-202SF | AY29: =AY3 -> RFA 2024-203 | AZ29: =AZ3 -> RFA 2024-204 | BA29: =BA3 -> RFA 2024-204SF | ... BC29: =BC3 -> RFA 2024-205SF | BD29: =$BD$3 -> RFA 2024-206 | BE29: =BE3 -> RFA 2024-206SF | BF29: =$BF$3 -> RFA 2024-213 | BG29: =$BG$3 -> RFA 2024-213SF | BH29: =BH3 -> RFA 2024-214 | BI29: =BI3 -> RFA 2024-214SF | BJ29: =BJ3 -> RFA 2024-215 | BK29: =BK3 -> RFA 2024-215SF | BL29: =BL3 -> RFA 2024-216 | BM29: =BM3 -> RFA 2024-216SF | BN29: =BN3 -> RFA 2024-305 | BO29: =BO3 -> RFA 2024-305SF | ... BY29: =BY3 -> RFA 2025-106SF | BZ29: =$BZ$3 -> RFA 2025-108 | CA29: =$CA$3 -> RFA 2025-108SF | CB29: =CB3 -> RFA 2025-201 | CC29: =CC3 -> RFA 2025-202 | CD29: =CD3 -> RFA 2025-202SF | CE29: =CE3 -> RFA 2025-203 | CF29: =CF3 -> RFA 2025-204 | CG29: =CG3 -> RFA 2025-204SF | CH29: =CH3 -> RFA 2025-205 | CI29: =CI3 -> RFA 2025-205SF | ... CK29: =CK3 -> RFA 2025-206SF | CL29: =CL20 -> RFA 2025-212 | CM29: =CM20 -> RFA 2025-212SF | CN29: =CN20 -> RFA 2025-213 | CO29: =CO20 -> RFA 2025-213SF | CP29: =CP3 -> RFA 2025-214 | CQ29: =CQ3 -> RFA 2025-214SF | CR29: =CR3 -> RFA 2025-215 | CS29: =CS3 -> RFA 2025-215SF | CT29: =CT3 -> RFA 2025-216 | CU29: =CU3 -> RFA 2025-216SF | CV29: =CV3 -> RFA 2026-102 | CW29: =CW3 -> RFA 2026-102SF | ... CY29: =CY3 -> RFA 2026-103SF | CZ29: =CZ20 -> RFA 2026-104 | DA29: =DA20 -> RFA 2026-104SF | DB29: =DB20 -> RFA 2026-105 | DC29: =DC3 -> RFA 2026-106 | DD29: =DD3 -> RFA 2026-106SF | DE29: =$DE$3 -> RFA 2026-108 | DF29: =$DF$3 -> RFA 2026-108SF | DG29: =DG3 -> RFA 2026-201 | DH29: =DH3 -> RFA 2026-202 | DI29: =DI3 -> RFA 2026-202SF | DJ29: =DJ3 -> RFA 2026-203 | DK29: =DK3 -> RFA 2026-204 | DL29: =DL3 -> RFA 2026-204SF | DM29: RFA 2026-205 | DN29: RFA 2026-205SF | DO29: =DO3 -> RFA 2026-206 | DP29: =DP3 -> RFA 2026-206SF | DQ29: =DQ3 -> RFA 2026-212 | DR29: =DR3 -> RFA 2026-212SF | DS29: =DS3 -> RFA 2026-216 | DT29: =DT3 -> RFA 2026-216SF | DU29: =DU3 -> RFA 2026-218 | DV29: =DV3 -> RFA 2026-218SF | DW29: =$DW$3 -> RFA 2027-103 | DX29: =$DX$3 -> RFA 2027-103SF | DY29: =$DY$3 -> RFA 2027-106 | DZ29: =$DZ$3 -> RFA 2027-106SF | EG29: Non-Geographic TDC Multiplier – For Applications receiving funding from the Corporation which are directly generating expenses related to Build America, Buy America (BABA) costs, if applicable | EH29: N/A | EI29: N/A | EJ29: 0.89 | EK29: 0.89
A30: Flagler | J30: 2026/2027 | K30: 2025/2026 | L30: 2024/2025 | M30: 2023/2024 | Z30: Garden-Non ESSC (NC) | AA30: Garden-Non ESSC (NC) | AB30: Garden-Non ESSC (NC) | AC30: Garden-Non ESSC (NC) | AD30: Garden-Non ESSC (NC) | AE30: Garden-Non ESSC (NC) | AF30: Garden-Non ESSC (NC) | AG30: Garden-Non ESSC (NC) | AI30: Garden-Non ESSC (NC) | AJ30: Garden-Non ESSC (NC) | AK30: Garden-Non ESSC (NC) | AM30: Garden-Non ESSC (NC) | AN30: Garden-Non ESSC (NC) | AO30: Garden-Non ESSC (NC) | AP30: Garden-Non ESSC (NC) | AQ30: Garden-Non ESSC (NC) | AR30: Garden-Non ESSC (NC) | AS30: No TDC Limitation in this RFA | AT30: Garden-Non ESSC (NC) | AU30: Garden-Non ESSC (NC) | AV30: Garden-Non ESSC (NC) | AW30: Garden-Non ESSC (NC) | AX30: Garden-Non ESSC (NC) | AY30: Garden-Non ESSC (NC) | AZ30: Garden-Non ESSC (NC) | BA30: Garden-Non ESSC (NC) | BB30: Garden-Non ESSC (NC) | BC30: Garden-Non ESSC (NC) | BD30: Garden-Non ESSC (NC) | BE30: Garden-Non ESSC (NC) | BF30: Garden-Non ESSC (NC) | BG30: Garden-Non ESSC (NC) | BH30: Garden-Non ESSC (NC) | BI30: Garden-Non ESSC (NC) | BJ30: Garden-Non ESSC (NC) | BK30: Garden-Non ESSC (NC) | BL30: Garden-Non ESSC (NC) | BM30: Garden-Non ESSC (NC) | BN30: Garden-Non ESSC (NC) | BO30: Garden-Non ESSC (NC) | BP30: Garden-Non ESSC (NC) | BQ30: Garden-Non ESSC (NC) | BR30: Garden-Non ESSC (NC) | BS30: Garden-Non ESSC (NC) | BT30: Garden-Non ESSC (NC) | BU30: Garden-Non ESSC (NC) | BV30: Garden-Non ESSC (NC) | BW30: Garden-Non ESSC (NC) | BX30: Garden-Non ESSC (NC) | BY30: Garden-Non ESSC (NC) | BZ30: Garden-Non ESSC (NC) | CA30: Garden-Non ESSC (NC) | CB30: Garden-Non ESSC (NC) | CC30: Garden-Non ESSC (NC) | CD30: Garden-Non ESSC (NC) | CE30: Garden-Non ESSC (NC) | CF30: Garden-Non ESSC (NC) | CG30: Garden-Non ESSC (NC) | CH30: Garden-Non ESSC (NC) | CI30: Garden-Non ESSC (NC) | CJ30: Garden-Non ESSC (NC) | CK30: Garden-Non ESSC (NC) | CL30: Garden-Non ESSC (NC) | CM30: Garden-Non ESSC (NC) | CN30: Garden-Non ESSC (NC) | CO30: Garden-Non ESSC (NC) | CP30: Garden-Non ESSC (NC) | CQ30: Garden-Non ESSC (NC) | CR30: Garden-Non ESSC (NC) | CS30: Garden-Non ESSC (NC) | CT30: Garden-Non ESSC (NC) | CU30: Garden-Non ESSC (NC) | CV30: Garden-Non ESSC (NC) | CW30: Garden-Non ESSC (NC) | CX30: Garden-Non ESSC (NC) | CY30: Garden-Non ESSC (NC) | CZ30: Garden-Non ESSC (NC) | DA30: Garden-Non ESSC (NC) | DB30: No TDC Limitation in this RFA | DC30: Garden-Non ESSC (NC) | DD30: Garden-Non ESSC (NC) | DE30: Garden-Non ESSC (NC) | DF30: Garden-Non ESSC (NC) | DG30: Garden-Non ESSC (NC) | DH30: Garden-Non ESSC (NC) | DI30: Garden-Non ESSC (NC) | DJ30: Garden-Non ESSC (NC) | DK30: Garden-Non ESSC (NC) | DL30: Garden-Non ESSC (NC) | DM30: Garden-Non ESSC (NC) | DN30: Garden-Non ESSC (NC) | DO30: Garden-Non ESSC (NC) | DP30: Garden-Non ESSC (NC) | DQ30: Garden-Non ESSC (NC) | DR30: Garden-Non ESSC (NC) | DS30: Garden-Non ESSC (NC) | DT30: Garden-Non ESSC (NC) | DU30: TBD | DV30: TBD | DW30: Garden-Non ESSC (NC) | DX30: Garden-Non ESSC (NC) | DY30: Garden-Non ESSC (NC) | DZ30: Garden-Non ESSC (NC) | EG30: Geographic TDC Multiplier – Developments located north of Plantation Key (i.e., north of Tavernier Creek) in the Florida Keys Area | EH30: 0.65 | EI30: 0.65 | EJ30: 0.65 | EK30: 0.65
A31: Franklin | J31: 2026/2027 | K31: 2025/2026 | L31: 2024/2025 | M31: 2023/2024 | Z31: Garden-ESSC (NC) | AA31: Garden-ESSC (NC) | AB31: Garden-ESSC (NC) | AC31: Garden-ESSC (NC) | AD31: Garden-ESSC (NC) | AE31: Garden-ESSC (NC) | AF31: Garden-ESSC (NC) | AG31: Garden-ESSC (NC) | AI31: Garden-ESSC (NC) | AJ31: Garden-ESSC (NC) | AK31: Garden-ESSC (NC) | AM31: Garden-ESSC (NC) | AN31: Garden-ESSC (NC) | AO31: Garden-ESSC (NC) | AP31: Garden-ESSC (NC) | AQ31: Garden-ESSC (NC) | AR31: Garden-ESSC (NC) | AT31: Garden-ESSC (NC) | AU31: Garden-ESSC (NC) | AV31: Garden-ESSC (NC) | AW31: Garden-ESSC (NC) | AX31: Garden-ESSC (NC) | AY31: Garden-ESSC (NC) | AZ31: Garden-ESSC (NC) | BA31: Garden-ESSC (NC) | BB31: Garden-ESSC (NC) | BC31: Garden-ESSC (NC) | BD31: Garden-ESSC (NC) | BE31: Garden-ESSC (NC) | BF31: Garden-ESSC (NC) | BG31: Garden-ESSC (NC) | BH31: Garden-ESSC (NC) | BI31: Garden-ESSC (NC) | BJ31: Garden-ESSC (NC) | BK31: Garden-ESSC (NC) | BL31: Garden-ESSC (NC) | BM31: Garden-ESSC (NC) | BN31: Garden-ESSC (NC) | BO31: Garden-ESSC (NC) | BP31: Garden-ESSC (NC) | BQ31: Garden-ESSC (NC) | BR31: Garden-ESSC (NC) | BS31: Garden-ESSC (NC) | BT31: Garden-ESSC (NC) | BU31: Garden-ESSC (NC) | BV31: Garden-ESSC (NC) | BW31: Garden-ESSC (NC) | BX31: Garden-ESSC (NC) | BY31: Garden-ESSC (NC) | BZ31: Garden-ESSC (NC) | CA31: Garden-ESSC (NC) | CB31: Garden-ESSC (NC) | CC31: Garden-ESSC (NC) | CD31: Garden-ESSC (NC) | CE31: Garden-ESSC (NC) | CF31: Garden-ESSC (NC) | CG31: Garden-ESSC (NC) | CH31: Garden-ESSC (NC) | CI31: Garden-ESSC (NC) | CJ31: Garden-ESSC (NC) | CK31: Garden-ESSC (NC) | CL31: Garden-ESSC (NC) | CM31: Garden-ESSC (NC) | CN31: Garden-ESSC (NC) | CO31: Garden-ESSC (NC) | CP31: Garden-ESSC (NC) | CQ31: Garden-ESSC (NC) | CR31: Garden-ESSC (NC) | CS31: Garden-ESSC (NC) | CT31: Garden-ESSC (NC) | CU31: Garden-ESSC (NC) | CV31: Garden-ESSC (NC) | CW31: Garden-ESSC (NC) | CX31: Garden-ESSC (NC) | CY31: Garden-ESSC (NC) | CZ31: Garden-ESSC (NC) | DA31: Garden-ESSC (NC) | DC31: Garden-ESSC (NC) | DD31: Garden-ESSC (NC) | DE31: Garden-ESSC (NC) | DF31: Garden-ESSC (NC) | DG31: Garden-ESSC (NC) | DH31: Garden-ESSC (NC) | DI31: Garden-ESSC (NC) | DJ31: Garden-ESSC (NC) | DK31: Garden-ESSC (NC) | DL31: Garden-ESSC (NC) | DM31: Garden-ESSC (NC) | DN31: Garden-ESSC (NC) | DO31: Garden-ESSC (NC) | DP31: Garden-ESSC (NC) | DQ31: Garden-ESSC (NC) | DR31: Garden-ESSC (NC) | DS31: Garden-ESSC (NC) | DT31: Garden-ESSC (NC) | DW31: Garden-ESSC (NC) | DX31: Garden-ESSC (NC) | DY31: Garden-ESSC (NC) | DZ31: Garden-ESSC (NC) | EG31: *Geographic TDC Multiplier – Developments located south of Plantation Key (i.e., north of Tavernier Creek) in the Florida Keys Area | EH31: 0.5 | EI31: 0.5 | EJ31: 0.5 | EK31: 0.5
A32: Gadsden | J32: 2026/2027 | K32: 2025/2026 | L32: 2024/2025 | M32: 2023/2024 | Z32: Mid-Rise-Non ESSC (NC) | AA32: Mid-Rise-Non ESSC (NC) | AB32: Mid-Rise-Non ESSC (NC) | AC32: Mid-Rise-Non ESSC (NC) | AD32: Mid-Rise-Non ESSC (NC) | AE32: Mid-Rise-Non ESSC (NC) | AF32: Mid-Rise-Non ESSC (NC) | AG32: Mid-Rise-Non ESSC (NC) | AI32: Mid-Rise-Non ESSC (NC) | AJ32: Mid-Rise-Non ESSC (NC) | AK32: Mid-Rise-Non ESSC (NC) | AM32: Mid-Rise-Non ESSC (NC) | AN32: Mid-Rise-Non ESSC (NC) | AO32: Mid-Rise-Non ESSC (NC) | AP32: Mid-Rise-Non ESSC (NC) | AQ32: Mid-Rise-Non ESSC (NC) | AR32: Mid-Rise-Non ESSC (NC) | AT32: Mid-Rise-Non ESSC (NC) | AU32: Mid-Rise-Non ESSC (NC) | AV32: Mid-Rise-Non ESSC (NC) | AW32: Mid-Rise-Non ESSC (NC) | AX32: Mid-Rise-Non ESSC (NC) | AY32: Mid-Rise-Non ESSC (NC) | AZ32: Mid-Rise-Non ESSC (NC) | BA32: Mid-Rise-Non ESSC (NC) | BB32: Mid-Rise-Non ESSC (NC) | BC32: Mid-Rise-Non ESSC (NC) | BD32: Mid-Rise-Non ESSC (NC) | BE32: Mid-Rise-Non ESSC (NC) | BF32: Mid-Rise-Non ESSC (NC) | BG32: Mid-Rise-Non ESSC (NC) | BH32: Mid-Rise-Non ESSC (NC) | BI32: Mid-Rise-Non ESSC (NC) | BJ32: Mid-Rise-Non ESSC (NC) | BK32: Mid-Rise-Non ESSC (NC) | BL32: Mid-Rise-Non ESSC (NC) | BM32: Mid-Rise-Non ESSC (NC) | BN32: Mid-Rise-Non ESSC (NC) | BO32: Mid-Rise-Non ESSC (NC) | BP32: Mid-Rise-Non ESSC (NC) | BQ32: Mid-Rise-Non ESSC (NC) | BR32: Mid-Rise-Non ESSC (NC) | BS32: Mid-Rise-Non ESSC (NC) | BT32: Mid-Rise-Non ESSC (NC) | BU32: Mid-Rise-Non ESSC (NC) | BV32: Mid-Rise-Non ESSC (NC) | BW32: Mid-Rise-Non ESSC (NC) | BX32: Mid-Rise-Non ESSC (NC) | BY32: Mid-Rise-Non ESSC (NC) | BZ32: Mid-Rise-Non ESSC (NC) | CA32: Mid-Rise-Non ESSC (NC) | CB32: Mid-Rise-Non ESSC (NC) | CC32: Mid-Rise-Non ESSC (NC) | CD32: Mid-Rise-Non ESSC (NC) | CE32: Mid-Rise-Non ESSC (NC) | CF32: Mid-Rise-Non ESSC (NC) | CG32: Mid-Rise-Non ESSC (NC) | CH32: Mid-Rise-Non ESSC (NC) | CI32: Mid-Rise-Non ESSC (NC) | CL32: Mid-Rise-Non ESSC (NC) | CM32: Mid-Rise-Non ESSC (NC) | CN32: Mid-Rise-Non ESSC (NC) | CO32: Mid-Rise-Non ESSC (NC) | CP32: Mid-Rise-Non ESSC (NC) | CQ32: Mid-Rise-Non ESSC (NC) | CR32: Mid-Rise-Non ESSC (NC) | CS32: Mid-Rise-Non ESSC (NC) | CT32: Mid-Rise-Non ESSC (NC) | CU32: Mid-Rise-Non ESSC (NC) | CV32: Mid-Rise-Non ESSC (NC) | CW32: Mid-Rise-Non ESSC (NC) | CX32: Mid-Rise-Non ESSC (NC) | CY32: Mid-Rise-Non ESSC (NC) | CZ32: Mid-Rise-Non ESSC (NC) | DA32: Mid-Rise-Non ESSC (NC) | DC32: Mid-Rise-Non ESSC (NC) | DD32: Mid-Rise-Non ESSC (NC) | DE32: Mid-Rise-Non ESSC (NC) | DF32: Mid-Rise-Non ESSC (NC) | DG32: Mid-Rise-Non ESSC (NC) | DH32: Mid-Rise-Non ESSC (NC) | DI32: Mid-Rise-Non ESSC (NC) | DJ32: Mid-Rise-Non ESSC (NC) | DK32: Mid-Rise-Non ESSC (NC) | DL32: Mid-Rise-Non ESSC (NC) | DM32: Mid-Rise-Non ESSC (NC) | DN32: Mid-Rise-Non ESSC (NC) | DQ32: Mid-Rise-Non ESSC (NC) | DR32: Mid-Rise-Non ESSC (NC) | DS32: Mid-Rise-Non ESSC (NC) | DT32: Mid-Rise-Non ESSC (NC) | DW32: Mid-Rise-Non ESSC (NC) | DX32: Mid-Rise-Non ESSC (NC) | DY32: Mid-Rise-Non ESSC (NC) | DZ32: Mid-Rise-Non ESSC (NC)
A33: Gilchrist | J33: 2026/2027 | K33: 2025/2026 | L33: 2024/2025 | M33: 2023/2024 | Z33: Mid-Rise-ESSC (NC) | AA33: Mid-Rise-ESSC (NC) | AB33: Mid-Rise-ESSC (NC) | AC33: Mid-Rise-ESSC (NC) | AD33: Mid-Rise-ESSC (NC) | AE33: Mid-Rise-ESSC (NC) | AF33: Mid-Rise-ESSC (NC) | AG33: Mid-Rise-ESSC (NC) | AI33: Mid-Rise-ESSC (NC) | AJ33: Mid-Rise-ESSC (NC) | AK33: Mid-Rise-ESSC (NC) | AM33: Mid-Rise-ESSC (NC) | AN33: Mid-Rise-ESSC (NC) | AO33: Mid-Rise-ESSC (NC) | AP33: Mid-Rise-ESSC (NC) | AQ33: Mid-Rise-ESSC (NC) | AR33: Mid-Rise-ESSC (NC) | AT33: Mid-Rise-ESSC (NC) | AU33: Mid-Rise-ESSC (NC) | AV33: Mid-Rise-ESSC (NC) | AW33: Mid-Rise-ESSC (NC) | AX33: Mid-Rise-ESSC (NC) | AY33: Mid-Rise-ESSC (NC) | AZ33: Mid-Rise-ESSC (NC) | BA33: Mid-Rise-ESSC (NC) | BB33: Mid-Rise-ESSC (NC) | BC33: Mid-Rise-ESSC (NC) | BD33: Mid-Rise-ESSC (NC) | BE33: Mid-Rise-ESSC (NC) | BF33: Mid-Rise-ESSC (NC) | BG33: Mid-Rise-ESSC (NC) | BH33: Mid-Rise-ESSC (NC) | BI33: Mid-Rise-ESSC (NC) | BJ33: Mid-Rise-ESSC (NC) | BK33: Mid-Rise-ESSC (NC) | BL33: Mid-Rise-ESSC (NC) | BM33: Mid-Rise-ESSC (NC) | BN33: Mid-Rise-ESSC (NC) | BO33: Mid-Rise-ESSC (NC) | BP33: Mid-Rise-ESSC (NC) | BQ33: Mid-Rise-ESSC (NC) | BR33: Mid-Rise-ESSC (NC) | BS33: Mid-Rise-ESSC (NC) | BT33: Mid-Rise-ESSC (NC) | BU33: Mid-Rise-ESSC (NC) | BV33: Mid-Rise-ESSC (NC) | BW33: Mid-Rise-ESSC (NC) | BX33: Mid-Rise-ESSC (NC) | BY33: Mid-Rise-ESSC (NC) | BZ33: Mid-Rise-ESSC (NC) | CA33: Mid-Rise-ESSC (NC) | CB33: Mid-Rise-ESSC (NC) | CC33: Mid-Rise-ESSC (NC) | CD33: Mid-Rise-ESSC (NC) | CE33: Mid-Rise-ESSC (NC) | CF33: Mid-Rise-ESSC (NC) | CG33: Mid-Rise-ESSC (NC) | CH33: Mid-Rise-ESSC (NC) | CI33: Mid-Rise-ESSC (NC) | CL33: Mid-Rise-ESSC (NC) | CM33: Mid-Rise-ESSC (NC) | CN33: Mid-Rise-ESSC (NC) | CO33: Mid-Rise-ESSC (NC) | CP33: Mid-Rise-ESSC (NC) | CQ33: Mid-Rise-ESSC (NC) | CR33: Mid-Rise-ESSC (NC) | CS33: Mid-Rise-ESSC (NC) | CT33: Mid-Rise-ESSC (NC) | CU33: Mid-Rise-ESSC (NC) | CV33: Mid-Rise-ESSC (NC) | CW33: Mid-Rise-ESSC (NC) | CX33: Mid-Rise-ESSC (NC) | CY33: Mid-Rise-ESSC (NC) | CZ33: Mid-Rise-ESSC (NC) | DA33: Mid-Rise-ESSC (NC) | DC33: Mid-Rise-ESSC (NC) | DD33: Mid-Rise-ESSC (NC) | DE33: Mid-Rise-ESSC (NC) | DF33: Mid-Rise-ESSC (NC) | DG33: Mid-Rise-ESSC (NC) | DH33: Mid-Rise-ESSC (NC) | DI33: Mid-Rise-ESSC (NC) | DJ33: Mid-Rise-ESSC (NC) | DK33: Mid-Rise-ESSC (NC) | DL33: Mid-Rise-ESSC (NC) | DM33: Mid-Rise-ESSC (NC) | DN33: Mid-Rise-ESSC (NC) | DQ33: Mid-Rise-ESSC (NC) | DR33: Mid-Rise-ESSC (NC) | DS33: Mid-Rise-ESSC (NC) | DT33: Mid-Rise-ESSC (NC) | DW33: Mid-Rise-ESSC (NC) | DX33: Mid-Rise-ESSC (NC) | DY33: Mid-Rise-ESSC (NC) | DZ33: Mid-Rise-ESSC (NC) | EG33: Escalation Factor | EH33: 0.06 | EI33: 0.06 | EJ33: 0.06 | EK33: 0.06
A34: Glades | J34: 2026/2027 | K34: 2024/2025 | L34: 2023/2024 | M34: 2023/2024 | Z34: High-Rise (NC) | AA34: High-Rise (NC) | AB34: High-Rise (NC) | AC34: High-Rise (NC) | AD34: High-Rise (NC) | AE34: High-Rise (NC) | AF34: High-Rise (NC) | AG34: High-Rise (NC) | AI34: High-Rise (NC) | AJ34: High-Rise (NC) | AK34: High-Rise (NC) | AM34: High-Rise (NC) | AN34: High-Rise (NC) | AO34: High-Rise (NC) | AP34: High-Rise (NC) | AQ34: High-Rise (NC) | AR34: High-Rise (NC) | AT34: High-Rise (NC) | AU34: High-Rise (NC) | AV34: High-Rise (NC) | AW34: High-Rise (NC) | AX34: High-Rise (NC) | AY34: High-Rise (NC) | AZ34: High-Rise (NC) | BA34: High-Rise (NC) | BB34: High-Rise (NC) | BC34: High-Rise (NC) | BD34: High-Rise (NC) | BE34: High-Rise (NC) | BF34: High-Rise (NC) | BG34: High-Rise (NC) | BH34: High-Rise (NC) | BI34: High-Rise (NC) | BJ34: High-Rise (NC) | BK34: High-Rise (NC) | BL34: High-Rise (NC) | BM34: High-Rise (NC) | BN34: High-Rise (NC) | BO34: High-Rise (NC) | BP34: High-Rise (NC) | BQ34: High-Rise (NC) | BR34: High-Rise (NC) | BS34: High-Rise (NC) | BT34: High-Rise (NC) | BU34: High-Rise (NC) | BV34: High-Rise (NC) | BW34: High-Rise (NC) | BX34: High-Rise (NC) | BY34: High-Rise (NC) | BZ34: High-Rise (NC) | CA34: High-Rise (NC) | CB34: High-Rise (NC) | CC34: High-Rise (NC) | CD34: High-Rise (NC) | CE34: High-Rise (NC) | CF34: High-Rise (NC) | CG34: High-Rise (NC) | CH34: High-Rise (NC) | CI34: High-Rise (NC) | CL34: High-Rise (NC) | CM34: High-Rise (NC) | CN34: High-Rise (NC) | CO34: High-Rise (NC) | CP34: High-Rise (NC) | CQ34: High-Rise (NC) | CR34: High-Rise (NC) | CS34: High-Rise (NC) | CT34: High-Rise (NC) | CU34: High-Rise (NC) | CX34: High-Rise (NC) | CY34: High-Rise (NC) | CZ34: High-Rise (NC) | DA34: High-Rise (NC) | DC34: High-Rise (NC) | DD34: High-Rise (NC) | DG34: High-Rise (NC) | DH34: High-Rise (NC) | DI34: High-Rise (NC) | DJ34: High-Rise (NC) | DK34: High-Rise (NC) | DL34: High-Rise (NC) | DM34: High-Rise (NC) | DN34: High-Rise (NC) | DQ34: High-Rise (NC) | DR34: High-Rise (NC) | DS34: High-Rise (NC) | DT34: High-Rise (NC) | DW34: High-Rise (NC) | DX34: High-Rise (NC) | DY34: High-Rise (NC) | DZ34: High-Rise (NC)
A35: Gulf | J35: 2025/2026 | K35: 2025/2026 | L35: 2024/2025 | M35: 2022/2023 | Z35: Garden (Rehab) | AA35: Garden (Rehab) | AB35: Garden (Rehab) | AC35: Garden (Rehab) | AD35: Garden (Rehab) | AE35: Garden (Rehab) | AF35: Garden (Rehab) | AG35: Garden (Rehab) | AI35: Garden (Rehab) | AM35: Garden (Rehab) | AN35: Garden (Rehab) | AO35: Garden (Rehab) | AP35: Garden (Rehab) | AQ35: Garden (Rehab) | AR35: Garden (Rehab) | AT35: Garden (Rehab) | AU35: Garden (Rehab) | AV35: Garden (Rehab) | AW35: Garden (Rehab) | AX35: Garden (Rehab) | AY35: Garden (Rehab) | AZ35: Garden (Rehab) | BA35: Garden (Rehab) | BB35: Garden (Rehab) | BC35: Garden (Rehab) | BF35: Garden (Rehab) | BG35: Garden (Rehab) | BR35: Garden (Rehab) | BS35: Garden (Rehab) | BV35: Garden (Rehab) | BW35: Garden (Rehab) | CB35: Garden (Rehab) | CC35: Garden (Rehab) | CD35: Garden (Rehab) | CE35: Garden (Rehab) | CF35: Garden (Rehab) | CG35: Garden (Rehab) | CH35: Garden (Rehab) | CI35: Garden (Rehab) | CZ35: Garden (Rehab) | DA35: Garden (Rehab) | DG35: Garden (Rehab) | DH35: Garden (Rehab) | DI35: Garden (Rehab) | DJ35: Garden (Rehab) | DK35: Garden (Rehab) | DL35: Garden (Rehab) | DM35: Garden (Rehab) | DN35: Garden (Rehab) | EG35: Soft Cost Multiplier
A36: Hamilton | J36: 2026/2027 | K36: 2025/2026 | L36: 2023/2024 | M36: 2023/2024 | Z36: Non-Garden (Rehab) | AA36: Non-Garden (Rehab) | AB36: Non-Garden (Rehab) | AC36: Non-Garden (Rehab) | AD36: Non-Garden (Rehab) | AE36: Non-Garden (Rehab) | AF36: Non-Garden (Rehab) | AG36: Non-Garden (Rehab) | AI36: Non-Garden (Rehab) | AM36: Non-Garden (Rehab) | AN36: Non-Garden (Rehab) | AO36: Non-Garden (Rehab) | AP36: Non-Garden (Rehab) | AQ36: Non-Garden (Rehab) | AR36: Non-Garden (Rehab) | AT36: Non-Garden (Rehab) | AU36: Non-Garden (Rehab) | AV36: Non-Garden (Rehab) | AW36: Non-Garden (Rehab) | AX36: Non-Garden (Rehab) | AY36: Non-Garden (Rehab) | AZ36: Non-Garden (Rehab) | BA36: Non-Garden (Rehab) | BB36: Non-Garden (Rehab) | BC36: Non-Garden (Rehab) | BF36: Non-Garden (Rehab) | BG36: Non-Garden (Rehab) | BR36: Non-Garden (Rehab) | BS36: Non-Garden (Rehab) | BV36: Non-Garden (Rehab) | BW36: Non-Garden (Rehab) | CB36: Non-Garden (Rehab) | CC36: Non-Garden (Rehab) | CD36: Non-Garden (Rehab) | CE36: Non-Garden (Rehab) | CF36: Non-Garden (Rehab) | CG36: Non-Garden (Rehab) | CH36: Non-Garden (Rehab) | CI36: Non-Garden (Rehab) | CZ36: Non-Garden (Rehab) | DA36: Non-Garden (Rehab) | DG36: Non-Garden (Rehab) | DH36: Non-Garden (Rehab) | DI36: Non-Garden (Rehab) | DJ36: Non-Garden (Rehab) | DK36: Non-Garden (Rehab) | DL36: Non-Garden (Rehab) | DM36: Non-Garden (Rehab) | DN36: Non-Garden (Rehab) | EG36: New Construction | EH36: 0.75 | EI36: 0.75 | EJ36: 0.75 | EK36: 0.75
A37: Hardee | J37: 2026/2027 | K37: 2025/2026 | L37: 2024/2025 | M37: 2023/2024 | EG37: Rehab | EH37: 0.75 | EI37: 0.75 | EJ37: 0.75 | EK37: 0.7
A38: Hendry | J38: 2026/2027 | K38: 2025/2026 | L38: 2024/2025 | M38: 2022/2023 | O38: Base01 | P38: =$P$3 -> RFA 2023-102 | Q38: =$Q$3 -> RFA 2023-102SF | R38: =$R$3 -> RFA 2023-103 | S38: =$S$3 -> RFA 2023-103SF | T38: =$T$3 -> RFA 2023-104 | U38: =$U$3 -> RFA 2023-104SF | V38: =$V$3 -> RFA 2023-105 | W38: =$W$3 -> RFA 2023-106 | X38: =$X$3 -> RFA 2023-106SF | Y38: =$Y$3 -> RFA 2023-108 | Z38: =$Z$3 -> RFA 2023-201 | AA38: =$AA$3 -> RFA 2023-202 | AB38: =$AB$3 -> RFA 2023-202SF | AC38: =$AC$3 -> RFA 2023-203SF | AD38: RFA 2023-204 | AE38: RFA 2023-204SF | AF38: =$AF$3 -> RFA 2023-205 | AG38: =$AG$3 -> RFA 2023-205SF | AH38: =$AH$3 -> RFA 2023-211 | AI38: =$AI$3 -> RFA 2023-212 | AJ38: =$AJ$3 -> RFA 2023-213 | AK38: =AK$3 -> RFA 2023-213SF | AL38: =$AL$3 -> RFA 2023-304 | AM38: =$AM$3 -> RFA 2024-102 | AN38: =$AN$3 -> RFA 2024-102SF | AO38: =$AO$3 -> RFA 2024-103 | AP38: =$AP$3 -> RFA 2024-103SF | AQ38: =$AQ$3 -> RFA 2024-104 | AR38: =$AR$3 -> RFA 2024-104SF | AS38: =$AS$3 -> RFA 2024-105 | AT38: =AT3 -> RFA 2024-106 | AU38: =AU3 -> RFA 2024-106SF | AV38: =AV3 -> RFA 2024-201 | AW38: =AW3 -> RFA 2024-202 | AX38: =AX3 -> RFA 2024-202SF | AY38: =AY3 -> RFA 2024-203 | AZ38: =AZ3 -> RFA 2024-204 | BA38: =BA3 -> RFA 2024-204SF | ... BC38: =BC3 -> RFA 2024-205SF | BD38: =$BD$3 -> RFA 2024-206 | BE38: =BE3 -> RFA 2024-206SF | BF38: =$BF$3 -> RFA 2024-213 | BG38: =$BG$3 -> RFA 2024-213SF | BH38: =BH3 -> RFA 2024-214 | BI38: =BI3 -> RFA 2024-214SF | BJ38: =BJ3 -> RFA 2024-215 | BK38: =BK3 -> RFA 2024-215SF | BL38: =BL3 -> RFA 2024-216 | BM38: =BM3 -> RFA 2024-216SF | BN38: =BN3 -> RFA 2024-305 | BO38: =BO3 -> RFA 2024-305SF | ... BY38: =BY3 -> RFA 2025-106SF | BZ38: =$BZ$3 -> RFA 2025-108 | CA38: =$CA$3 -> RFA 2025-108SF | CB38: =CB3 -> RFA 2025-201 | CC38: =CC3 -> RFA 2025-202 | CD38: =CD3 -> RFA 2025-202SF | CE38: =CE3 -> RFA 2025-203 | CF38: =CF3 -> RFA 2025-204 | CG38: =CG3 -> RFA 2025-204SF | CH38: =CH3 -> RFA 2025-205 | CI38: =CI3 -> RFA 2025-205SF | ... CK38: =CK3 -> RFA 2025-206SF | CL38: =CL29 -> RFA 2025-212 | CM38: =CM29 -> RFA 2025-212SF | CN38: =CN29 -> RFA 2025-213 | CO38: =CO29 -> RFA 2025-213SF | CP38: =CP3 -> RFA 2025-214 | CQ38: =CQ3 -> RFA 2025-214SF | CR38: =CR3 -> RFA 2025-215 | CS38: =CS3 -> RFA 2025-215SF | CT38: =CT3 -> RFA 2025-216 | CU38: =CU3 -> RFA 2025-216SF | CV38: =CV3 -> RFA 2026-102 | CW38: =CW3 -> RFA 2026-102SF | ... CY38: =CY3 -> RFA 2026-103SF | CZ38: =CZ29 -> RFA 2026-104 | DA38: =DA29 -> RFA 2026-104SF | DB38: =DB29 -> RFA 2026-105 | DC38: =DC3 -> RFA 2026-106 | DD38: =DD3 -> RFA 2026-106SF | DE38: =$DE$3 -> RFA 2026-108 | DF38: =$DF$3 -> RFA 2026-108SF | DG38: =DG3 -> RFA 2026-201 | DH38: =DH3 -> RFA 2026-202 | DI38: =DI3 -> RFA 2026-202SF | DJ38: =DJ3 -> RFA 2026-203 | DK38: =DK29 -> RFA 2026-204 | DL38: =DL29 -> RFA 2026-204SF | DM38: RFA 2026-205 | DN38: RFA 2026-205SF | DO38: =DO3 -> RFA 2026-206 | DP38: =DP3 -> RFA 2026-206SF | DQ38: =DQ3 -> RFA 2026-212 | DR38: =DR3 -> RFA 2026-212SF | DS38: =DS3 -> RFA 2026-216 | DT38: =DT3 -> RFA 2026-216SF | DU38: =DU3 -> RFA 2026-218 | DV38: =DV3 -> RFA 2026-218SF | DW38: =$DW$3 -> RFA 2027-103 | DX38: =$DX$3 -> RFA 2027-103SF | DY38: =$DY$3 -> RFA 2027-106 | DZ38: =$DZ$3 -> RFA 2027-106SF
A39: Hernando | K39: 2024/2025 | L39: 2023/2024 | Z39: 220000 | AA39: 220000 | AB39: 240000 | AC39: 240000 | AD39: 220000 | AE39: 240000 | AF39: 220000 | AG39: 240000 | AI39: 220000 | AJ39: 220000 | AK39: 240000 | AM39: 220000 | AN39: 240000 | AO39: 220000 | AP39: 240000 | AQ39: 220000 | AR39: 240000 | AT39: 220000 | AU39: 240000 | AV39: 233000 | AW39: 233000 | AX39: 258000 | AY39: 258000 | AZ39: 233000 | BA39: 258000 | BB39: 233000 | BC39: 258000 | BD39: 220000 | BE39: 240000 | BF39: 233000 | BG39: 258000 | BH39: 220000 | BI39: 240000 | BJ39: 233000 | BK39: 258000 | BL39: 233000 | BM39: 258000 | BN39: 220000 | BO39: 240000 | BP39: 233000 | BQ39: 258000 | BR39: 233000 | BS39: 258000 | BT39: 233000 | BU39: 258000 | BV39: 233000 | BW39: 258000 | BX39: 233000 | BY39: 258000 | BZ39: 233000 | CA39: 258000 | CB39: 247000 | CC39: 247000 | CD39: 275000 | CE39: 275000 | CF39: 247000 | CG39: 275000 | CH39: 247000 | CI39: 275000 | CJ39: 233000 | CK39: 258000 | CL39: 247000 | CM39: 275000 | CN39: 247000 | CO39: 275000 | CP39: 247000 | CQ39: 275000 | CR39: 247000 | CS39: 275000 | CT39: 233000 | CU39: 258000 | CV39: 247000 | CW39: 275000 | CX39: 247000 | CY39: 275000 | CZ39: 247000 | DA39: 275000 | DC39: 247000 | DD39: 275000 | DE39: 256000 | DF39: 284000 | DG39: 256000 | DH39: 256000 | DI39: 284000 | DJ39: 284000 | DK39: 256000 | DL39: 284000 | DM39: 256000 | DN39: 284000 | DO39: 247000 | DP39: 275000 | DQ39: 256000 | DR39: 284000 | DS39: 256000 | DT39: 284000 | DW39: 256000 | DX39: 284000 | DY39: 256000 | DZ39: 284000
A40: Highlands | L40: 2024/2025 | Z40: 240000 | AA40: 240000 | AB40: 260000 | AC40: 260000 | AD40: 240000 | AE40: 260000 | AF40: 240000 | AG40: 260000 | AI40: 240000 | AJ40: 240000 | AK40: 260000 | AM40: 240000 | AN40: 260000 | AO40: 240000 | AP40: 260000 | AQ40: 240000 | AR40: 260000 | AT40: 240000 | AU40: 260000 | AV40: 258000 | AW40: 258000 | AX40: 283000 | AY40: 283000 | AZ40: 258000 | BA40: 283000 | BB40: 258000 | BC40: 283000 | BD40: 240000 | BE40: 260000 | BF40: 258000 | BG40: 283000 | BH40: 240000 | BI40: 260000 | BJ40: 258000 | BK40: 283000 | BL40: 258000 | BM40: 283000 | BN40: 240000 | BO40: 260000 | BP40: 258000 | BQ40: 283000 | BR40: 258000 | BS40: 283000 | BT40: 258000 | BU40: 283000 | BV40: 258000 | BW40: 283000 | BX40: 258000 | BY40: 283000 | BZ40: 258000 | CA40: 283000 | CB40: 275000 | CC40: 275000 | CD40: 300000 | CE40: 300000 | CF40: 275000 | CG40: 300000 | CH40: 275000 | CI40: 300000 | CJ40: 258000 | CK40: 283000 | CL40: 275000 | CM40: 300000 | CN40: 275000 | CO40: 300000 | CP40: 275000 | CQ40: 300000 | CR40: 275000 | CS40: 300000 | CT40: 258000 | CU40: 283000 | CV40: 275000 | CW40: 300000 | CX40: 275000 | CY40: 300000 | CZ40: 275000 | DA40: 300000 | DC40: 275000 | DD40: 300000 | DE40: 284000 | DF40: 312000 | DG40: 284000 | DH40: 284000 | DI40: 312000 | DJ40: 312000 | DK40: 284000 | DL40: 312000 | DM40: 284000 | DN40: 312000 | DO40: 275000 | DP40: 300000 | DQ40: 284000 | DR40: 312000 | DS40: 284000 | DT40: 312000 | DW40: 284000 | DX40: 312000 | DY40: 284000 | DZ40: 312000
A41: Hillsborough | Z41: 240000 | AA41: 240000 | AB41: 260000 | AC41: 260000 | AD41: 240000 | AE41: 260000 | AF41: 240000 | AG41: 260000 | AI41: 240000 | AJ41: 240000 | AK41: 260000 | AM41: 240000 | AN41: 260000 | AO41: 240000 | AP41: 260000 | AQ41: 240000 | AR41: 260000 | AT41: 240000 | AU41: 260000 | AV41: 258000 | AW41: 258000 | AX41: 283000 | AY41: 283000 | AZ41: 258000 | BA41: 283000 | BB41: 258000 | BC41: 283000 | BD41: 240000 | BE41: 260000 | BF41: 258000 | BG41: 283000 | BH41: 240000 | BI41: 260000 | BJ41: 258000 | BK41: 283000 | BL41: 258000 | BM41: 283000 | BN41: 240000 | BO41: 260000 | BP41: 258000 | BQ41: 283000 | BR41: 258000 | BS41: 283000 | BT41: 258000 | BU41: 283000 | BV41: 258000 | BW41: 283000 | BX41: 258000 | BY41: 283000 | BZ41: 258000 | CA41: 283000 | CB41: 275000 | CC41: 275000 | CD41: 300000 | CE41: 300000 | CF41: 275000 | CG41: 300000 | CH41: 275000 | CI41: 300000 | CL41: 275000 | CM41: 300000 | CN41: 275000 | CO41: 300000 | CP41: 275000 | CQ41: 300000 | CR41: 275000 | CS41: 300000 | CT41: 258000 | CU41: 283000 | CV41: 275000 | CW41: 300000 | CX41: 275000 | CY41: 300000 | CZ41: 275000 | DA41: 300000 | DC41: 275000 | DD41: 300000 | DE41: 284000 | DF41: 312000 | DG41: 284000 | DH41: 284000 | DI41: 312000 | DJ41: 312000 | DK41: 284000 | DL41: 312000 | DM41: 284000 | DN41: 312000 | DQ41: 284000 | DR41: 312000 | DS41: 284000 | DT41: 312000 | DW41: 284000 | DX41: 312000 | DY41: 284000 | DZ41: 312000
A42: Holmes | Z42: 270000 | AA42: 270000 | AB42: 290000 | AC42: 290000 | AD42: 270000 | AE42: 290000 | AF42: 270000 | AG42: 290000 | AI42: 270000 | AJ42: 270000 | AK42: 290000 | AM42: 270000 | AN42: 290000 | AO42: 270000 | AP42: 290000 | AQ42: 270000 | AR42: 290000 | AT42: 270000 | AU42: 290000 | AV42: 285000 | AW42: 285000 | AX42: 310000 | AY42: 310000 | AZ42: 285000 | BA42: 310000 | BB42: 285000 | BC42: 310000 | BD42: 270000 | BE42: 290000 | BF42: 285000 | BG42: 310000 | BH42: 270000 | BI42: 290000 | BJ42: 285000 | BK42: 310000 | BL42: 285000 | BM42: 310000 | BN42: 270000 | BO42: 290000 | BP42: 285000 | BQ42: 310000 | BR42: 285000 | BS42: 310000 | BT42: 285000 | BU42: 310000 | BV42: 285000 | BW42: 310000 | BX42: 285000 | BY42: 310000 | BZ42: 285000 | CA42: 310000 | CB42: 302000 | CC42: 302000 | CD42: 330000 | CE42: 330000 | CF42: 302000 | CG42: 330000 | CH42: 302000 | CI42: 330000 | CL42: 302000 | CM42: 330000 | CN42: 302000 | CO42: 330000 | CP42: 302000 | CQ42: 330000 | CR42: 302000 | CS42: 330000 | CT42: 285000 | CU42: 310000 | CV42: 302000 | CW42: 330000 | CX42: 302000 | CY42: 330000 | CZ42: 302000 | DA42: 330000 | DC42: 302000 | DD42: 330000 | DE42: 311000 | DF42: 339000 | DG42: 311000 | DH42: 311000 | DI42: 339000 | DJ42: 339000 | DK42: 311000 | DL42: 339000 | DM42: 311000 | DN42: 339000 | DQ42: 311000 | DR42: 339000 | DS42: 311000 | DT42: 339000 | DW42: 311000 | DX42: 339000 | DY42: 311000 | DZ42: 339000
A43: Indian River | C43: AppDue | Z43: 290000 | AA43: 290000 | AB43: 310000 | AC43: 310000 | AD43: 290000 | AE43: 310000 | AF43: 290000 | AG43: 310000 | AI43: 290000 | AJ43: 290000 | AK43: 310000 | AM43: 290000 | AN43: 310000 | AO43: 290000 | AP43: 310000 | AQ43: 290000 | AR43: 310000 | AT43: 290000 | AU43: 310000 | AV43: 310000 | AW43: 310000 | AX43: 335000 | AY43: 335000 | AZ43: 310000 | BA43: 335000 | BB43: 310000 | BC43: 335000 | BD43: 290000 | BE43: 310000 | BF43: 310000 | BG43: 335000 | BH43: 290000 | BI43: 310000 | BJ43: 310000 | BK43: 335000 | BL43: 310000 | BM43: 335000 | BN43: 290000 | BO43: 310000 | BP43: 310000 | BQ43: 335000 | BR43: 310000 | BS43: 335000 | BT43: 310000 | BU43: 335000 | BV43: 310000 | BW43: 335000 | BX43: 310000 | BY43: 335000 | BZ43: 310000 | CA43: 335000 | CB43: 330000 | CC43: 330000 | CD43: 355000 | CE43: 355000 | CF43: 330000 | CG43: 355000 | CH43: 330000 | CI43: 355000 | CL43: 330000 | CM43: 355000 | CN43: 330000 | CO43: 355000 | CP43: 330000 | CQ43: 355000 | CR43: 330000 | CS43: 355000 | CT43: 310000 | CU43: 335000 | CX43: 330000 | CY43: 355000 | CZ43: 330000 | DA43: 355000 | DC43: 330000 | DD43: 355000 | DG43: 338000 | DH43: 338000 | DI43: 366000 | DJ43: 366000 | DK43: 338000 | DL43: 366000 | DM43: 338000 | DN43: 366000 | DQ43: 338000 | DR43: 366000 | DS43: 338000 | DT43: 366000 | DW43: 338000 | DX43: 366000 | DY43: 338000 | DZ43: 366000
A44: Jackson | I44: 46406 | J44: 46084 | K44: 45617 | L44: 45372 | M44: 45006 | Z44: 100000 | AA44: 100000 | AB44: 110000 | AC44: 110000 | AD44: 100000 | AE44: 110000 | AF44: 100000 | AG44: 110000 | AI44: 100000 | AM44: 100000 | AN44: 110000 | AO44: 100000 | AP44: 110000 | AQ44: 100000 | AR44: 110000 | AT44: 100000 | AU44: 110000 | AV44: 106000 | AW44: 106000 | AX44: 121000 | AY44: 121000 | AZ44: 106000 | BA44: 121000 | BB44: 106000 | BC44: 121000 | BF44: 106000 | BG44: 121000 | BR44: 106000 | BS44: 121000 | BV44: 106000 | BW44: 121000 | CB44: 115000 | CC44: 115000 | CD44: 131000 | CE44: 131000 | CF44: 115000 | CG44: 131000 | CH44: 115000 | CI44: 131000 | CZ44: 115000 | DA44: 131000 | DG44: 122000 | DH44: 122000 | DI44: 160000 | DJ44: 160000 | DK44: 122000 | DL44: 160000 | DM44: 122000 | DN44: 160000
A45: Jefferson | I45: 46407 | J45: 46042 | K45: 45678 | L45: 45335 | M45: 44952 | Z45: 130000 | AA45: 130000 | AB45: 140000 | AC45: 140000 | AD45: 130000 | AE45: 140000 | AF45: 130000 | AG45: 140000 | AI45: 130000 | AM45: 130000 | AN45: 140000 | AO45: 130000 | AP45: 140000 | AQ45: 130000 | AR45: 140000 | AT45: 130000 | AU45: 140000 | AV45: 146000 | AW45: 146000 | AX45: 161000 | AY45: 161000 | AZ45: 146000 | BA45: 161000 | BB45: 146000 | BC45: 161000 | BF45: 146000 | BG45: 161000 | BR45: 146000 | BS45: 161000 | BV45: 146000 | BW45: 161000 | CB45: 160000 | CC45: 160000 | CD45: 177000 | CE45: 177000 | CF45: 160000 | CG45: 177000 | CH45: 160000 | CI45: 177000 | CZ45: 160000 | DA45: 177000 | DG45: 147000 | DH45: 147000 | DI45: 177000 | DJ45: 177000 | DK45: 147000 | DL45: 177000 | DM45: 147000 | DN45: 177000
A46: Lafayette | J46: 46161 | K46: 45791 | L46: 45428 | M46: 45007
A47: Lake | J47: 46162 | K47: 45692 | L47: 45427 | M47: 45034 | O47: Escalation Factor | P47: =$P$3 -> RFA 2023-102 | Q47: =$Q$3 -> RFA 2023-102SF | R47: =$R$3 -> RFA 2023-103 | S47: =$S$3 -> RFA 2023-103SF | T47: =$T$3 -> RFA 2023-104 | U47: =$U$3 -> RFA 2023-104SF | V47: =$V$3 -> RFA 2023-105 | W47: =$W$3 -> RFA 2023-106 | X47: =$X$3 -> RFA 2023-106SF | Y47: =$Y$3 -> RFA 2023-108 | Z47: =$Z$3 -> RFA 2023-201 | AA47: =$AA$3 -> RFA 2023-202 | AB47: =$AB$3 -> RFA 2023-202SF | AC47: =$AC$3 -> RFA 2023-203SF | AD47: RFA 2023-204 | AE47: RFA 2023-204SF | AF47: =$AF$3 -> RFA 2023-205 | AG47: =$AG$3 -> RFA 2023-205SF | AH47: =$AH$3 -> RFA 2023-211 | AI47: =$AI$3 -> RFA 2023-212 | AJ47: =$AJ$3 -> RFA 2023-213 | AK47: =AK$3 -> RFA 2023-213SF | AL47: =$AL$3 -> RFA 2023-304 | AM47: =$AM$3 -> RFA 2024-102 | AN47: =$AN$3 -> RFA 2024-102SF | AO47: =$AO$3 -> RFA 2024-103 | AP47: =$AP$3 -> RFA 2024-103SF | AQ47: =$AQ$3 -> RFA 2024-104 | AR47: =$AR$3 -> RFA 2024-104SF | AS47: =$AS$3 -> RFA 2024-105 | AT47: =AT3 -> RFA 2024-106 | AU47: =AU3 -> RFA 2024-106SF | AV47: =AV3 -> RFA 2024-201 | AW47: =AW3 -> RFA 2024-202 | AX47: =AX3 -> RFA 2024-202SF | AY47: =AY3 -> RFA 2024-203 | AZ47: =AZ3 -> RFA 2024-204 | BA47: =BA3 -> RFA 2024-204SF | ... BC47: =BC3 -> RFA 2024-205SF | BD47: =$BD$3 -> RFA 2024-206 | BE47: =BE3 -> RFA 2024-206SF | BF47: =$BF$3 -> RFA 2024-213 | BG47: =$BG$3 -> RFA 2024-213SF | BH47: =BH3 -> RFA 2024-214 | BI47: =BI3 -> RFA 2024-214SF | BJ47: =BJ3 -> RFA 2024-215 | BK47: =BK3 -> RFA 2024-215SF | BL47: =BL3 -> RFA 2024-216 | BM47: =BM3 -> RFA 2024-216SF | BN47: =BN3 -> RFA 2024-305 | BO47: =BO3 -> RFA 2024-305SF | ... BY47: =BY3 -> RFA 2025-106SF | BZ47: =$BZ$3 -> RFA 2025-108 | CA47: =$CA$3 -> RFA 2025-108SF | CB47: =CB3 -> RFA 2025-201 | CC47: =CC3 -> RFA 2025-202 | CD47: =CD3 -> RFA 2025-202SF | CE47: =CE3 -> RFA 2025-203 | CF47: =CF3 -> RFA 2025-204 | CG47: =CG3 -> RFA 2025-204SF | CH47: =CH3 -> RFA 2025-205 | CI47: =CI3 -> RFA 2025-205SF | ... CK47: =CK3 -> RFA 2025-206SF | CL47: =CL38 -> RFA 2025-212 | CM47: =CM38 -> RFA 2025-212SF | CN47: =CN38 -> RFA 2025-213 | CO47: =CO38 -> RFA 2025-213SF | CP47: =CP3 -> RFA 2025-214 | CQ47: =CQ3 -> RFA 2025-214SF | CR47: =CR3 -> RFA 2025-215 | CS47: =CS3 -> RFA 2025-215SF | CT47: =CT3 -> RFA 2025-216 | CU47: =CU3 -> RFA 2025-216SF | CV47: =CV3 -> RFA 2026-102 | CW47: =CW3 -> RFA 2026-102SF | ... CY47: =CY3 -> RFA 2026-103SF | CZ47: =CZ38 -> RFA 2026-104 | DA47: =DA38 -> RFA 2026-104SF | DB47: =DB38 -> RFA 2026-105 | DC47: =DC3 -> RFA 2026-106 | DD47: =DD3 -> RFA 2026-106SF | DE47: =$DE$3 -> RFA 2026-108 | DF47: =$DF$3 -> RFA 2026-108SF | DG47: =DG3 -> RFA 2026-201 | DH47: =DH3 -> RFA 2026-202 | DI47: =DI3 -> RFA 2026-202SF | DJ47: =DJ3 -> RFA 2026-203 | DK47: =DK38 -> RFA 2026-204 | DL47: =DL38 -> RFA 2026-204SF | DM47: RFA 2026-205 | DN47: RFA 2026-205SF | DO47: =DO3 -> RFA 2026-206 | DP47: =DP3 -> RFA 2026-206SF | DQ47: =DQ3 -> RFA 2026-212 | DR47: =DR3 -> RFA 2026-212SF | DS47: =DS3 -> RFA 2026-216 | DT47: =DT3 -> RFA 2026-216SF | DU47: =DU3 -> RFA 2026-218 | DV47: =DV3 -> RFA 2026-218SF | DW47: =$DW$3 -> RFA 2027-103 | DX47: =$DX$3 -> RFA 2027-103SF | DY47: =$DY$3 -> RFA 2027-106 | DZ47: =$DZ$3 -> RFA 2027-106SF
A48: Lee | J48: 46043 | K48: 45818 | L48: 45337 | M48: 44957 | Z48: 0.06 | AA48: 0.06 | AB48: 0.06 | AC48: 0.06 | AD48: 0.06 | AE48: 0.06 | AF48: 0.06 | AG48: 0.06 | AI48: 0.06 | AJ48: 0.06 | AK48: 0.06 | AM48: 0.06 | AN48: 0.06 | AO48: 0.06 | AP48: 0.06 | AQ48: 0.06 | AR48: 0.06 | AT48: 0.06 | AU48: 0.06 | AV48: 0.06 | AW48: 0.06 | AX48: 0.06 | AY48: 0.06 | AZ48: 0.06 | BA48: 0.06 | BB48: 0.06 | BC48: 0.06 | BD48: 0.06 | BE48: 0.06 | BF48: 0.06 | BG48: 0.06 | BH48: 0.06 | BI48: 0.06 | BJ48: 0.06 | BK48: 0.06 | BL48: 0.06 | BM48: 0.06 | BN48: 0.06 | BO48: 0.06 | BP48: 0.06 | BQ48: 0.06 | BR48: 0.06 | BS48: 0.06 | BT48: 0.06 | BU48: 0.06 | BV48: 0.06 | BW48: 0.06 | BX48: 0.06 | BY48: 0.06 | BZ48: 0.06 | CA48: 0.06 | CB48: 0.06 | CC48: 0.06 | CD48: 0.06 | CE48: 0.06 | CF48: 0.06 | CG48: 0.06 | CH48: 0.06 | CI48: 0.06 | CJ48: 0.06 | CK48: 0.06 | CL48: 0.06 | CM48: 0.06 | CN48: 0.06 | CO48: 0.06 | CP48: 0.06 | CQ48: 0.06 | CR48: 0.06 | CS48: 0.06 | CT48: 0.06 | CU48: 0.06 | CV48: 0.06 | CW48: 0.06 | CX48: 0.06 | CY48: 0.06 | CZ48: 0.06 | DA48: 0.06 | DC48: 0.06 | DD48: 0.06 | DE48: 0.06 | DF48: 0.06 | DG48: 0.06 | DH48: 0.06 | DI48: 0.06 | DJ48: 0.06 | DK48: 0.06 | DL48: 0.06 | DM48: 0.06 | DN48: 0.06 | DO48: 0.06 | DP48: 0.06 | DQ48: 0.06 | DR48: 0.06 | DS48: 0.06 | DT48: 0.06 | DW48: 0.06 | DX48: 0.06 | DY48: 0.06 | DZ48: 0.06
A49: Leon | J49: 46259 | K49: 45979 | L49: 45482 | M49: 45027 | Z49: 0.06 | AA49: 0.06 | AB49: 0.06 | AC49: 0.06 | AD49: 0.06 | AE49: 0.06 | AF49: 0.06 | AG49: 0.06 | AI49: 0.06 | AJ49: 0.06 | AK49: 0.06 | AM49: 0.06 | AN49: 0.06 | AO49: 0.06 | AP49: 0.06 | AQ49: 0.06 | AR49: 0.06 | AT49: 0.06 | AU49: 0.06 | AV49: 0.06 | AW49: 0.06 | AX49: 0.06 | AY49: 0.06 | AZ49: 0.06 | BA49: 0.06 | BB49: 0.06 | BC49: 0.06 | BD49: 0.06 | BE49: 0.06 | BF49: 0.06 | BG49: 0.06 | BH49: 0.06 | BI49: 0.06 | BJ49: 0.06 | BK49: 0.06 | BL49: 0.06 | BM49: 0.06 | BN49: 0.06 | BO49: 0.06 | BP49: 0.06 | BQ49: 0.06 | BR49: 0.06 | BS49: 0.06 | BT49: 0.06 | BU49: 0.06 | BV49: 0.06 | BW49: 0.06 | BX49: 0.06 | BY49: 0.06 | BZ49: 0.06 | CA49: 0.06 | CB49: 0.06 | CC49: 0.06 | CD49: 0.06 | CE49: 0.06 | CF49: 0.06 | CG49: 0.06 | CH49: 0.06 | CI49: 0.06 | CJ49: 0.06 | CK49: 0.06 | CL49: 0.06 | CM49: 0.06 | CN49: 0.06 | CO49: 0.06 | CP49: 0.06 | CQ49: 0.06 | CR49: 0.06 | CS49: 0.06 | CT49: 0.06 | CU49: 0.06 | CV49: 0.06 | CW49: 0.06 | CX49: 0.06 | CY49: 0.06 | CZ49: 0.06 | DA49: 0.06 | DC49: 0.06 | DD49: 0.06 | DE49: 0.06 | DF49: 0.06 | DG49: 0.06 | DH49: 0.06 | DI49: 0.06 | DJ49: 0.06 | DK49: 0.06 | DL49: 0.06 | DM49: 0.06 | DN49: 0.06 | DO49: 0.06 | DP49: 0.06 | DQ49: 0.06 | DR49: 0.06 | DS49: 0.06 | DT49: 0.06 | DW49: 0.06 | DX49: 0.06 | DY49: 0.06 | DZ49: 0.06
A50: Levy | J50: 46245 | K50: 45980 | L50: 45491 | M50: 45181 | Z50: 0.06 | AA50: 0.06 | AB50: 0.06 | AC50: 0.06 | AD50: 0.06 | AE50: 0.06 | AF50: 0.06 | AG50: 0.06 | AI50: 0.06 | AJ50: 0.06 | AK50: 0.06 | AM50: 0.06 | AN50: 0.06 | AO50: 0.06 | AP50: 0.06 | AQ50: 0.06 | AR50: 0.06 | AT50: 0.06 | AU50: 0.06 | AV50: 0.06 | AW50: 0.06 | AX50: 0.06 | AY50: 0.06 | AZ50: 0.06 | BA50: 0.06 | BB50: 0.06 | BC50: 0.06 | BD50: 0.06 | BE50: 0.06 | BF50: 0.06 | BG50: 0.06 | BH50: 0.06 | BI50: 0.06 | BJ50: 0.06 | BK50: 0.06 | BL50: 0.06 | BM50: 0.06 | BN50: 0.06 | BO50: 0.06 | BP50: 0.06 | BQ50: 0.06 | BR50: 0.06 | BS50: 0.06 | BT50: 0.06 | BU50: 0.06 | BV50: 0.06 | BW50: 0.06 | BX50: 0.06 | BY50: 0.06 | BZ50: 0.06 | CA50: 0.06 | CB50: 0.06 | CC50: 0.06 | CD50: 0.06 | CE50: 0.06 | CF50: 0.06 | CG50: 0.06 | CH50: 0.06 | CI50: 0.06 | CL50: 0.06 | CM50: 0.06 | CN50: 0.06 | CO50: 0.06 | CP50: 0.06 | CQ50: 0.06 | CR50: 0.06 | CS50: 0.06 | CT50: 0.06 | CU50: 0.06 | CV50: 0.06 | CW50: 0.06 | CX50: 0.06 | CY50: 0.06 | CZ50: 0.06 | DA50: 0.06 | DC50: 0.06 | DD50: 0.06 | DE50: 0.06 | DF50: 0.06 | DG50: 0.06 | DH50: 0.06 | DI50: 0.06 | DJ50: 0.06 | DK50: 0.06 | DL50: 0.06 | DM50: 0.06 | DN50: 0.06 | DQ50: 0.06 | DR50: 0.06 | DS50: 0.06 | DT50: 0.06 | DW50: 0.06 | DX50: 0.06 | DY50: 0.06 | DZ50: 0.06
A51: Liberty | J51: 46246 | K51: 45981 | L51: 45484 | M51: 45182 | Z51: 0.06 | AA51: 0.06 | AB51: 0.06 | AC51: 0.06 | AD51: 0.06 | AE51: 0.06 | AF51: 0.06 | AG51: 0.06 | AI51: 0.06 | AJ51: 0.06 | AK51: 0.06 | AM51: 0.06 | AN51: 0.06 | AO51: 0.06 | AP51: 0.06 | AQ51: 0.06 | AR51: 0.06 | AT51: 0.06 | AU51: 0.06 | AV51: 0.06 | AW51: 0.06 | AX51: 0.06 | AY51: 0.06 | AZ51: 0.06 | BA51: 0.06 | BB51: 0.06 | BC51: 0.06 | BD51: 0.06 | BE51: 0.06 | BF51: 0.06 | BG51: 0.06 | BH51: 0.06 | BI51: 0.06 | BJ51: 0.06 | BK51: 0.06 | BL51: 0.06 | BM51: 0.06 | BN51: 0.06 | BO51: 0.06 | BP51: 0.06 | BQ51: 0.06 | BR51: 0.06 | BS51: 0.06 | BT51: 0.06 | BU51: 0.06 | BV51: 0.06 | BW51: 0.06 | BX51: 0.06 | BY51: 0.06 | BZ51: 0.06 | CA51: 0.06 | CB51: 0.06 | CC51: 0.06 | CD51: 0.06 | CE51: 0.06 | CF51: 0.06 | CG51: 0.06 | CH51: 0.06 | CI51: 0.06 | CL51: 0.06 | CM51: 0.06 | CN51: 0.06 | CO51: 0.06 | CP51: 0.06 | CQ51: 0.06 | CR51: 0.06 | CS51: 0.06 | CT51: 0.06 | CU51: 0.06 | CV51: 0.06 | CW51: 0.06 | CX51: 0.06 | CY51: 0.06 | CZ51: 0.06 | DA51: 0.06 | DC51: 0.06 | DD51: 0.06 | DE51: 0.06 | DF51: 0.06 | DG51: 0.06 | DH51: 0.06 | DI51: 0.06 | DJ51: 0.06 | DK51: 0.06 | DL51: 0.06 | DM51: 0.06 | DN51: 0.06 | DQ51: 0.06 | DR51: 0.06 | DS51: 0.06 | DT51: 0.06 | DW51: 0.06 | DX51: 0.06 | DY51: 0.06 | DZ51: 0.06
A52: Madison | J52: 46247 | K52: 45959 | L52: 45636 | M52: 45183 | Z52: 0.06 | AA52: 0.06 | AB52: 0.06 | AC52: 0.06 | AD52: 0.06 | AE52: 0.06 | AF52: 0.06 | AG52: 0.06 | AI52: 0.06 | AJ52: 0.06 | AK52: 0.06 | AM52: 0.06 | AN52: 0.06 | AO52: 0.06 | AP52: 0.06 | AQ52: 0.06 | AR52: 0.06 | AT52: 0.06 | AU52: 0.06 | AV52: 0.06 | AW52: 0.06 | AX52: 0.06 | AY52: 0.06 | AZ52: 0.06 | BA52: 0.06 | BB52: 0.06 | BC52: 0.06 | BD52: 0.06 | BE52: 0.06 | BF52: 0.06 | BG52: 0.06 | BH52: 0.06 | BI52: 0.06 | BJ52: 0.06 | BK52: 0.06 | BL52: 0.06 | BM52: 0.06 | BN52: 0.06 | BO52: 0.06 | BP52: 0.06 | BQ52: 0.06 | BR52: 0.06 | BS52: 0.06 | BT52: 0.06 | BU52: 0.06 | BV52: 0.06 | BW52: 0.06 | BX52: 0.06 | BY52: 0.06 | BZ52: 0.06 | CA52: 0.06 | CB52: 0.06 | CC52: 0.06 | CD52: 0.06 | CE52: 0.06 | CF52: 0.06 | CG52: 0.06 | CH52: 0.06 | CI52: 0.06 | CL52: 0.06 | CM52: 0.06 | CN52: 0.06 | CO52: 0.06 | CP52: 0.06 | CQ52: 0.06 | CR52: 0.06 | CS52: 0.06 | CT52: 0.06 | CU52: 0.06 | CX52: 0.06 | CY52: 0.06 | CZ52: 0.06 | DA52: 0.06 | DC52: 0.06 | DD52: 0.06 | DG52: 0.06 | DH52: 0.06 | DI52: 0.06 | DJ52: 0.06 | DK52: 0.06 | DL52: 0.06 | DM52: 0.06 | DN52: 0.06 | DQ52: 0.06 | DR52: 0.06 | DS52: 0.06 | DT52: 0.06 | DW52: 0.06 | DX52: 0.06 | DY52: 0.06 | DZ52: 0.06
A53: Manatee | J53: TBD | K53: 45957 | L53: 45547 | M53: 45274 | Z53: 0.06 | AA53: 0.06 | AB53: 0.06 | AC53: 0.06 | AD53: 0.06 | AE53: 0.06 | AF53: 0.06 | AG53: 0.06 | AI53: 0.06 | AM53: 0.06 | AN53: 0.06 | AO53: 0.06 | AP53: 0.06 | AQ53: 0.06 | AR53: 0.06 | AT53: 0.06 | AU53: 0.06 | AV53: 0.06 | AW53: 0.06 | AX53: 0.06 | AY53: 0.06 | AZ53: 0.06 | BA53: 0.06 | BB53: 0.06 | BC53: 0.06 | BF53: 0.06 | BG53: 0.06 | BR53: 0.06 | BS53: 0.06 | BV53: 0.06 | BW53: 0.06 | CB53: 0.06 | CC53: 0.06 | CD53: 0.06 | CE53: 0.06 | CF53: 0.06 | CG53: 0.06 | CH53: 0.06 | CI53: 0.06 | CZ53: 0.06 | DA53: 0.06 | DG53: 0.06 | DH53: 0.06 | DI53: 0.06 | DJ53: 0.06 | DK53: 0.06 | DL53: 0.06 | DM53: 0.06 | DN53: 0.06
A54: Marion | J54: 46287 | K54: 45706 | L54: 45336 | M54: 45141 | Z54: 0.06 | AA54: 0.06 | AB54: 0.06 | AC54: 0.06 | AD54: 0.06 | AE54: 0.06 | AF54: 0.06 | AG54: 0.06 | AI54: 0.06 | AM54: 0.06 | AN54: 0.06 | AO54: 0.06 | AP54: 0.06 | AQ54: 0.06 | AR54: 0.06 | AT54: 0.06 | AU54: 0.06 | AV54: 0.06 | AW54: 0.06 | AX54: 0.06 | AY54: 0.06 | AZ54: 0.06 | BA54: 0.06 | BB54: 0.06 | BC54: 0.06 | BF54: 0.06 | BG54: 0.06 | BR54: 0.06 | BS54: 0.06 | BV54: 0.06 | BW54: 0.06 | CB54: 0.06 | CC54: 0.06 | CD54: 0.06 | CE54: 0.06 | CF54: 0.06 | CG54: 0.06 | CH54: 0.06 | CI54: 0.06 | CZ54: 0.06 | DA54: 0.06 | DG54: 0.06 | DH54: 0.06 | DI54: 0.06 | DJ54: 0.06 | DK54: 0.06 | DL54: 0.06 | DM54: 0.06 | DN54: 0.06
A55: Martin | J55: 46051 | K55: 45960 | L55: 45646 | M55: 45063
A56: Miami-Dade | J56: TBD | K56: 45917 | L56: 45489 | M56: 45146 | O56: Soft Cost Multiplier | P56: =$P$3 -> RFA 2023-102 | Q56: =$Q$3 -> RFA 2023-102SF | R56: =$R$3 -> RFA 2023-103 | S56: =$S$3 -> RFA 2023-103SF | T56: =$T$3 -> RFA 2023-104 | U56: =$U$3 -> RFA 2023-104SF | V56: =$V$3 -> RFA 2023-105 | W56: =$W$3 -> RFA 2023-106 | X56: =$X$3 -> RFA 2023-106SF | Y56: =$Y$3 -> RFA 2023-108 | Z56: =Z3 -> RFA 2023-201 | AA56: =AA3 -> RFA 2023-202 | AB56: =AB3 -> RFA 2023-202SF | AC56: =AC3 -> RFA 2023-203SF | AD56: =AD3 -> RFA 2023-204 | AE56: =AE3 -> RFA 2023-204SF | AF56: =AF3 -> RFA 2023-205 | AG56: =AG3 -> RFA 2023-205SF | ... DD56: =DD3 -> RFA 2026-106SF | DE56: =$DE$3 -> RFA 2026-108 | DF56: =$DF$3 -> RFA 2026-108SF | DG56: =DG3 -> RFA 2026-201 | DH56: =DH3 -> RFA 2026-202 | DI56: =DI3 -> RFA 2026-202SF | DJ56: =DJ3 -> RFA 2026-203 | DK56: =DK47 -> RFA 2026-204 | DL56: =DL47 -> RFA 2026-204SF | DM56: RFA 2026-205 | DN56: RFA 2026-205SF | DO56: =DO3 -> RFA 2026-206 | DP56: =DP3 -> RFA 2026-206SF | DQ56: =DQ3 -> RFA 2026-212 | DR56: =DR3 -> RFA 2026-212SF | DS56: =DS3 -> RFA 2026-216 | DT56: =DT3 -> RFA 2026-216SF | DU56: =DU3 -> RFA 2026-218 | DV56: =DV3 -> RFA 2026-218SF | DW56: =$DW$3 -> RFA 2027-103 | DX56: =$DX$3 -> RFA 2027-103SF | DY56: =$DY$3 -> RFA 2027-106 | DZ56: =$DZ$3 -> RFA 2027-106SF
A57: Monroe | J57: 46296 | K57: 46070 | L57: 45539 | M57: 45280 | Z57: 0.75 | AA57: 0.75 | AB57: 0.75 | AC57: 0.75 | AD57: 0.75 | AE57: 0.75 | AF57: 0.75 | AG57: 0.75 | AI57: 0.75 | AJ57: 0.75 | AK57: 0.75 | AM57: 0.75 | AN57: 0.75 | AO57: 0.75 | AP57: 0.75 | AQ57: 0.75 | AR57: 0.75 | AT57: 0.75 | AU57: 0.75 | AV57: 0.75 | AW57: 0.75 | AX57: 0.75 | AY57: 0.75 | AZ57: 0.75 | BA57: 0.75 | BB57: 0.75 | BC57: 0.75 | BD57: 0.75 | BE57: 0.75 | BF57: 0.75 | BG57: 0.75 | BH57: 0.75 | BI57: 0.75 | BJ57: 0.75 | BK57: 0.75 | BL57: 0.75 | BM57: 0.75 | BN57: 0.75 | BO57: 0.75 | BP57: 0.75 | BQ57: 0.75 | BR57: 0.75 | BS57: 0.75 | BT57: 0.75 | BU57: 0.75 | BV57: 0.75 | BW57: 0.75 | BX57: 0.75 | BY57: 0.75 | BZ57: 0.75 | CA57: 0.75 | CB57: 0.75 | CC57: 0.75 | CD57: 0.75 | CE57: 0.75 | CF57: 0.75 | CG57: 0.75 | CH57: 0.75 | CI57: 0.75 | CJ57: 0.75 | CK57: 0.75 | CL57: 0.75 | CM57: 0.75 | CN57: 0.75 | CO57: 0.75 | CP57: 0.75 | CQ57: 0.75 | CR57: 0.75 | CS57: 0.75 | CT57: 0.75 | CU57: 0.75 | CV57: 0.75 | CW57: 0.75 | CX57: 0.75 | CY57: 0.75 | CZ57: 0.75 | DA57: 0.75 | DC57: 0.75 | DD57: 0.75 | DE57: 0.75 | DF57: 0.75 | DG57: 0.75 | DH57: 0.75 | DI57: 0.75 | DJ57: 0.75 | DK57: 0.75 | DL57: 0.75 | DM57: 0.75 | DN57: 0.75 | DO57: 0.75 | DP57: 0.75 | DQ57: 0.75 | DR57: 0.75 | DS57: 0.75 | DT57: 0.75 | DW57: 0.75 | DX57: 0.75 | DY57: 0.75 | DZ57: 0.75
A58: Nassau | J58: TBD | K58: 45937 | L58: 45504 | M58: 45049 | Z58: 0.75 | AA58: 0.75 | AB58: 0.75 | AC58: 0.75 | AD58: 0.75 | AE58: 0.75 | AF58: 0.75 | AG58: 0.75 | AI58: 0.75 | AJ58: 0.75 | AK58: 0.75 | AM58: 0.75 | AN58: 0.75 | AO58: 0.75 | AP58: 0.75 | AQ58: 0.75 | AR58: 0.75 | AT58: 0.75 | AU58: 0.75 | AV58: 0.75 | AW58: 0.75 | AX58: 0.75 | AY58: 0.75 | AZ58: 0.75 | BA58: 0.75 | BB58: 0.75 | BC58: 0.75 | BD58: 0.75 | BE58: 0.75 | BF58: 0.75 | BG58: 0.75 | BH58: 0.75 | BI58: 0.75 | BJ58: 0.75 | BK58: 0.75 | BL58: 0.75 | BM58: 0.75 | BN58: 0.75 | BO58: 0.75 | BP58: 0.75 | BQ58: 0.75 | BR58: 0.75 | BS58: 0.75 | BT58: 0.75 | BU58: 0.75 | BV58: 0.75 | BW58: 0.75 | BX58: 0.75 | BY58: 0.75 | BZ58: 0.75 | CA58: 0.75 | CB58: 0.75 | CC58: 0.75 | CD58: 0.75 | CE58: 0.75 | CF58: 0.75 | CG58: 0.75 | CH58: 0.75 | CI58: 0.75 | CJ58: 0.75 | CK58: 0.75 | CL58: 0.75 | CM58: 0.75 | CN58: 0.75 | CO58: 0.75 | CP58: 0.75 | CQ58: 0.75 | CR58: 0.75 | CS58: 0.75 | CT58: 0.75 | CU58: 0.75 | CV58: 0.75 | CW58: 0.75 | CX58: 0.75 | CY58: 0.75 | CZ58: 0.75 | DA58: 0.75 | DC58: 0.75 | DD58: 0.75 | DE58: 0.75 | DF58: 0.75 | DG58: 0.75 | DH58: 0.75 | DI58: 0.75 | DJ58: 0.75 | DK58: 0.75 | DL58: 0.75 | DM58: 0.75 | DN58: 0.75 | DO58: 0.75 | DP58: 0.75 | DQ58: 0.75 | DR58: 0.75 | DS58: 0.75 | DT58: 0.75 | DW58: 0.75 | DX58: 0.75 | DY58: 0.75 | DZ58: 0.75
A59: Okaloosa | K59: 45748 | L59: 45433 | Z59: 0.75 | AA59: 0.75 | AB59: 0.75 | AC59: 0.75 | AD59: 0.75 | AE59: 0.75 | AF59: 0.75 | AG59: 0.75 | AI59: 0.75 | AJ59: 0.75 | AK59: 0.75 | AM59: 0.75 | AN59: 0.75 | AO59: 0.75 | AP59: 0.75 | AQ59: 0.75 | AR59: 0.75 | AT59: 0.75 | AU59: 0.75 | AV59: 0.75 | AW59: 0.75 | AX59: 0.75 | AY59: 0.75 | AZ59: 0.75 | BA59: 0.75 | BB59: 0.75 | BC59: 0.75 | BD59: 0.75 | BE59: 0.75 | BF59: 0.75 | BG59: 0.75 | BH59: 0.75 | BI59: 0.75 | BJ59: 0.75 | BK59: 0.75 | BL59: 0.75 | BM59: 0.75 | BN59: 0.75 | BO59: 0.75 | BP59: 0.75 | BQ59: 0.75 | BR59: 0.75 | BS59: 0.75 | BT59: 0.75 | BU59: 0.75 | BV59: 0.75 | BW59: 0.75 | BX59: 0.75 | BY59: 0.75 | BZ59: 0.75 | CA59: 0.75 | CB59: 0.75 | CC59: 0.75 | CD59: 0.75 | CE59: 0.75 | CF59: 0.75 | CG59: 0.75 | CH59: 0.75 | CI59: 0.75 | CL59: 0.75 | CM59: 0.75 | CN59: 0.75 | CO59: 0.75 | CP59: 0.75 | CQ59: 0.75 | CR59: 0.75 | CS59: 0.75 | CT59: 0.75 | CU59: 0.75 | CV59: 0.75 | CW59: 0.75 | CX59: 0.75 | CY59: 0.75 | CZ59: 0.75 | DA59: 0.75 | DC59: 0.75 | DD59: 0.75 | DE59: 0.75 | DF59: 0.75 | DG59: 0.75 | DH59: 0.75 | DI59: 0.75 | DJ59: 0.75 | DK59: 0.75 | DL59: 0.75 | DM59: 0.75 | DN59: 0.75 | DQ59: 0.75 | DR59: 0.75 | DS59: 0.75 | DT59: 0.75 | DW59: 0.75 | DX59: 0.75 | DY59: 0.75 | DZ59: 0.75
A60: Okeechobee | L60: 45540 | Z60: 0.75 | AA60: 0.75 | AB60: 0.75 | AC60: 0.75 | AD60: 0.75 | AE60: 0.75 | AF60: 0.75 | AG60: 0.75 | AI60: 0.75 | AJ60: 0.75 | AK60: 0.75 | AM60: 0.75 | AN60: 0.75 | AO60: 0.75 | AP60: 0.75 | AQ60: 0.75 | AR60: 0.75 | AT60: 0.75 | AU60: 0.75 | AV60: 0.75 | AW60: 0.75 | AX60: 0.75 | AY60: 0.75 | AZ60: 0.75 | BA60: 0.75 | BB60: 0.75 | BC60: 0.75 | BD60: 0.75 | BE60: 0.75 | BF60: 0.75 | BG60: 0.75 | BH60: 0.75 | BI60: 0.75 | BJ60: 0.75 | BK60: 0.75 | BL60: 0.75 | BM60: 0.75 | BN60: 0.75 | BO60: 0.75 | BP60: 0.75 | BQ60: 0.75 | BR60: 0.75 | BS60: 0.75 | BT60: 0.75 | BU60: 0.75 | BV60: 0.75 | BW60: 0.75 | BX60: 0.75 | BY60: 0.75 | BZ60: 0.75 | CA60: 0.75 | CB60: 0.75 | CC60: 0.75 | CD60: 0.75 | CE60: 0.75 | CF60: 0.75 | CG60: 0.75 | CH60: 0.75 | CI60: 0.75 | CL60: 0.75 | CM60: 0.75 | CN60: 0.75 | CO60: 0.75 | CP60: 0.75 | CQ60: 0.75 | CR60: 0.75 | CS60: 0.75 | CT60: 0.75 | CU60: 0.75 | CV60: 0.75 | CW60: 0.75 | CX60: 0.75 | CY60: 0.75 | CZ60: 0.75 | DA60: 0.75 | DC60: 0.75 | DD60: 0.75 | DE60: 0.75 | DF60: 0.75 | DG60: 0.75 | DH60: 0.75 | DI60: 0.75 | DJ60: 0.75 | DK60: 0.75 | DL60: 0.75 | DM60: 0.75 | DN60: 0.75 | DQ60: 0.75 | DR60: 0.75 | DS60: 0.75 | DT60: 0.75 | DW60: 0.75 | DX60: 0.75 | DY60: 0.75 | DZ60: 0.75
A61: Orange | Z61: 0.75 | AA61: 0.75 | AB61: 0.75 | AC61: 0.75 | AD61: 0.75 | AE61: 0.75 | AF61: 0.75 | AG61: 0.75 | AI61: 0.75 | AJ61: 0.75 | AK61: 0.75 | AM61: 0.75 | AN61: 0.75 | AO61: 0.75 | AP61: 0.75 | AQ61: 0.75 | AR61: 0.75 | AT61: 0.75 | AU61: 0.75 | AV61: 0.75 | AW61: 0.75 | AX61: 0.75 | AY61: 0.75 | AZ61: 0.75 | BA61: 0.75 | BB61: 0.75 | BC61: 0.75 | BD61: 0.75 | BE61: 0.75 | BF61: 0.75 | BG61: 0.75 | BH61: 0.75 | BI61: 0.75 | BJ61: 0.75 | BK61: 0.75 | BL61: 0.75 | BM61: 0.75 | BN61: 0.75 | BO61: 0.75 | BP61: 0.75 | BQ61: 0.75 | BR61: 0.75 | BS61: 0.75 | BT61: 0.75 | BU61: 0.75 | BV61: 0.75 | BW61: 0.75 | BX61: 0.75 | BY61: 0.75 | BZ61: 0.75 | CA61: 0.75 | CB61: 0.75 | CC61: 0.75 | CD61: 0.75 | CE61: 0.75 | CF61: 0.75 | CG61: 0.75 | CH61: 0.75 | CI61: 0.75 | CL61: 0.75 | CM61: 0.75 | CN61: 0.75 | CO61: 0.75 | CP61: 0.75 | CQ61: 0.75 | CR61: 0.75 | CS61: 0.75 | CT61: 0.75 | CU61: 0.75 | CX61: 0.75 | CY61: 0.75 | CZ61: 0.75 | DA61: 0.75 | DC61: 0.75 | DD61: 0.75 | DG61: 0.75 | DH61: 0.75 | DI61: 0.75 | DJ61: 0.75 | DK61: 0.75 | DL61: 0.75 | DM61: 0.75 | DN61: 0.75 | DQ61: 0.75 | DR61: 0.75 | DS61: 0.75 | DT61: 0.75 | DW61: 0.75 | DX61: 0.75 | DY61: 0.75 | DZ61: 0.75
A62: Osceola | Z62: 0.75 | AA62: 0.75 | AB62: 0.75 | AC62: 0.75 | AD62: 0.75 | AE62: 0.75 | AF62: 0.75 | AG62: 0.75 | AI62: 0.75 | AM62: 0.75 | AN62: 0.75 | AO62: 0.75 | AP62: 0.75 | AQ62: 0.75 | AR62: 0.75 | AT62: 0.75 | AU62: 0.75 | AV62: 0.75 | AW62: 0.75 | AX62: 0.75 | AY62: 0.75 | AZ62: 0.75 | BA62: 0.75 | BB62: 0.75 | BC62: 0.75 | BF62: 0.75 | BG62: 0.75 | BR62: 0.75 | BS62: 0.75 | BV62: 0.75 | BW62: 0.75 | CB62: 0.75 | CC62: 0.75 | CD62: 0.75 | CE62: 0.75 | CF62: 0.75 | CG62: 0.75 | CH62: 0.75 | CI62: 0.75 | CZ62: 0.75 | DA62: 0.75 | DG62: 0.7 | DH62: 0.7 | DI62: 0.7 | DJ62: 0.7 | DK62: 0.7 | DL62: 0.7 | DM62: 0.7 | DN62: 0.7
A63: Palm Beach | C63: Descriptions | Z63: 0.75 | AA63: 0.75 | AB63: 0.75 | AC63: 0.75 | AD63: 0.75 | AE63: 0.75 | AF63: 0.75 | AG63: 0.75 | AI63: 0.75 | AM63: 0.75 | AN63: 0.75 | AO63: 0.75 | AP63: 0.75 | AQ63: 0.75 | AR63: 0.75 | AT63: 0.75 | AU63: 0.75 | AV63: 0.75 | AW63: 0.75 | AX63: 0.75 | AY63: 0.75 | AZ63: 0.75 | BA63: 0.75 | BB63: 0.75 | BC63: 0.75 | BF63: 0.75 | BG63: 0.75 | BR63: 0.75 | BS63: 0.75 | BV63: 0.75 | BW63: 0.75 | CB63: 0.75 | CC63: 0.75 | CD63: 0.75 | CE63: 0.75 | CF63: 0.75 | CG63: 0.75 | CH63: 0.75 | CI63: 0.75 | CZ63: 0.75 | DA63: 0.75 | DG63: 0.7 | DH63: 0.7 | DI63: 0.7 | DJ63: 0.7 | DK63: 0.7 | DL63: 0.7 | DM63: 0.7 | DN63: 0.7
A64: Pasco | I64: Housing Credit and SAIL Financing to Develop Housing for Homeless Persons | J64: SAIL Financing for Smaller Developments for Persons with Special Needs | K64: SAIL and HOME-ARP Financing for Smaller Developments for Persons with Special Needs | L64: SAIL and HOME-ARP Financing for Smaller Developments for Persons with Special Needs | M64: SAIL and HOME-ARP Financing for Smaller Developments for Persons with Special Needs
A65: Pinellas | I65: Financing for the Development of Housing for Persons with a Disabling Condition or Developmental Disabilities | J65: Housing Credit and SAIL Financing to Develop Housing for Homeless Persons | K65: Housing Credit and SAIL Financing to Develop Housing for Homeless Persons | L65: Housing Credit and SAIL Financing for Homeless Housing Developments Located in Medium and Large Counties | M65: Housing Credit and SAIL Financing for Homeless Housing Developments Located in Medium and Large Counties
A66: Polk | J66: SAIL Financing Farmworker and Commercial Fishing Worker Housing | K66: SAIL Financing Farmworker and Commercial Fishing Worker Housing | L66: SAIL Financing Farmworker and Commercial Fishing Worker Housing | M66: SAIL Funding for Farmworker and Commercial Fishing Worker Housing
A67: Putnam | J67: Financing to build Smaller Permanent Supportive Housing Properties for Persons with Developmental Disabilities | K67: Financing for the Development of Housing for Persons with a Disabling Condition or Developmental Disabilities | L67: Financing to build Smaller Permanent Supportive Housing Properties for Persons with Developmental Disabilities | M67: Financing to Build Smaller Permanent Supportive Housing Properties for Persons with Developmental Disabilities
A68: Saint Johns | J68: Financing for the Development of Housing for Persons with a Disabling Condition or Developmental Disabilities | K68: 9% Housing Credit and SAIL Financing for Homeless Housing Developments Located in Medium and Large Counties | L68: Financing for the Development of Housing for Persons with a Disabling Condition or Developmental Disabilities | M68: Financing to Develop Housing for Persons with Disabling Conditions/ Developmental Disabilities
A69: Saint Lucie | J69: SAIL Financing for Smaller Developments for Persons with Special Needs | K69: Housing Credit Financing for Affordable Housing Developments Located in Small and Medium Counties | L69: Housing Credit Financing for Affordable Housing Developments Located in Small and Medium Counties | M69: Housing Credit And RRLP Financing For Homeless Housing Developments Located In Medium And Large Counties Affected By Hurricane Ian And Nicole
A70: Santa Rosa | J70: Housing Credit Financing for Affordable Housing Developments Located in Small and Medium Counties | K70: Housing Credit Financing for Affordable Housing Developments Located in Broward, Duval, Hillsborough, Lee, Orange, Palm Beach, Pinellas, and Polk Counties | L70: Housing Credit Financing for Affordable Housing Developments Located in Broward, Duval, Hillsborough, Orange, Palm Beach, and Pinellas Counties | M70: Housing Credit Financing for Affordable Housing Developments Located in Medium and Small Counties
A71: Sarasota | J71: Housing Credit Financing for Affordable Housing Developments Located in Broward, Duval, Hillsborough, Lee, Orange, Palm Beach, Pinellas, and Polk Counties | K71: Housing Credit Financing for Affordable Housing Developments Located in Miami-Dade County | L71: Housing Credit Financing for Affordable Housing Developments Located in Miami-Dade County | M71: Housing Credit Financing for Affordable Housing Developments Located in Broward, Duval, Hillsborough, Orange, Palm Beach, and Pinellas Counties
A72: Seminole | J72: Housing Credit Financing for Affordable Housing Developments Located in Miami-Dade County | K72: SAIL Financing for the Preservation of Elderly Developments | L72: SAIL Financing for the Preservation of Elderly Developments | M72: Housing Credit Financing for Affordable Housing Developments Located in Miami-Dade County
A73: Sumter | J73: SAIL Financing for the Preservation of Elderly Developments | K73: SAIL Financing of Affordable Multifamily Housing Developments to be used in Conjunction with Tax-Exempt Bond Financing and Non-Competitive Housing Credits | L73: SAIL Financing of Affordable Multifamily Housing Developments to be used in Conjunction with Tax-Exempt Bond Financing and Non-Competitive Housing Credits | M73: SAIL Financing for the Preservation of Elderly Developments
A74: Suwannee | J74: SAIL Financing of Affordable Multifamily Housing Developments to be used in Conjunction with Tax-Exempt Bond Financing and Non-Competitive Housing Credits | K74: HOME and Live Local SAIL Financing to be used for Rental Developments in Certain Hurricane Impacted Rural Areas of Opportunity | L74: HOME and Live Local SAIL Financing to be used for Rental Developments in Certain Hurricane Idalia Impacted Counties | M74: SAIL Financing of Affordable Multifamily Housing Developments to be used in Conjunction with Tax-Exempt Bond Financing and Non-Competitive Housing Credits
A75: Taylor | J75: HOME and Live Local SAIL Financing to be used for Rental Developments in Rural Areas of Opportunity | K75: Housing Credit Financing to Provide Affordable Multifamily Rental Housing that is a part of Local Revitalization Initiatives | L75: SAIL Financing for Live Local Mixed Income, Mixed-Use, and Urban Infill Developments | M75: Construction Inflation Response Viability Funding
A76: Union | J76: Housing Credit Financing to Provide Affordable Multifamily Rental Housing that is a part of Local Revitalization Initiatives | K76: SAIL Financing for Live Local Mixed Income, Mixed-Use, and Urban Infill Developments | L76: Live Local SAIL Funding to be used for Developing and Reconstructing Affordable Multifamily Housing Developments | M76: Housing Credit Viability Funding for Developments located in Monroe County that have an Active Award of SAIL Financing and 9% Housing Credits
A77: Volusia | J77: Live Local SAIL Financing for the Construction of Large-Scale Developments of Significant Regional Impact | K77: Live Local SAIL Funding to be used for Developing and Reconstructing Affordable Multifamily Housing Developments | L77: Live Local SAIL Financing for Developments near Military installations | M77: SAIL Funding for Live Local Mixed Income, Mixed-Use, and Urban Infill Developments
A78: Wakulla | J78: SAIL Financing for the Preservation of Developments in the Corporation Portfolio | K78: Live Local SAIL Financing for Developments near Military installations | L78: Live Local SAIL Financing for the Construction of Large-Scale Developments of Significant Regional Impact | M78: Rental Recovery Loan Program (RRLP) Financing to be Used for Rental Developments in Hurricane Ian and Hurricane Nicole Impacted Counties
A79: Walton | K79: Live Local SAIL Financing for the Construction of Large-Scale Developments of Significant Regional Impact | L79: Community Development Block Grant — Disaster Recovery to be used in Conjunction with Tax-Exempt Bonds and Non-Competitive Housing Credits in Counties Deemed Hurricane Sally Recovery Priorities
A80: Washington | L80: Community Development Block Grant — Disaster Recovery to be used in Conjunction with Tax-Exempt Bonds and 4% Housing Credits in Counties Deemed Hurricane Ian Recovery Priorities
A82: <select> | EG82: All RFA's are to have the blue multipliers even if the sources don’t call for them because they could have outside sources that trigger them.
A83: Yes | C83: RFA Issued
A84: No | I84: 46315 | J84: 46372 | K84: 45540 | L84: 45267 | M84: 44901 | EG84: Updated the Soft Cost Factor for Rehab Developments from 75% to 70% per Kevin T - takes effect for the 2026-2027 RFA cycle - see rows 57-63
I85: 46315 | J85: 45965 | K85: 45582 | L85: 45237 | M85: 44866
J86: 46140 | K86: 45764 | L86: 45400 | M86: 44979
J87: 46141 | K87: 45582 | L87: 45406 | M87: 45006
J88: 45965 | K88: 45790 | L88: 45239 | M88: 44868
J89: 46244 | K89: 45952 | L89: 45461 | M89: 45027
J90: 46219 | K90: 45952 | L90: 45461 | M90: 45114
J91: 46219 | K91: 45952 | L91: 45461 | M91: 45114
J92: 46219 | K92: 45937 | L92: 45610 | M92: 45114
J93: TBD | K93: 45929 | L93: 45524 | M93: 45251
J94: 46259 | K94: 45678 | L94: 45314 | M94: 45112
J95: 46030 | K95: 45932 | L95: 45616 | M95: 45047
J96: TBD | K96: 45897 | L96: 45412 | M96: 45126
J97: 46269 | K97: 46028 | L97: 45504 | M97: 45250
J98: TBD | K98: 45909 | L98: 45488 | M98: 45028
K99: 45723 | L99: 45406
L100: 45505
AA139: =IF(AND(Year<>Data!A2,SUM(RFA!C21:C38)=1),"This is for"&RIGHT(VLOOKUP(1,RFA!Identify,2),LEN(VLOOKUP(1,RFA!Identify,2))-1)&", subject to TDC PU Limitations "&IF(H4=1,"of the original RFAs, ",IF(AND(H5=1,H6=0),"in effect after the 06/15/2018 Board Meeting, but prior to the 03/06/2020 Board Meeting, ",IF(AND(H5=1,H6=1),"in effect after the 03/06/2020 Board Meeting, but prior to the 07/30/2021 Board Meeting, ",IF(H7=1,"in effect after the 07/30/2021 Board Meeting, but prior to the 04/01/2022 Board Meeting, ",IF(H8=1,"in effect after the 04/01/2022 Board Meeting, ","(need to select a Board Condtion at top of page), ")))))&"incorporating "&IF(SUM(C41:C43)+N(G41)+N(G42)+N(G43)>0,IF(OR(C41=1,N(G41)=1),D41&IF(OR(C42=1,N(G42)=1),IF(C41+N(G41)>0," and "&D42&IF(OR(C43=1,N(G43)=1),IF(C41+C42+N(G41)+N(G42)>0," and "&D43,"44&45"),"45"),"??"),"xx"),IF(OR(C42=1,N(G42)=1),IF(C41+N(G41)>0," and ","")&D42&IF(OR(C43=1,N(G43)=1),IF(C41+C42+N(G41)+N(G42)>0," and ","")&D43,""),IF(C43+N(G43)>0,D43,"")))&" TDC Add-On"&IF(MAX(C41,N(G41))+MAX(C42,N(G42))+MAX(C43,N(G43))>1,"s, ",", "),"no Add-Ons, ")&IF(SUM(C46:C51)+N(G46)+N(G47)+N(G48)+N(G49)+N(G50)+N(G51)>0,IF(C46+N(G46)>0,"48-53",IF(C47+N(G47)>0,"49-53",IF(C48+N(G48)>0,"50-53",IF(C49+N(G49)>0,"51-53",IF(C50+N(G50)>0,"52-53","53"))))),"and no Multipliers")&".","")

Sheet CUR
B1: DF=Developer Fee; NC=New Construction; TDC=Total Development Cost; CUR=Credit Underwriting Report; CU=Credit Underwriter; Cells with a yellow background are input cells. Each input cell includes a comment to assist with the input. | D1: TDC Review
D2: At CUR
B4: Application # of Subject Development | D4: =IF(CELL("type",RFA!D5)="b","",RFA!D5) | I4: 2 | J4: Rounddown to how many decimals? (Default=2)
B5: Name of Subject Development | D5: =IF(CELL("type",RFA!D6)="b","",RFA!D6) | I5: 0.05 | J5: ODR % (Default = 5%) for 21% DF developments - manually override if underwriter requires different amount.
B6: Applicable Competitive Application | D6: =IFERROR(VLOOKUP(1,RFA!C15:D32,2,FALSE),"")
B7: NC Units | D7: =SUMIF(RFA!B51:B57,"NC",RFA!C51:C57) -> 0
B8: Rehab Units | D8: =SUMIF(RFA!B51:B57,"Rehab",RFA!C51:C57) -> 0
B9: Maximum Developer Fee (%) | D9: 0.16 | F9: (16%, 18%, 21%, 10% and a Board Approved option; Use 18% for 4% A/R Transactions)
B10: Maximum Non-Acquisition Dev Costs for Developer Fee PU | D10: =RFA!J58 -> 0 | F10: (Does not include any costs authorized to be excluded)
B11: Total Number of Units | D11: =D7+D8 -> 0
B12: Maximum Non-Acquisition Dev Costs for Developer Fee | D12: =ROUND(D10*D11,I4) -> 0 | F12: (Does not include any costs authorized to be excluded)
B13: Maximum Developer Fee Amount on Non-Acquisition Costs | D13: =IF(H$111>0,J113,IF(AND(SUMIF(RFA!B$51:B$57,"=Rehab",RFA!C$51:C$57)>0,IFERROR(VALUE(LEFT(VLOOKUP(1,Identify,3),4)),0)>=2026,OR(AND(RFA!$D$36="Tax-Exempt Bonds Boost",RFA!$C$36>0),AND(RFA!$D$37="Tax-Exempt Bonds Boost",RFA!$C$37>0))),N(Max_DF_Bond_w_AR_Units)-N(Max_Acq_DF_Bond_w_AR_Units),ROUNDDOWN(D12*D9,0))) -> 0 | F13: Exhibit C.1.a.(2).(a) (includes any applicable Developer Fee on non-acquistion costs authorized to be excluded)
B14: Does the Development include the Acquisition of a Building? | D14: Yes | F14: Select answer from dropdown
B15: =IF(D14="Yes","Lesser of Appraised Value or Actual Purchase Price of the Entire Property","") -> Lesser of Appraised Value or Actual Purchase Price of the Entire Property | D15: 0 | F15: =IF(D14="Yes","This is the total value/cost of the entire property with land and building; Only enter a value if the proposed development includes the acquisition of a building.","") -> This is the total value/cost of the entire property with land and building; Only enter a value if the proposed development includes the acquisition of a building.
B16: =IF(D14="Yes","Lowest Land Cost Allocation of the Three Land Cost Allocation Methods","") -> Lowest Land Cost Allocation of the Three Land Cost Allocation Methods | D16: 0 | F16: =IF(D14="Yes","This is the lowest of the 3 land cost allocation methods per Exhibit C.1.a.(2).(b). Only enter a value if the proposed development includes the acquisition of a building.","") -> This is the lowest of the 3 land cost allocation methods per Exhibit C.1.a.(2).(b). Only enter a value if the proposed development includes the acquisition of a building.
B17: Lesser of Maximum or Applicant's Stated Building Allocation | D17: =MIN(D15-D16,-D60) -> 0 | F17: =IF(D15-D16=D17,"Difference from above two values.","Taken from value entered below in cell D"&TEXT(ROW(D60),"0")) -> Difference from above two values. | G17: =IF(D15-D16=D17,IF(AND(MIN(D17,-D60)=D17,D17<-D60),"Bldg Acq costs allocated in TDC below EXCEEDS the limit.",""),"")
B19: Maximum Developer Fee Amount on Building Allocation Costs | D19: =IF(AND(SUMIF(RFA!B$51:B$57,"=Rehab",RFA!C$51:C$57)>0,IFERROR(VALUE(LEFT(VLOOKUP(1,Identify,3),4)),0)>=2026,OR(AND(RFA!$D$36="Tax-Exempt Bonds Boost",RFA!$C$36>0),AND(RFA!$D$37="Tax-Exempt Bonds Boost",RFA!$C$37>0))),N(Max_Acq_DF_Bond_w_AR_Units),ROUNDDOWN(D17*D9,0)) -> 0 | F19: Exhibit C.1.a.(2)(b)
B20: Total Maximum Developer Fee | D20: =D13+D19 -> 0 | F20: Exhibit C.1.a.(2)
B21: Development's Maximum TDC Component | D21: =D12+D20 -> 0 | F21: Exhibit C.1.a.(3)
B24: Stated Development Costs eligible to earn a DF | D24: =D69 -> 0
B26: Stated DF within Actual Stated Overall Total Development Costs | D26: 0 | F26: Exhibit C.1.b.(1)
B27: Stated DF, as a percent of Stated Development Cost | D27: =IF(D24=0,0,D26/D24) -> 0 | F27: Exhibit C.1.b.(1)
B28: ="Maximum Developer Fee Based on "&IF(AND(SUMIF(RFA!B$51:B$57,"=Rehab",RFA!C$51:C$57)>0,IFERROR(VALUE(LEFT(VLOOKUP(1,Identify,3),4)),0)>=2026,OR(AND(RFA!$D$36="Tax-Exempt Bonds Boost",RFA!$C$36>0),AND(RFA!$D$37="Tax-Exempt Bonds Boost",RFA!$C$37>0))),"the lessor of 18% or the 36% / 18% / 9% sublimit subcomponents",TEXT(D9,"0%")&" Fee Limit") -> Maximum Developer Fee Based on 16% Fee Limit | D28: =IF(AND(SUMIF(RFA!B$51:B$57,"=Rehab",RFA!C$51:C$57)>0,IFERROR(VALUE(LEFT(VLOOKUP(1,Identify,3),4)),0)>=2026,OR(AND(RFA!$D$36="Tax-Exempt Bonds Boost",RFA!$C$36>0),AND(RFA!$D$37="Tax-Exempt Bonds Boost",RFA!$C$37>0))),D139,IF(D9<>21%,ROUNDDOWN(D24*D9,0),ROUNDDOWN(D24*16%,0)+ROUNDDOWN(D24*I5,0))) -> 0 | F28: Exhibit C.1.b.(1) | G28: =IF(D$58<1,"","( Stated Development Costs of "&TEXT(D24,"$#,##0.00")&" x "&TEXT(IF($D9<>21%,$D9,16%),"0%")&", rounded down to nearest $1 )"&IF($D9<>21%,""," + "&TEXT(D24,"$#,##0.00")&" x "&TEXT($I5,"0%")&", rounded down to nearest $1 )"))
B29: 1st Adjustment ($ DF & Net TDC Reduction): Stated DF in excess of Maximum Percentage DF | D29: =IF(D28>=D26,0,D28-D26) -> 0 | F29: Exhibit C.1.b.(1) | G29: =IF(OR(D$58<1,D$29=0),"","( Maximum % DF of "&TEXT(D28,"$#,##0.00")&", less initial stated DF of "&TEXT(D26,"$#,##0.00")&" )")
B30: ="Stated DF within "&IF(D29=0,"Actual","Adjusted")&" Stated Overall Total Development Costs, after % Fee in 1.b.(1)" -> Stated DF within Actual Stated Overall Total Development Costs, after % Fee in 1.b.(1) | D30: =D26+D29 -> 0 | F30: Exhibit C.1.b.(1) | G30: =IF(OR(D$58<1,D$29=0),"","( Initial stated DF "&TEXT(D26,"$#,##0.00")&", less 1st Adjustment of "&TEXT(-D29,"$#,##0.00")&" )")
B31: DF Adjustment where Stated DF (after % Fee test) is in excess of the Total Maximum DF in 1.a. | D31: =IF(D30>D20,D20-D30,"NA ") -> NA | F31: Exhibit C.1.b.(1) | G31: =IF(D30>D20,"( The stated % Fee limit of "&TEXT(D30,"$#,##0.00")&", less the Total Maximum Developer Fee of "&TEXT(D20,"$#,##0.00")&" )","")
B32: Stated DF after % Fee and Total Maximum DF requirements | D32: =D30+N(D31) -> 0 | F32: Exhibit C.1.b.(1) | G32: =IF(N(D31)=0,"( The previously stated DF )","( The previously stated DF of "&TEXT(D30,"$#,##0.00")&", less the excess fee of "&TEXT(-N(D31),"$#,##0.00")&" )") -> ( The previously stated DF )
B33: Net TDC preliminarily stated after tested for DF compliance with the maximum DF percentage requirement | D33: =D71+D29+N(D31) -> 0 | F33: Exhibit C.1.b.(2) | G33: =IF(D$24<1,"","( "&IF(D29+N(D31)=0,"Same as Initial Net Stated TDC, as provided on row "&TEXT(ROW(D71),"0"),"Initial Net Stated TDC ["&TEXT(D71,"$#,##0.00")&"], less the 1st Adjustment"&IF(N(D31)<0,"s","")&" of "&TEXT(-D29,"$#,##0.00"))&IF(N(D31)<0," and "&TEXT(-N(D31),"$#,##0.00"),"")&" )")
B34: =IF(D29=0,"Actual","Adjusted")&" Stated Overall Total Development Costs, after 1.b.(1)" -> Actual Stated Overall Total Development Costs, after 1.b.(1) | D34: =D58+D29+N(D31) -> 0 | F34: Exhibit C.1.b.(1) | G34: =IF(OR($D$58<1,D$29+N(D31)=0),"","( Initial TDC of "&TEXT($D58,"$#,##0.00")&", less the 1st Adjustment"&IF(N(D31)<0,"s","")&" of "&TEXT(-D29,"$#,##0.00")&IF(N(D31)<0," and "&TEXT(-N(D31),"$#,##0.00"),"")&" )")
B36: Is Development's Maximum TDC Component ≥ proposed Development's Net TDC? | D36: =IF(D21>=D41,"Yes","No") -> Yes | F36: If Yes, then nothing further; If No, then steps below apply
B40: Adjusted Stated Overall Total Development Costs | D40: =D34 -> 0 | G40: =IF(N(D40)=0,"","( The previously stated overall TDC )")
B41: Net TDC of the Proposed Development, after 1.b.(1) potential adjustment | D41: =D71+D29+N(D31) -> 0 | F41: Exhibit C.1.b.(2) | G41: =IF(N(D41)=0,"","( The previously stated Net TDC )")
B42: Actual Amount Net TDC exceeds Maximum TDC Component | D42: =IF(D$36="Yes","NA ",IF(D41>D21,(D41-D21),0)) -> NA | F42: Exhibit C.1.b.(2)(a) | G42: =IF(OR(D$36="Yes",D41<=D21),"","( The previously stated Net TDC of "&TEXT(D41,"$#,##0.00")&", less the Development's Maximum TDC Component of "&TEXT(D21,"$#,##0.00")&" )")
B43: Maximum $ Reduction per RFA | D43: =IF(D$36="Yes","NA ",750000) -> NA | F43: Exhibit C.1.b.(2)(b)
B44: % of Maximum Developer Fee Reduction | D44: =IF(D$36="Yes","NA ",ROUND(D20*0.25,I4)) -> NA | F44: Exhibit C.1.b.(2)(c) | G44: =IF(D$36="Yes","","( Total Maximum Developer Fee of "&TEXT(D20,"$#,##0.00")&" x 25%, rounded to nearest "&CHOOSE(I4+1,"dollar","dime","penny")&" )")
B45: Adjustment to Maximum Developer Fee (lesser of above 3 options) | D45: =IF(D$36="Yes","NA ",-IF(D41>D21,(MIN(D42,D43,D44)),0)) -> NA | F45: Exhibit C.1.b.(2) | G45: =IF(N(D45)=0,"","( The lesser of "&TEXT(MIN(N(D42),N(D43),N(D44)),"$#,##0.00")&", "&TEXT(IF(AND(N(D42)<=N(D43),N(D43)<=N(D44)),N(D43),IF(AND(N(D43)<=N(D42),N(D42)<=N(D44)),N(D42),IF(AND(N(D44)<N(D42),N(D44)<N(D43)),IF(N(D43)<N(D42),N(D43),N(D42)),N(D44)))),"$#,##0.00")&" or "&TEXT(MAX(N(D42),N(D43),N(D44)),"$#,##0.00")&" )")
B46: Maximum Developer Fee with 2nd Adjustment | D46: =D20+N(D45) -> 0 | F46: Exhibit C.1.b.(2) | G46: ="( The Maximum Developer Fee of "&TEXT(D20,"$#,##0.00")&IF(N(D45)=0," with no downward adjustment",", less the adjustment amount of "&TEXT(-N(D45),"$#,##0.00"))&" )" -> ( The Maximum Developer Fee of $0.00 with no downward adjustment )
B47: Is the Maximum Developer Fee from 1.b.(2) > the proposed Development's Developer Fee after 1.b.(1)? | D47: =IF(D46>=D32,"Yes","No") -> Yes | F47: If Yes, then nothing further; If No, then steps below apply
B48: 2nd Adjustment ($ DF & Net TDC Reduction): Proposed Development's Developer Fee after 1.b.(1) in excess of Maximum | D48: =IF(D47="Yes","NA ",IF(D46-D32<0,D46-D32,0)) -> NA | G48: =IF(N(D48)=0,"","( The previously stated DF of "&TEXT(N(D32),"$#,##0.00")&", less the Maximum Developer Fee of "&TEXT(N(D46),"$#,##0.00")&" )")
B49: Stated DF within Actual Stated Overall Total Development Costs, after 1.b.(2) potential adjustment | D49: =D32+N(D48) -> 0 | G49: =IF(N(D48)=0,"","( The previously stated DF of "&TEXT(N(D32),"$#,##0.00")&", less the adjustment amount of "&TEXT(-N(D48),"$#,##0.00")&" )")
B50: Actual Stated Overall Total Development Costs, after 1.b.(2) potential adjustment | D50: =D40+N(D48) -> 0 | G50: =IF(N(D48)=0,"","( The previously stated stated overall TDC of "&TEXT(N(D34),"$#,##0.00")&", less the adjustment amount of "&TEXT(-N(D48),"$#,##0.00")&" )")
B52: Net TDC of the Proposed Development, after 1.b.(2) potential adjustment, inclusive of Developer Fee | D52: =D41+N(D48) -> 0 | F52: Exhibit C.1.b.(2)
B54: =IF(AND(SUMIF(RFA!B$51:B$57,"=Rehab",RFA!C$51:C$57)>0,IFERROR(VALUE(LEFT(VLOOKUP(1,Identify,3),4)),0)>=2026,OR(AND(RFA!$D$36="Tax-Exempt Bonds Boost",RFA!$C$36>0),AND(RFA!$D$37="Tax-Exempt Bonds Boost",RFA!$C$37>0))),"Actual Stated NC Hard Costs as part of the Overall Total Development Costs","") | D54: =IF(AND(SUMIF(RFA!B$51:B$57,"=Rehab",RFA!C$51:C$57)>0,IFERROR(VALUE(LEFT(VLOOKUP(1,Identify,3),4)),0)>=2026,OR(AND(RFA!$D$36="Tax-Exempt Bonds Boost",RFA!$C$36>0),AND(RFA!$D$37="Tax-Exempt Bonds Boost",RFA!$C$37>0))),ROUND((D$58-D$57-D$26)*75%*(SUMIF(RFA!B$51:B$57,"=NC",RFA!C$51:C$57)/RFA!C$58),0),"") | F54: =IF(AND(SUMIF(RFA!B$51:B$57,"=Rehab",RFA!C$51:C$57)>0,IFERROR(VALUE(LEFT(VLOOKUP(1,Identify,3),4)),0)>=2026,OR(AND(RFA!$D$36="Tax-Exempt Bonds Boost",RFA!$C$36>0),AND(RFA!$D$37="Tax-Exempt Bonds Boost",RFA!$C$37>0))),_xlfn._LONGTEXT("If 100% NC, this should be the total listed in the Construction Cost table in the CUR. Otherwise it should only be ""New Rental Units"" along with any 100% new construction line items (if any) plus a prorata share of shared costs like GC fee, PnP Bond, or c","ontingency."),"")
B55: =IF(AND(SUMIF(RFA!B$51:B$57,"=Rehab",RFA!C$51:C$57)>0,IFERROR(VALUE(LEFT(VLOOKUP(1,Identify,3),4)),0)>=2026,OR(AND(RFA!$D$36="Tax-Exempt Bonds Boost",RFA!$C$36>0),AND(RFA!$D$37="Tax-Exempt Bonds Boost",RFA!$C$37>0))),"Actual Stated AR Hard Costs as part of the Overall Total Development Costs","") | D55: =IF(AND(SUMIF(RFA!B$51:B$57,"=Rehab",RFA!C$51:C$57)>0,IFERROR(VALUE(LEFT(VLOOKUP(1,Identify,3),4)),0)>=2026,OR(AND(RFA!$D$36="Tax-Exempt Bonds Boost",RFA!$C$36>0),AND(RFA!$D$37="Tax-Exempt Bonds Boost",RFA!$C$37>0))),ROUND((D$58-D$57-D$26)*75%*(SUMIF(RFA!B$51:B$57,"=Rehab",RFA!C$51:C$57)/RFA!C$58),0),"") | F55: =IF(AND(SUMIF(RFA!B$51:B$57,"=Rehab",RFA!C$51:C$57)>0,IFERROR(VALUE(LEFT(VLOOKUP(1,Identify,3),4)),0)>=2026,OR(AND(RFA!$D$36="Tax-Exempt Bonds Boost",RFA!$C$36>0),AND(RFA!$D$37="Tax-Exempt Bonds Boost",RFA!$C$37>0))),_xlfn._LONGTEXT("If 100% AR, this should be the total listed in the Construction Cost table in the CUR. Otherwise it should only be ""Rehab of Existing Rental Units"" along with any 100% Rehab construction line items (if any) plus a prorata share of shared costs like GC fee",", PnP Bond, or contingency."),"")
B56: =IF(AND(SUMIF(RFA!B$51:B$57,"=Rehab",RFA!C$51:C$57)>0,IFERROR(VALUE(LEFT(VLOOKUP(1,Identify,3),4)),0)>=2026,OR(AND(RFA!$D$36="Tax-Exempt Bonds Boost",RFA!$C$36>0),AND(RFA!$D$37="Tax-Exempt Bonds Boost",RFA!$C$37>0))),"Actual Stated Soft Costs as part of the Overall Total Development Costs","") | D56: =IF(AND(SUMIF(RFA!B$51:B$57,"=Rehab",RFA!C$51:C$57)>0,IFERROR(VALUE(LEFT(VLOOKUP(1,Identify,3),4)),0)>=2026,OR(AND(RFA!$D$36="Tax-Exempt Bonds Boost",RFA!$C$36>0),AND(RFA!$D$37="Tax-Exempt Bonds Boost",RFA!$C$37>0))),ROUND((D58-D57-D26)-D54-D55,2),"") | F56: =IF(AND(SUMIF(RFA!B$51:B$57,"=Rehab",RFA!C$51:C$57)>0,IFERROR(VALUE(LEFT(VLOOKUP(1,Identify,3),4)),0)>=2026,OR(AND(RFA!$D$36="Tax-Exempt Bonds Boost",RFA!$C$36>0),AND(RFA!$D$37="Tax-Exempt Bonds Boost",RFA!$C$37>0))),"This should be the sum of the totals listed in the General Development Costs table and the Financial Costs table in the CUR","")
B57: =IF(AND(SUMIF(RFA!B$51:B$57,"=Rehab",RFA!C$51:C$57)>0,IFERROR(VALUE(LEFT(VLOOKUP(1,Identify,3),4)),0)>=2026,OR(AND(RFA!$D$36="Tax-Exempt Bonds Boost",RFA!$C$36>0),AND(RFA!$D$37="Tax-Exempt Bonds Boost",RFA!$C$37>0))),"Actual Stated Total Acquistion Costs & Total Reserves","") | D57: =IF(AND(SUMIF(RFA!B$51:B$57,"=Rehab",RFA!C$51:C$57)>0,IFERROR(VALUE(LEFT(VLOOKUP(1,Identify,3),4)),0)>=2026,OR(AND(RFA!$D$36="Tax-Exempt Bonds Boost",RFA!$C$36>0),AND(RFA!$D$37="Tax-Exempt Bonds Boost",RFA!$C$37>0))),-D59-D60-D61-D62,"") | F57: =IF(AND(SUMIF(RFA!B$51:B$57,"=Rehab",RFA!C$51:C$57)>0,IFERROR(VALUE(LEFT(VLOOKUP(1,Identify,3),4)),0)>=2026,OR(AND(RFA!$D$36="Tax-Exempt Bonds Boost",RFA!$C$36>0),AND(RFA!$D$37="Tax-Exempt Bonds Boost",RFA!$C$37>0))),"Taken from entries below in rows 57:60","")
B58: Actual Stated Overall Total Development Costs | D58: 0 | F58: =IF(AND(SUMIF(RFA!B$51:B$57,"=Rehab",RFA!C$51:C$57)>0,IFERROR(VALUE(LEFT(VLOOKUP(1,Identify,3),4)),0)>=2026,OR(AND(RFA!$D$36="Tax-Exempt Bonds Boost",RFA!$C$36>0),AND(RFA!$D$37="Tax-Exempt Bonds Boost",RFA!$C$37>0))),"Based on entries in cells D25 and D53:D56, this amount should equal "&TEXT(SUM(D54:D57)+D26,"$#,##0.00"),"")
B59: Less: Lowest Land Cost Allocation of the Three Land Cost Allocation Methods (Not DF Eligible) | D59: 0 | F59: Enter as a negative # | G59: =IF(-D59>D16,"The amount entered is in excess of the land allocation indicated in cell D16 above.","")
B60: Less Building Allocation (DF Eligible) | D60: 0 | F60: Enter as a negative # | G60: =IF(AND(SUMIF(RFA!B$51:B$57,"=Rehab",RFA!C$51:C$57)>0,IFERROR(VALUE(LEFT(VLOOKUP(1,Identify,3),4)),0)>=2026,OR(AND(RFA!$D$36="Tax-Exempt Bonds Boost",RFA!$C$36>0),AND(RFA!$D$37="Tax-Exempt Bonds Boost",RFA!$C$37>0))),"The lesser of cell D"&ROW(D60)&" or cell D"&ROW(D17)&" earns a 9% Developer Fee for Rehab.","")
B61: Less Other Costs Associated with Building Allocation (DF Eligible) | D61: 0 | F61: Enter as a negative # | G61: =IF(AND(SUMIF(RFA!B$51:B$57,"=Rehab",RFA!C$51:C$57)>0,IFERROR(VALUE(LEFT(VLOOKUP(1,Identify,3),4)),0)>=2026,OR(AND(RFA!$D$36="Tax-Exempt Bonds Boost",RFA!$C$36>0),AND(RFA!$D$37="Tax-Exempt Bonds Boost",RFA!$C$37>0))),"Earns a 9% Developer Fee for Rehab.","")
B62: Less ODR (Not DF Eligible) | D62: 0 | F62: Enter as a negative #
B63: Less Demolition Costs (if PHA and if applicable) (DF Eligible) | D63: 0 | F63: Enter as a negative # | G63: =IF(AND(SUMIF(RFA!B$51:B$57,"=Rehab",RFA!C$51:C$57)>0,IFERROR(VALUE(LEFT(VLOOKUP(1,Identify,3),4)),0)>=2026,OR(AND(RFA!$D$36="Tax-Exempt Bonds Boost",RFA!$C$36>0),AND(RFA!$D$37="Tax-Exempt Bonds Boost",RFA!$C$37>0))),"Earns a 36% Developer Fee for Rehab.","")
B64: Less Relocation Costs (if PHA and if applicable) (DF Eligible) | D64: 0 | F64: Enter as a negative # | G64: =IF(AND(SUMIF(RFA!B$51:B$57,"=Rehab",RFA!C$51:C$57)>0,IFERROR(VALUE(LEFT(VLOOKUP(1,Identify,3),4)),0)>=2026,OR(AND(RFA!$D$36="Tax-Exempt Bonds Boost",RFA!$C$36>0),AND(RFA!$D$37="Tax-Exempt Bonds Boost",RFA!$C$37>0))),"Earns an 18% Developer Fee for Rehab.","")
B65: Less Retail/Commercial Space (DF Eligible) | D65: 0 | F65: Enter as a negative # | G65: =IF(AND(SUMIF(RFA!B$51:B$57,"=Rehab",RFA!C$51:C$57)>0,IFERROR(VALUE(LEFT(VLOOKUP(1,Identify,3),4)),0)>=2026,OR(AND(RFA!$D$36="Tax-Exempt Bonds Boost",RFA!$C$36>0),AND(RFA!$D$37="Tax-Exempt Bonds Boost",RFA!$C$37>0))),"Earns an 18% Developer Fee if any NC units, otherwise 36% for Rehab.","")
B66: Less Construction Features Deduction costs (DF Eligible) | D66: 0 | F66: Enter as a negative # | G66: =IF(AND(SUMIF(RFA!B$51:B$57,"=Rehab",RFA!C$51:C$57)>0,IFERROR(VALUE(LEFT(VLOOKUP(1,Identify,3),4)),0)>=2026,OR(AND(RFA!$D$36="Tax-Exempt Bonds Boost",RFA!$C$36>0),AND(RFA!$D$37="Tax-Exempt Bonds Boost",RFA!$C$37>0))),"Earns an 18% Developer Fee if any NC units, otherwise 36% for Rehab.","")
B67: Less Other Allowed Cost Deductions (or Add Other Needed Costs not yet included) | D67: 0 | F67: Enter as a negative # for a deduction or a positive # for an addition
B68: ="Enter a ""1"" if the amount in cell D"&ROW(D67)&" is a development cost eligible to earn a DF" -> Enter a "1" if the amount in cell D67 is a development cost eligible to earn a DF | D68: 0 | G68: =IF(AND(SUMIF(RFA!B$51:B$57,"=Rehab",RFA!C$51:C$57)>0,IFERROR(VALUE(LEFT(VLOOKUP(1,Identify,3),4)),0)>=2026,OR(AND(RFA!$D$36="Tax-Exempt Bonds Boost",RFA!$C$36>0),AND(RFA!$D$37="Tax-Exempt Bonds Boost",RFA!$C$37>0))),"Related to an 18% Developer Fee cost for Rehab.","")
B69: Stated Development Costs (total costs eligible to earn a DF) | D69: =D58+D59+D62+IF(D68=1,D67,0)-D26 -> 0 | F69: (includes costs authorized to be excluded from the TDC limitation)
B70: =IF(AND(SUMIF(RFA!B$51:B$57,"=Rehab",RFA!C$51:C$57)>0,IFERROR(VALUE(LEFT(VLOOKUP(1,Identify,3),4)),0)>=2026,OR(AND(RFA!$D$36="Tax-Exempt Bonds Boost",RFA!$C$36>0),AND(RFA!$D$37="Tax-Exempt Bonds Boost",RFA!$C$37>0))),"The lesser of sum of the 36% / 18% / 9% sublimits, or 18%",TEXT(D9,"0%"))&" of Stated Dev Costs Eligible to earn a DF" -> 16% of Stated Dev Costs Eligible to earn a DF | D70: =IF(AND(SUMIF(RFA!B$51:B$57,"=Rehab",RFA!C$51:C$57)>0,IFERROR(VALUE(LEFT(VLOOKUP(1,Identify,3),4)),0)>=2026,OR(AND(RFA!$D$36="Tax-Exempt Bonds Boost",RFA!$C$36>0),AND(RFA!$D$37="Tax-Exempt Bonds Boost",RFA!$C$37>0))),D139,ROUNDDOWN(D69*D9,0)) -> 0
B71: Initial Net Stated TDC of Proposed Development, inclusive of Developer Fee | D71: =D58+D59+MAX(D60,-D17)+SUM(D61:D67) -> 0
B74: Development's Final Actual Overall Developer Fee | D74: =D49 -> 0
B75: Development's Final Actual Overall TDC | D75: =D58+D29+N(D31)+N(D48) -> 0
B78: Total $ cost reduction (Total $ Development's DF and TDC adjustment) | D78: =IFERROR(IF(D75=0,0,D29+N(D31)+N(D45)),0) -> 0
B79: Total % DF reduction from Stated DF | D79: =IF(D78=0,0,D78/D26) -> 0
B80: Development's Final DF as a % of Final TDC | D80: =IF(D74=0,0,D74/D75) -> 0
B81: Development's Final DF as a % of Stated Development Cost | D81: =IF(D69=0,0,D74/D69) -> 0
B83: =IF(D9=21%,"The maximum non-ODR DF (on Non-Acquisition Costs) portion of the 21% DF above that IS subject to DF adjustments","") | D83: =IFERROR(IF(D9=21%,ROUNDDOWN((D12*16%),0),""),"")
B84: =IF(D9=21%,"The maximum non-ODR DF (on Building Acquisition Costs) portion of the 21% DF above that IS subject to DF adjustments","") | D84: =IFERROR(IF(D9=21%,ROUNDDOWN((D17*16%),0),""),"")
B85: =IF(D9=21%,"Total maximum non-ODR DF portion of the 21% DF above that IS subject to DF adjustments","") | D85: =IF(D83="","",D83+D84)
B86: =IF(D9=21%,"Total Adjustments","") | D86: =IF(D83="","",IFERROR(N(D45),""))
B87: =IF(D9=21%,"Total maximum non-ODR DF portion of the 21% DF above after adjustments","") | D87: =IFERROR(D85+D86,"")
B88: =IF(D9=21%,"The maximum ODR DF (on Non-Acquisition Costs) portion of the 21% DF above that is NOT subject to any DF adjustments","") | D88: =IF(D9=21%,ROUNDDOWN((D12*I5),0),"")
B89: =IF(D9=21%,"The maximum ODR DF (on Building Acquisition Costs) portion of the 21% DF above that is NOT subject to any DF adjustments","") | D89: =IF(D9=21%,ROUNDDOWN((D17*I5),0),"")
B90: =IF(D9=21%,"Total maximum ODR DF portion of the 21% DF above that is NOT subject to any DF adjustments","") | D90: =IF(D88="","",D88+D89)
B91: Shaded areas above are used in formulas above. Do not edit other than by FHFC staff in select input cells.
A95: Yes | B95: 0.1
A96: No | B96: 0.16
B97: 0.18
B98: 0.21
B106: FOR CUR Template:
B107: TDC PU Limitation at Credit Underwriting: | D107: =IF(D21=0,0,D21/D11) -> 0 | G107: This table takes the Developer Fee from a single lower-cost Development Type and incorporates it into a single higher-cost Development Type to achieve a blended TDC Limit. Contact Development Finance for any other situation. | K107: Copy/Paste for each Type
B108: Actual TDC PU at Credit Underwriting: | D108: =IF(D75=0,0,D52/D11) -> 0
B109: Amount Dev. Fee Reduced for TDC Limit: | D109: =D78 -> 0
G110: HC Staff Use Only | H110: Orig. Dev Type | I110: New Dev Type | J110: Modified Mix | K110: Acq/Rehab #s
B111: =IF(AND(SUMIF(RFA!B$51:B$57,"=Rehab",RFA!C$51:C$57)>0,IFERROR(VALUE(LEFT(VLOOKUP(1,Identify,3),4)),0)>=2026,OR(AND(RFA!$D$36="Tax-Exempt Bonds Boost",RFA!$C$36>0),AND(RFA!$D$37="Tax-Exempt Bonds Boost",RFA!$C$37>0))),"Verifying whether the 36%, 18%, 9% Developer Fee sublimits are more restrictive than the 18% maximum based on TDC PU Limits:","") | G111: D12: Max NADC | H111: 0 | I111: 0 | J111: =I111 -> 0 | K111: =IF(AND(SUMIF(RFA!$B$51:$B$57,"=Rehab",RFA!$C$51:$C$57)>0,IFERROR(VALUE(LEFT(VLOOKUP(1,Identify,3),4)),0)>=2026,OR(AND(RFA!$D$36="Tax-Exempt Bonds Boost",RFA!$C$36>0),AND(RFA!$D$37="Tax-Exempt Bonds Boost",RFA!$C$37>0))),RFA!J58*RFA!C58-SUM(D$63:D$66)-D$67*D$68,0) -> 0
B112: =IF(AND(SUMIF(RFA!B$51:B$57,"=Rehab",RFA!C$51:C$57)>0,IFERROR(VALUE(LEFT(VLOOKUP(1,Identify,3),4)),0)>=2026,OR(AND(RFA!$D$36="Tax-Exempt Bonds Boost",RFA!$C$36>0),AND(RFA!$D$37="Tax-Exempt Bonds Boost",RFA!$C$37>0))),"36% Sublimit on AR Hard Costs: (Based on the published TDC PU Limitation amounts)","") | D112: =IF(AND(SUMIF(RFA!B$51:B$57,"=Rehab",RFA!C$51:C$57)>0,IFERROR(VALUE(LEFT(VLOOKUP(1,Identify,3),4)),0)>=2026,OR(AND(RFA!$D$36="Tax-Exempt Bonds Boost",RFA!$C$36>0),AND(RFA!$D$37="Tax-Exempt Bonds Boost",RFA!$C$37>0))),36%*(RFA!K$59*SUMIF(RFA!B$51:B$57,"=Rehab",RFA!C$51:C$57)),"") | G112: D12: Max NA Soft Costs* | H112: 0 | I112: 0 | J112: =I112 -> 0 | K112: =IF(AND(SUMIF(RFA!$B$51:$B$57,"=Rehab",RFA!$C$51:$C$57)>0,IFERROR(VALUE(LEFT(VLOOKUP(1,Identify,3),4)),0)>=2026,OR(AND(RFA!$D$36="Tax-Exempt Bonds Boost",RFA!$C$36>0),AND(RFA!$D$37="Tax-Exempt Bonds Boost",RFA!$C$37>0))),SUMIF(RFA!$B$51:$B$57,"=NC",RFA!$C$51:$C$57)*RFA!$L$58+SUMIF(RFA!$B$51:$B$57,"=Rehab",RFA!$C$51:$C$57)*RFA!$L$59-CUR!$D$64,0) -> 0
B113: =IF(AND(SUMIF(RFA!B$51:B$57,"=Rehab",RFA!C$51:C$57)>0,IFERROR(VALUE(LEFT(VLOOKUP(1,Identify,3),4)),0)>=2026,OR(AND(RFA!$D$36="Tax-Exempt Bonds Boost",RFA!$C$36>0),AND(RFA!$D$37="Tax-Exempt Bonds Boost",RFA!$C$37>0))),"36% Sublimit on Demolition Costs: (Based on entries above)","") | D113: =IF(AND(SUMIF(RFA!B$51:B$57,"=Rehab",RFA!C$51:C$57)>0,IFERROR(VALUE(LEFT(VLOOKUP(1,Identify,3),4)),0)>=2026,OR(AND(RFA!$D$36="Tax-Exempt Bonds Boost",RFA!$C$36>0),AND(RFA!$D$37="Tax-Exempt Bonds Boost",RFA!$C$37>0))),-36%*D$63,"") | G113: D13: Max DF on NADC | H113: =ROUNDDOWN(IF(AND(SUMIF(RFA!$B$51:$B$57,"=Rehab",RFA!$C$51:$C$57)>0,IFERROR(VALUE(LEFT(VLOOKUP(1,Identify,3),4)),0)>=2026,OR(AND(RFA!$D$36="Tax-Exempt Bonds Boost",RFA!$C$36>0),AND(RFA!$D$37="Tax-Exempt Bonds Boost",RFA!$C$37>0))),IF(18%*H111<(H111-H112)*36%+H112*18%-(CUR!$D$60+CUR!$D$61)*9%,18%*H111,(H111-H112)*36%+H112*18%),$D$9*H111),0) -> 0 | I113: =ROUNDDOWN(IF(AND(SUMIF(RFA!$B$51:$B$57,"=Rehab",RFA!$C$51:$C$57)>0,IFERROR(VALUE(LEFT(VLOOKUP(1,Identify,3),4)),0)>=2026,OR(AND(RFA!$D$36="Tax-Exempt Bonds Boost",RFA!$C$36>0),AND(RFA!$D$37="Tax-Exempt Bonds Boost",RFA!$C$37>0))),IF(18%*I111<(I111-I112)*36%+I112*18%-(CUR!$D$60+CUR!$D$61)*9%,18%*I111,(I111-I112)*36%+I112*18%),$D$9*I111),0) -> 0 | J113: =IFERROR(ROUNDDOWN(H113/H118*I118,0),0) -> 0 | K113: =N(CUR!$D$128) -> 0
B114: =IF(AND(SUMIF(RFA!B$51:B$57,"=Rehab",RFA!C$51:C$57)>0,IFERROR(VALUE(LEFT(VLOOKUP(1,Identify,3),4)),0)>=2026,OR(AND(RFA!$D$36="Tax-Exempt Bonds Boost",RFA!$C$36>0),AND(RFA!$D$37="Tax-Exempt Bonds Boost",RFA!$C$37>0))),"36% Sublimit on Retail/Commercial Space Costs (if 100% AR units): (Based on entries above)","") | D114: =IF(AND(SUMIF(RFA!B$51:B$57,"=Rehab",RFA!C$51:C$57)>0,IFERROR(VALUE(LEFT(VLOOKUP(1,Identify,3),4)),0)>=2026,OR(AND(RFA!$D$36="Tax-Exempt Bonds Boost",RFA!$C$36>0),AND(RFA!$D$37="Tax-Exempt Bonds Boost",RFA!$C$37>0))),-36%*IF(SUMIF(RFA!B$51:B$57,"=Rehab",RFA!C$51:C$57)=SUMIF(RFA!B$51:B$57,"=Rehab",RFA!C$51:C$57),D$65,0),"") | G114: D19: Max DF on Acq | H114: 0 | I114: =IFERROR(H114,0) -> 0 | J114: =IFERROR(I114,0) -> 0 | K114: =N(Max_Acq_DF_Bond_w_AR_Units) -> 0
B115: =IF(AND(SUMIF(RFA!B$51:B$57,"=Rehab",RFA!C$51:C$57)>0,IFERROR(VALUE(LEFT(VLOOKUP(1,Identify,3),4)),0)>=2026,OR(AND(RFA!$D$36="Tax-Exempt Bonds Boost",RFA!$C$36>0),AND(RFA!$D$37="Tax-Exempt Bonds Boost",RFA!$C$37>0))),"36% Sublimit on Construction Features Deduction Costs (if 100% AR units): (Based on entries above)","") | D115: =IF(AND(SUMIF(RFA!B$51:B$57,"=Rehab",RFA!C$51:C$57)>0,IFERROR(VALUE(LEFT(VLOOKUP(1,Identify,3),4)),0)>=2026,OR(AND(RFA!$D$36="Tax-Exempt Bonds Boost",RFA!$C$36>0),AND(RFA!$D$37="Tax-Exempt Bonds Boost",RFA!$C$37>0))),-36%*IF(SUMIF(RFA!B$51:B$57,"=Rehab",RFA!C$51:C$57)=SUMIF(RFA!B$51:B$57,"=Rehab",RFA!C$51:C$57),D$66,0),"") | G115: D20: Total DF | H115: =H113+H114 -> 0 | I115: =I113+I114 -> 0 | J115: =IFERROR(J113+J114,0) -> 0 | K115: =K113+K114 -> 0
B116: =IF(AND(SUMIF(RFA!B$51:B$57,"=Rehab",RFA!C$51:C$57)>0,IFERROR(VALUE(LEFT(VLOOKUP(1,Identify,3),4)),0)>=2026,OR(AND(RFA!$D$36="Tax-Exempt Bonds Boost",RFA!$C$36>0),AND(RFA!$D$37="Tax-Exempt Bonds Boost",RFA!$C$37>0))),"18% Sublimit on AR Soft Costs: (Based on the published TDC PU Limitation amounts)","") | D116: =IF(AND(SUMIF(RFA!B$51:B$57,"=Rehab",RFA!C$51:C$57)>0,IFERROR(VALUE(LEFT(VLOOKUP(1,Identify,3),4)),0)>=2026,OR(AND(RFA!$D$36="Tax-Exempt Bonds Boost",RFA!$C$36>0),AND(RFA!$D$37="Tax-Exempt Bonds Boost",RFA!$C$37>0))),18%*RFA!L$59*SUMIF(RFA!B$51:B$57,"=Rehab",RFA!C$51:C$57),"") | G116: ….....Non-ODR DF | H116: =H115-IF($D$9=21%,H117,0) -> 0 | I116: =I115-IF($D$9=21%,I117,0) -> 0 | J116: =IFERROR(J115-J117,0) -> 0 | K116: =K115 -> 0
B117: =IF(AND(SUMIF(RFA!B$51:B$57,"=Rehab",RFA!C$51:C$57)>0,IFERROR(VALUE(LEFT(VLOOKUP(1,Identify,3),4)),0)>=2026,OR(AND(RFA!$D$36="Tax-Exempt Bonds Boost",RFA!$C$36>0),AND(RFA!$D$37="Tax-Exempt Bonds Boost",RFA!$C$37>0))),"18% Sublimit on Relocation Costs: (Based on entries above)","") | D117: =IF(AND(SUMIF(RFA!B$51:B$57,"=Rehab",RFA!C$51:C$57)>0,IFERROR(VALUE(LEFT(VLOOKUP(1,Identify,3),4)),0)>=2026,OR(AND(RFA!$D$36="Tax-Exempt Bonds Boost",RFA!$C$36>0),AND(RFA!$D$37="Tax-Exempt Bonds Boost",RFA!$C$37>0))),-18%*D$64,"") | G117: ….....ODR DF | H117: =IF($D$9=21%,ROUNDDOWN(5/21*H115,0),0) -> 0 | I117: =IF($D$9=21%,ROUNDDOWN(5/21*I115,0),0) -> 0 | J117: =IFERROR(I117,0) -> 0 | K117: 0
B118: =IF(AND(SUMIF(RFA!B$51:B$57,"=Rehab",RFA!C$51:C$57)>0,IFERROR(VALUE(LEFT(VLOOKUP(1,Identify,3),4)),0)>=2026,OR(AND(RFA!$D$36="Tax-Exempt Bonds Boost",RFA!$C$36>0),AND(RFA!$D$37="Tax-Exempt Bonds Boost",RFA!$C$37>0))),"18% Sublimit on Other Allowed Cost Deductions when eligible for a fee: (Based on entries above)","") | D118: =IF(AND(SUMIF(RFA!B$51:B$57,"=Rehab",RFA!C$51:C$57)>0,IFERROR(VALUE(LEFT(VLOOKUP(1,Identify,3),4)),0)>=2026,OR(AND(RFA!$D$36="Tax-Exempt Bonds Boost",RFA!$C$36>0),AND(RFA!$D$37="Tax-Exempt Bonds Boost",RFA!$C$37>0))),-18%*IF(D$68=1,D$67,0),"") | G118: Number of Units | H118: 0 | I118: 0 | J118: =IFERROR(I118,0) -> 0 | K118: =IF(AND(SUMIF(RFA!$B$51:$B$57,"=Rehab",RFA!$C$51:$C$57)>0,IFERROR(VALUE(LEFT(VLOOKUP(1,Identify,3),4)),0)>=2026,OR(AND(RFA!$D$36="Tax-Exempt Bonds Boost",RFA!$C$36>0),AND(RFA!$D$37="Tax-Exempt Bonds Boost",RFA!$C$37>0))),RFA!$C$58,0) -> 0
B119: =IF(AND(SUMIF(RFA!B$51:B$57,"=Rehab",RFA!C$51:C$57)>0,IFERROR(VALUE(LEFT(VLOOKUP(1,Identify,3),4)),0)>=2026,OR(AND(RFA!$D$36="Tax-Exempt Bonds Boost",RFA!$C$36>0),AND(RFA!$D$37="Tax-Exempt Bonds Boost",RFA!$C$37>0))),"18% on any NC portion: (Based on the published TDC PU Limitation amounts)","") | D119: =IF(AND(SUMIF(RFA!B$51:B$57,"=Rehab",RFA!C$51:C$57)>0,IFERROR(VALUE(LEFT(VLOOKUP(1,Identify,3),4)),0)>=2026,OR(AND(RFA!$D$36="Tax-Exempt Bonds Boost",RFA!$C$36>0),AND(RFA!$D$37="Tax-Exempt Bonds Boost",RFA!$C$37>0))),18%*((N(RFA!K$58)+N(RFA!L$58))*SUMIF(RFA!B$51:B$57,"=NC",RFA!C$51:C$57)),"") | G119: =IF(H111=0,"","NA: Non-Acquisition; NADC: Non-Acquisition Development Costs; Max Acq DF will be the Acq Costs x either the Developer Fee % limit or 9% (for A/R 4%HC transactions only)' *Applicable only to A/R 4%HC transactions.")
B120: =IF(AND(SUMIF(RFA!B$51:B$57,"=Rehab",RFA!C$51:C$57)>0,IFERROR(VALUE(LEFT(VLOOKUP(1,Identify,3),4)),0)>=2026,OR(AND(RFA!$D$36="Tax-Exempt Bonds Boost",RFA!$C$36>0),AND(RFA!$D$37="Tax-Exempt Bonds Boost",RFA!$C$37>0))),"18% on NC Retail/Commercial Space Costs (if NOT 100% AR units): (Based on entries above)","") | D120: =IF(AND(SUMIF(RFA!B$51:B$57,"=Rehab",RFA!C$51:C$57)>0,IFERROR(VALUE(LEFT(VLOOKUP(1,Identify,3),4)),0)>=2026,OR(AND(RFA!$D$36="Tax-Exempt Bonds Boost",RFA!$C$36>0),AND(RFA!$D$37="Tax-Exempt Bonds Boost",RFA!$C$37>0))),-18%*(IF(SUMIF(RFA!B$51:B$57,"=Rehab",RFA!C$51:C$57)=SUMIF(RFA!B$51:B$57,"=Rehab",RFA!C$51:C$57),0,D$65)),"")
B121: =IF(AND(SUMIF(RFA!B$51:B$57,"=Rehab",RFA!C$51:C$57)>0,IFERROR(VALUE(LEFT(VLOOKUP(1,Identify,3),4)),0)>=2026,OR(AND(RFA!$D$36="Tax-Exempt Bonds Boost",RFA!$C$36>0),AND(RFA!$D$37="Tax-Exempt Bonds Boost",RFA!$C$37>0))),"18% on NC Construction Features Deduction Costs (if NOT 100% AR units): (Based on entries above)","") | D121: =IF(AND(SUMIF(RFA!B$51:B$57,"=Rehab",RFA!C$51:C$57)>0,IFERROR(VALUE(LEFT(VLOOKUP(1,Identify,3),4)),0)>=2026,OR(AND(RFA!$D$36="Tax-Exempt Bonds Boost",RFA!$C$36>0),AND(RFA!$D$37="Tax-Exempt Bonds Boost",RFA!$C$37>0))),-18%*(IF(SUMIF(RFA!B$51:B$57,"=Rehab",RFA!C$51:C$57)=SUMIF(RFA!B$51:B$57,"=Rehab",RFA!C$51:C$57),0,D$66)),"")
B122: =IF(AND(SUMIF(RFA!B$51:B$57,"=Rehab",RFA!C$51:C$57)>0,IFERROR(VALUE(LEFT(VLOOKUP(1,Identify,3),4)),0)>=2026,OR(AND(RFA!$D$36="Tax-Exempt Bonds Boost",RFA!$C$36>0),AND(RFA!$D$37="Tax-Exempt Bonds Boost",RFA!$C$37>0))),"Total of Developer Fee calculations on Non-Acquistion Costs:","") | D122: =IF(AND(SUMIF(RFA!B$51:B$57,"=Rehab",RFA!C$51:C$57)>0,IFERROR(VALUE(LEFT(VLOOKUP(1,Identify,3),4)),0)>=2026,OR(AND(RFA!$D$36="Tax-Exempt Bonds Boost",RFA!$C$36>0),AND(RFA!$D$37="Tax-Exempt Bonds Boost",RFA!$C$37>0))),SUM(D112:D121),"")
B123: =IF(AND(SUMIF(RFA!B$51:B$57,"=Rehab",RFA!C$51:C$57)>0,IFERROR(VALUE(LEFT(VLOOKUP(1,Identify,3),4)),0)>=2026,OR(AND(RFA!$D$36="Tax-Exempt Bonds Boost",RFA!$C$36>0),AND(RFA!$D$37="Tax-Exempt Bonds Boost",RFA!$C$37>0))),"Total Developer Fee on Non-Acquisition Costs, rounded down to the nearest dollar:","") | D123: =IF(AND(SUMIF(RFA!B$51:B$57,"=Rehab",RFA!C$51:C$57)>0,IFERROR(VALUE(LEFT(VLOOKUP(1,Identify,3),4)),0)>=2026,OR(AND(RFA!$D$36="Tax-Exempt Bonds Boost",RFA!$C$36>0),AND(RFA!$D$37="Tax-Exempt Bonds Boost",RFA!$C$37>0))),ROUNDDOWN(D122,0),"")
B124: =IF(AND(SUMIF(RFA!B$51:B$57,"=Rehab",RFA!C$51:C$57)>0,IFERROR(VALUE(LEFT(VLOOKUP(1,Identify,3),4)),0)>=2026,OR(AND(RFA!$D$36="Tax-Exempt Bonds Boost",RFA!$C$36>0),AND(RFA!$D$37="Tax-Exempt Bonds Boost",RFA!$C$37>0))),"9% Sublimit on Building Allocation Acquisition Costs for Rehab: (Based on entries above)","") | D124: =IF(AND(SUMIF(RFA!B$51:B$57,"=Rehab",RFA!C$51:C$57)>0,IFERROR(VALUE(LEFT(VLOOKUP(1,Identify,3),4)),0)>=2026,OR(AND(RFA!$D$36="Tax-Exempt Bonds Boost",RFA!$C$36>0),AND(RFA!$D$37="Tax-Exempt Bonds Boost",RFA!$C$37>0))),ROUNDDOWN(9%*(MIN(D$17,-D$60)-D$61),0),"")
B125: =IF(AND(SUMIF(RFA!B$51:B$57,"=Rehab",RFA!C$51:C$57)>0,IFERROR(VALUE(LEFT(VLOOKUP(1,Identify,3),4)),0)>=2026,OR(AND(RFA!$D$36="Tax-Exempt Bonds Boost",RFA!$C$36>0),AND(RFA!$D$37="Tax-Exempt Bonds Boost",RFA!$C$37>0))),"Total of Sublimits:","") | D125: =IF(AND(SUMIF(RFA!B$51:B$57,"=Rehab",RFA!C$51:C$57)>0,IFERROR(VALUE(LEFT(VLOOKUP(1,Identify,3),4)),0)>=2026,OR(AND(RFA!$D$36="Tax-Exempt Bonds Boost",RFA!$C$36>0),AND(RFA!$D$37="Tax-Exempt Bonds Boost",RFA!$C$37>0))),SUM(D123:D124),"")
B126: =IF(AND(SUMIF(RFA!B$51:B$57,"=Rehab",RFA!C$51:C$57)>0,IFERROR(VALUE(LEFT(VLOOKUP(1,Identify,3),4)),0)>=2026,OR(AND(RFA!$D$36="Tax-Exempt Bonds Boost",RFA!$C$36>0),AND(RFA!$D$37="Tax-Exempt Bonds Boost",RFA!$C$37>0))),"18% Maximum Limit:","") | D126: =IF(AND(SUMIF(RFA!B$51:B$57,"=Rehab",RFA!C$51:C$57)>0,IFERROR(VALUE(LEFT(VLOOKUP(1,Identify,3),4)),0)>=2026,OR(AND(RFA!$D$36="Tax-Exempt Bonds Boost",RFA!$C$36>0),AND(RFA!$D$37="Tax-Exempt Bonds Boost",RFA!$C$37>0))),ROUNDDOWN(18%*(RFA!J58*RFA!C58-(D60+D61+D63+D64+D65+D66+IF(D68=1,D67,0))),0),"")
...

Sheet Sheet1

Sheet Both CUR & FCCA
B1: DF=Developer Fee; NC=New Construction; TDC=Total Development Cost; CUR=Credit Underwriting Report; CU=Credit Underwriter; Cells with a yellow background are input cells. Each input cell includes a comment to assist with the input. | D1: Same Development w/ both TDC Limitation events
D2: At CUR | F2: At FCCA
B4: Application # of Subject Development | D4: =IF(CELL("type",RFA!D5)="b","",RFA!D5) | I4: 2 | J4: Rounddown to how many decimals? (Default=2)
B5: Name of Subject Development | D5: =IF(CELL("type",RFA!D6)="b","",RFA!D6) | I5: 0.05 | J5: ODR % (Default = 5%) for 21% DF developments - manually override if underwriter requires different amount.
B6: Applicable Competitive Application | D6: =IFERROR(VLOOKUP(1,RFA!C15:D32,2,FALSE),"")
B7: NC Units | D7: =SUMIF(RFA!B51:B57,"NC",RFA!C51:C57) -> 0
B8: Rehab Units | D8: =SUMIF(RFA!B51:B57,"Rehab",RFA!C51:C57) -> 0
B9: Maximum Developer Fee (%) | D9: =CUR!D9 -> 0.16
B10: Maximum Non-Acquisition Dev Costs for Developer Fee PU | D10: =RFA!J58 -> 0
B11: Total Number of Units | D11: =D7+D8 -> 0
B12: Maximum Non-Acquisition Dev Costs for Developer Fee | D12: =ROUND(D10*D11,I4) -> 0
B13: Maximum Developer Fee Amount on Non-Acquisition Costs | D13: =IF(H$85>0,J87,CUR!D13) -> 0 | G13: Exhibit C.1.a.(2)(a)
B14: Does the Development include the Acquisition of a Building? | D14: =CUR!D14 -> Yes
B15: =IF(D14="Yes","Lesser of Appraised Value or Actual Purchase Price of the Entire Property","") -> Lesser of Appraised Value or Actual Purchase Price of the Entire Property | D15: =CUR!D15 -> 0
B16: =IF(D14="Yes","Lowest Land Cost Allocation of the Three Land Cost Allocation Methods","") -> Lowest Land Cost Allocation of the Three Land Cost Allocation Methods | D16: =CUR!D16 -> 0
B17: Lesser of Maximum or Applicant's Stated Building Allocation | D17: =CUR!D17 -> 0
B18: Approved changes since CUR to Other Building Acquisition Related Costs | F18: 0
B19: Maximum Developer Fee Amount on Building Allocation Costs | D19: =CUR!D19 -> 0 | F19: =ROUNDDOWN((D17+F18)*IF(AND(RFA!$C$58>0,IFERROR(VALUE(LEFT(VLOOKUP(1,Identify,3),4)),0)>=2026,OR(AND(RFA!$D$36="Tax-Exempt Bonds Boost",RFA!$C$36>0),AND(RFA!$D$37="Tax-Exempt Bonds Boost",RFA!$C$37>0))),9%,D9),0) -> 0 | G19: Exhibit C.1.a.(2)(b) & (3)
B20: Total Maximum Developer Fee | D20: =D13+D19 -> 0 | F20: =F19+D13 -> 0
B21: Development's Maximum TDC Component | D21: =D12+D20 -> 0 | F21: =F20+D12 -> 0 | G21: Exhibit C.1.a.(3)
B22: Change in Developments's FCCA Costs relative to CUR non-Acquisition Hard Costs eligible to earn a DF | F22: 0 | G22: =IF(AND(RFA!$C$58>0,IFERROR(VALUE(LEFT(VLOOKUP(1,Identify,3),4)),0)>=2026,OR(AND(RFA!$D$36="Tax-Exempt Bonds Boost",RFA!$C$36>0),AND(RFA!$D$37="Tax-Exempt Bonds Boost",RFA!$C$37>0))),"Enter only Rehab Hard Costs. Enter all Soft Costs and any New Construction Hard Costs on next line.","")
B23: Change in Developments's FCCA Costs relative to CUR non-Acquisition Soft Costs eligible to earn a DF | F23: 0 | G23: =IF(AND(RFA!$C$58>0,IFERROR(VALUE(LEFT(VLOOKUP(1,Identify,3),4)),0)>=2026,OR(AND(RFA!$D$36="Tax-Exempt Bonds Boost",RFA!$C$36>0),AND(RFA!$D$37="Tax-Exempt Bonds Boost",RFA!$C$37>0))),"Enter all Soft Costs and any New Construction Hard Costs.","")
B24: Stated Development Costs eligible to earn a DF | D24: =CUR!D24 -> 0 | F24: =D24+F22+F23 -> 0
B25: Was the Developer fee reduced at CUR (by the process in b.(2)) | F25: =IF(N(D48)<0,"Yes","No") -> No | G25: ="Exhibit C.1.c.(1)("&IF(F25="No",IF(F33<=F21,"a","b"),IF(F33<D52,"c","d"))&") will apply" -> Exhibit C.1.c.(1)(a) will apply
B26: Stated DF within Actual Stated Overall Total Development Costs | D26: =CUR!D26 -> 0 | F26: 0 | G26: Enter the FCCA Stated DF
B27: Stated DF, as a percent of Stated Development Cost | D27: =IF(D24=0,0,D26/D24) -> 0 | F27: =IF(F24=0,0,F26/F24) -> 0
B28: =CUR!B28 -> Maximum Developer Fee Based on 16% Fee Limit | D28: =CUR!D28 -> 0 | F28: =IF(D9<>21%,ROUNDDOWN(F24*D9,0),ROUNDDOWN(F24*16%,0)+ROUNDDOWN(F24*I5,0)) -> 0 | G28: Exhibit C.1.c.(1) | H28: =IF(F$24<1,"","( Stated FCCAP Development Costs of "&TEXT(F24,"$#,##0.00")&" x "&TEXT(IF($D9<>21%,$D9,16%),"0%")&", rounded down to nearest $1 )"&IF($D9<>21%,""," + "&TEXT(F24,"$#,##0.00")&" x "&TEXT($I5,"0%")&", rounded down to nearest $1 )"))
B29: 1st Adjustment ($ DF & Net TDC Reduction): Stated DF in excess of Maximum Percentage DF | D29: =IF(D28>=D26,0,D28-D26) -> 0 | F29: =IF(F28>=F26,0,F28-F26) -> 0 | G29: Exhibit C.1.c.(1) | H29: =IF(OR(F$24<1,F$29=0),"","( Maximum % DF of "&TEXT(F28,"$#,##0.00")&", less initial stated DF of "&TEXT(F26,"$#,##0.00")&" )")
B30: ="Stated DF within "&IF(D29=0,"Actual","Adjusted")&" Stated Overall Total Development Costs, after % Fee in 1.b.(1)" -> Stated DF within Actual Stated Overall Total Development Costs, after % Fee in 1.b.(1) | D30: =D26+D29 -> 0 | F30: =F26+F29 -> 0 | G30: Exhibit C.1.c.(1) | H30: =IF(OR(F$24<1,F$29=0),"","( Initial stated DF "&TEXT(F26,"$#,##0.00")&", less 1st Adjustment of "&TEXT(-F29,"$#,##0.00")&" )")
B31: DF Adjustment where Stated DF (after % Fee test) is in excess of the Total Maximum DF in 1.a. | D31: =IF(D30>D20,D20-D30,"NA ") -> NA | F31: =IF(F30>F20,F20-F30,0) -> 0 | G31: Exhibit C.1.c.(1) | H31: =IF(F30>F20,"( The stated % Fee limit of "&TEXT(F30,"$#,##0.00")&", less the Total Maximum Developer Fee of "&TEXT(F20,"$#,##0.00")&" )","")
B32: Stated DF after % Fee and Total Maximum DF requirements | D32: =D30+N(D31) -> 0 | F32: =F30+N(F31) -> 0 | G32: Exhibit C.1.c.(1) | H32: =IF(N(F31)=0,"( The previously stated DF )","( The previously stated DF of "&TEXT(F30,"$#,##0.00")&", less the excess fee of "&TEXT(-N(F31),"$#,##0.00")&" )") -> ( The previously stated DF )
B33: Net TDC preliminarily stated after tested for DF compliance with the maximum DF percentage requirement | D33: =CUR!D33 -> 0 | F33: =D52+F22-D49+F32 -> 0 | G33: Exhibit C.1.c.(1) | H33: =IF(F$24<1,"","( "&IF(F29+F31=0,"Same as Initial FCCAP Net Stated TDC","Initial FCCAP Net Stated TDC ["&TEXT(D52+F22-D49+F26,"$#,##0.00")&"], less 1st Adjustment"&IF(N(F31)<0,"s","")&" of "&TEXT(-F29,"$#,##0.00"))&IF(N(F31)<0," and "&TEXT(-N(F31),"$#,##0.00"),"")&" )")
B34: =IF(D29+F29=0,"Actual","Adjusted")&" Stated Overall Total Development Costs, after 1.b.(1) or 1.c.(1), as applicable" -> Actual Stated Overall Total Development Costs, after 1.b.(1) or 1.c.(1), as applicable | D34: =CUR!D34 -> 0 | F34: =D50+F22-D49+F32 -> 0 | G34: Exhibit C.1.c.(1) | H34: =IF(OR($F$24<1,F$29+F$31=0),"( Same as Initial FCCAP Stated Overall TDC )","( Initial FCCAP TDC of "&TEXT(D50+F22-D49+F26,"$#,##0.00")&", less 1st Adjustment"&IF(N(F31)<0,"s","")&" of "&TEXT(-F29,"$#,##0.00")&IF(N(F31)<0," and "&TEXT(-N(F31),"$#,##0.00"),"")&" )") -> ( Same as Initial FCCAP Stated Overall TDC )
B36: Is Development's Maximum TDC Component ≥ proposed Development's Net TDC? | D36: =IF(D21>=D41,"Yes","No") -> Yes | F36: =IF(F21>=F33,"Yes","No") -> Yes | G36: ="Exhibit C.1.c.(1)("&IF(F25="No",IF(F41<=F21,"a","b"),IF(F41<=D52,"c","d"))&")" -> Exhibit C.1.c.(1)(a) | H36: If Yes, then nothing further; If No, then steps below apply
B37: Is the Stated DF, after compliance with the maximum DF % requirement, greater than the Maximum DF determined in 1.b.(1)? | F37: =IF(OR(F25="No",F36="Yes"),"NA",IF(F32>D46,"Yes","No")) -> NA | G37: Exhibit C.1.c.(1)(d) | H37: =IF(OR(F37="NA",F37="No"),"","( The previously stated DF of "&TEXT(F32,"$#,##0.00")&" exceeds the maximum DF at time of CUR of "&TEXT(D46,"$#,##0.00")&" )")
B38: Adjustment to DF required from 1.c.(1)(d) | F38: =IF(F36="Yes","NA ",IF(OR(F37="No",F37="NA"),"NA ",IF(N(D46)>0,IF(D46-F32<0,D46-F32,0),"NA "))) -> NA | G38: Exhibit C.1.c.(1)(d) | H38: =IF(F38="NA ","","( The maximum DF at time of CUR of "&TEXT(N(D46),"$#,##0.00")&", less the previously stated FCAAP DF of "&TEXT(F32,"$#,##0.00")&" )")
B39: Developer Fee after 1.c.(1) | F39: =F32+N(F38) -> 0 | G39: ="Exhibit C.1.c.(1)("&IF(F25="No",IF(F41<=F21,"a","b"),IF(F41<=D52,"c","d"))&")" -> Exhibit C.1.c.(1)(a) | H39: =IF(N(F38)=0,"( No change from previously stated DF amount )","( Previous DF of "&TEXT(F32,"$#,##0.00")&", less the 1.c.(1)(d) adjustment of "&TEXT(-N(F38),"$#,##0.00")&" )") -> ( No change from previously stated DF amount )
B40: Adjusted Stated Overall Total Development Costs | D40: =D34 -> 0 | F40: =F34+N(F38) -> 0 | G40: ="Exhibit C.1.c.(1)("&IF(F25="No",IF(F41<=F21,"a","b"),IF(F41<=D52,"c","d"))&")" -> Exhibit C.1.c.(1)(a) | H40: =IF(N(F38)=0,"( No change from previously stated Overall TDC amount )","( Previous overall TDC amount of "&TEXT(F34,"$#,##0.00")&", less the 1.c.(1)(d) adjustment of "&TEXT(-N(F38),"$#,##0.00")&" )") -> ( No change from previously stated Overall TDC amount )
B41: Net TDC of the Proposed Development, after 1.b.(1) or 1.c. potential adjustments, as applicable | D41: =CUR!D41 -> 0 | F41: =D52+F22-D49+F39 -> 0 | G41: ="Exhibit C.1.c.(1)("&IF(F25="No",IF(F41<=F21,"a","b"),IF(F41<=D52,"c","d"))&")" -> Exhibit C.1.c.(1)(a) | H41: =IF(N(F41)=N(F33),"( No change from previously stated Net TDC amount )","( Previously stated Net TDC amount of "&TEXT(N(F33),"$#,##0.00")&", less the 1.c.(1)(d) adjustment of "&TEXT(-N(F38),"$#,##0.00")&" )") -> ( No change from previously stated Net TDC amount )
B42: Actual Amount Net TDC exceeds Maximum TDC Component | D42: =IF(D$36="Yes","NA ",IF(D41>D21,(D41-D21),0)) -> NA | F42: =IF(F$36="Yes","NA ",IF(F41>F21,(F41-F21),0)) -> NA | G42: Exhibit C.1.c.(2)(i) | H42: =IF(F$36="Yes","","( The previously stated Net TDC of "&TEXT(F41,"$#,##0.00")&", less the Development's Maximum TDC Component of "&TEXT(F21,"$#,##0.00")&" )")
B43: Maximum $ Reduction per RFA | D43: =IF(D$36="Yes","NA ",750000) -> NA | F43: =IF(F$36="Yes","NA ",350000) -> NA | G43: Exhibit C.1.c.(2)(ii)
B44: % of Maximum Developer Fee Reduction | D44: =IF(D$36="Yes","NA ",ROUND(D20*0.25,I4)) -> NA | F44: =IF(F$36="Yes","NA ",ROUND(F20*0.1,K4)) -> NA | G44: Exhibit C.1.c.(2)(iii) | H44: =IF(F$44="NA ","","( Total Maximum Developer Fee of "&TEXT(F20,"$#,##0.00")&" x 10%, rounded to nearest "&CHOOSE(I4+1,"dollar","dime","penny")&" )")
B45: Adjustment to Maximum Developer Fee (lesser of above 3 options) | D45: =IF(D$36="Yes","NA ",-IF(D41>D21,(MIN(D42,D43,D44)),0)) -> NA | F45: =IF(F$36="Yes","NA ",-IF(F41>F21,(MIN(F42,F43,F44)),0)) -> NA | G45: Exhibit C.1.c.(2) | H45: =IF(F$45="NA ","","( The lesser of "&TEXT(MIN(N(F42),N(F43),N(F44)),"$#,##0.00")&", "&TEXT(IF(AND(N(F42)<=N(F43),N(F43)<=N(F44)),N(F43),IF(AND(N(F43)<=N(F42),N(F42)<=N(F44)),N(F42),IF(AND(N(F44)<N(F42),N(F44)<N(F43)),IF(N(F43)<N(F42),N(F43),N(F42)),N(F44)))),"$#,##0.00")&" or "&TEXT(MAX(N(F42),N(F43),N(F44)),"$#,##0.00")&" )")
B46: Maximum Developer Fee with 2nd Adjustment | D46: =D20+N(D45) -> 0 | F46: =IF(F25="Yes",MIN(D46,F20,F28),MIN(F20,F28))+N(F45) -> 0 | G46: Exhibit C.1.c.(2) | H46: =IF(F25="Yes","( The Maximum DF at time of CUR of "&TEXT(D46,"$#,##0.00")&IF(F45<0,", less the adjustment amount of "&TEXT(-N(F45),"$#,##0.00")," unadjusted")&" )",IF(F46=F32,"","( The Maximum FCCAP Total Developer Fee of "&TEXT(MIN(F20,F28),"$#,##).00")&", less the adjustment amount of "&TEXT(-N(F45),"$#,##0.00")&" )"))
B47: Is the Maximum Developer Fee from the last adjustment > the previously stated Developer Fee? | D47: =IF(D46>=D32,"Yes","No") -> Yes | F47: =IF(F46>=F39,"Yes","No") -> Yes | H47: If Yes, then nothing further; If No, then steps below apply
B48: 2nd Adjustment ($ DF & Net TDC Reduction): Proposed Development's Developer Fee after 1.b.(1) in excess of Maximum | D48: =IF(D$47="Yes","NA ",IF(D46-D32<0,D46-D32,0)) -> NA | F48: =IF(F$47="Yes","NA ",IF(F46-F39<0,F46-F39,0)) -> NA | H48: =IF(N(F48)=0,"","( The previously stated DF of "&TEXT(N(F39),"$#,##0.00")&", less the Maximum Developer Fee of "&TEXT(N(F46),"$#,##0.00")&" )")
B49: Stated DF within Actual Stated Overall Total Development Costs, after 1.b.(2) potential adjustment | D49: =D32+N(D48) -> 0 | F49: =F39+N(F48) -> 0 | H49: =IF(N(F48)=0,"","( The previously stated DF of "&TEXT(N(F39),"$#,##0.00")&", less the adjustment amount of "&TEXT(-N(F48),"$#,##0.00")&" )")
B50: Actual Stated Overall Total Development Costs, after 1.b.(2) potential adjustment | D50: =D40+N(D48) -> 0 | F50: =F40+N(F48) -> 0 | H50: =IF(N(F48)=0,"","( The previously stated stated overall TDC of "&TEXT(N(F40),"$#,##0.00")&", less the adjustment amount of "&TEXT(-N(F48),"$#,##0.00")&" )")
B52: Net TDC of the Proposed Development, after 1.b.(2) potential adjustment, inclusive of Developer Fee | D52: =D41+N(D48) -> 0 | F52: =F41+N(F48) -> 0
B55: Development's Final Actual Overall Developer Fee | D55: =D49 -> 0 | F55: =F49 -> 0
B56: Development's Final Actual Overall TDC | D56: =D50 -> 0 | F56: =F50 -> 0
B59: Total $ cost reduction (Total $ Development's DF and TDC adjustment) | D59: =IFERROR(IF(D56=0,0,D29+N(D48)),0) -> 0 | F59: =F29+N(F48) -> 0
B60: Total % DF reduction from Stated DF | D60: =IF(D59=0,0,D59/D26) -> 0 | F60: =IF(F59=0,0,F59/F26) -> 0
B61: Development's Final DF as a % of Final TDC | D61: =D55/D56 -> #DIV/0! | F61: =F55/F56 -> #DIV/0!
B62: Development's Final DF as a % of Stated Development Cost | D62: =IF(D24=0,0,D55/D24) -> 0 | F62: =IF(F24=0,0,F55/F24) -> 0
B64: =IF(D9=21%,"The maximum non-ODR DF (on Non-Acquisition Costs) portion of the 21% DF above that IS subject to DF adjustments","") | D64: =IFERROR(IF(D9=21%,ROUNDDOWN((D12*(D9-0.05)),0),""),"") | F64: =IFERROR(IF(D9=21%,ROUNDDOWN((D12*(D9-0.05)),0),""),"")
B65: =IF(D9=21%,"The maximum non-ODR DF (on Building Acquisition Costs) portion of the 21% DF above that IS subject to DF adjustments","") | D65: =IFERROR(IF(D9=21%,ROUNDDOWN((D17*(D9-0.05)),0),""),"") | F65: =IFERROR(IF(D9=21%,ROUNDDOWN((D17*(D9-0.05)),0),""),"")
B66: =IF(D9=21%,"Total maximum non-ODR DF portion of the 21% DF above that IS subject to DF adjustments","") | D66: =IF(D64="","",D64+D65) | F66: =IF(F64="","",F64+F65)
B67: =IF(D9=21%,"Total Adjustments","") | D67: =IF(D64="","",IFERROR(N(D45),"")) | F67: =IF(F64="","",IFERROR(N(F45),""))
B68: =IF(D9=21%,"Total maximum non-ODR DF portion of the 21% DF above after adjustments","") | D68: =IFERROR(D66+D67,"") | F68: =IFERROR(F66+F67,"")
B69: =IF(D9=21%,"The maximum ODR DF (on Non-Acquisition Costs) portion of the 21% DF above that is NOT subject to any DF adjustments","") | D69: =IF(D9=21%,ROUNDDOWN((D12*I5),0),"") | F69: =IF(D9=21%,ROUNDDOWN((D12*I5),0),"")
B70: =IF(D9=21%,"The maximum ODR DF (on Building Acquisition Costs) portion of the 21% DF above that is NOT subject to any DF adjustments","") | D70: =IF(D9=21%,ROUNDDOWN((D17*I5),0),"") | F70: =IF(D9=21%,ROUNDDOWN((D17*I5),0),"")
B71: =IF(D9=21%,"Total maximum ODR DF portion of the 21% DF above that is NOT subject to any DF adjustments","") | D71: =IF(D69="","",D69+D70) | F71: =IF(F69="","",F69+F70)
B73: Shaded areas above are used in formulas above. Do not edit other than by FHFC staff in select input cells.
A76: Yes | B76: 0.1
A77: No | B77: 0.16
B78: 0.18
B79: 0.21
B82: =IF(AND(SUMIF(RFA!B$51:B$57,"=Rehab",RFA!C$51:C$57)>0,IFERROR(VALUE(LEFT(VLOOKUP(1,Identify,3),4)),0)>=2026,OR(AND(RFA!$D$36="Tax-Exempt Bonds Boost",RFA!$C$36>0),AND(RFA!$D$37="Tax-Exempt Bonds Boost",RFA!$C$37>0))),"Verifying whether the 36%, 18%, 9% Developer Fee sublimits are more restrictive than the 18% maximum based on TDC PU Limits:","") | G82: This table takes the Developer Fee from a single lower-cost Development Type and incorporates it into a single higher-cost Development Type to achieve a blended TDC Limit. Contact Development Finance for any other situation. | K82: Copy/Paste for each Type
B83: =IF(AND(SUMIF(RFA!B$51:B$57,"=Rehab",RFA!C$51:C$57)>0,IFERROR(VALUE(LEFT(VLOOKUP(1,Identify,3),4)),0)>=2026,OR(AND(RFA!$D$36="Tax-Exempt Bonds Boost",RFA!$C$36>0),AND(RFA!$D$37="Tax-Exempt Bonds Boost",RFA!$C$37>0))),"Total of Developer Fee calculations on Non-Acquistion Costs from CUR tab:","") | D83: =IF(AND(SUMIF(RFA!B$51:B$57,"=Rehab",RFA!C$51:C$57)>0,IFERROR(VALUE(LEFT(VLOOKUP(1,Identify,3),4)),0)>=2026,OR(AND(RFA!$D$36="Tax-Exempt Bonds Boost",RFA!$C$36>0),AND(RFA!$D$37="Tax-Exempt Bonds Boost",RFA!$C$37>0))),CUR!D122,"")
B84: =IF(AND(SUMIF(RFA!B$51:B$57,"=Rehab",RFA!C$51:C$57)>0,IFERROR(VALUE(LEFT(VLOOKUP(1,Identify,3),4)),0)>=2026,OR(AND(RFA!$D$36="Tax-Exempt Bonds Boost",RFA!$C$36>0),AND(RFA!$D$37="Tax-Exempt Bonds Boost",RFA!$C$37>0))),"36% Sublimit on any change in AR Hard Costs: (Based on entries above)","") | D84: =IF(AND(SUMIF(RFA!B$51:B$57,"=Rehab",RFA!C$51:C$57)>0,IFERROR(VALUE(LEFT(VLOOKUP(1,Identify,3),4)),0)>=2026,OR(AND(RFA!$D$36="Tax-Exempt Bonds Boost",RFA!$C$36>0),AND(RFA!$D$37="Tax-Exempt Bonds Boost",RFA!$C$37>0))),36%*F22,"") | G84: HC Staff Use Only | H84: Orig. Dev Type | I84: New Dev Type | J84: Modified Mix | K84: Acq/Rehab #s
B85: =IF(AND(SUMIF(RFA!B$51:B$57,"=Rehab",RFA!C$51:C$57)>0,IFERROR(VALUE(LEFT(VLOOKUP(1,Identify,3),4)),0)>=2026,OR(AND(RFA!$D$36="Tax-Exempt Bonds Boost",RFA!$C$36>0),AND(RFA!$D$37="Tax-Exempt Bonds Boost",RFA!$C$37>0))),"18% Sublimit on any change in AR Soft Costs and NC Hard Costs: (Based on entries above)","") | D85: =IF(AND(SUMIF(RFA!B$51:B$57,"=Rehab",RFA!C$51:C$57)>0,IFERROR(VALUE(LEFT(VLOOKUP(1,Identify,3),4)),0)>=2026,OR(AND(RFA!$D$36="Tax-Exempt Bonds Boost",RFA!$C$36>0),AND(RFA!$D$37="Tax-Exempt Bonds Boost",RFA!$C$37>0))),18%*F23,"") | G85: D12: Max NADC | H85: 0 | I85: 0 | J85: =I85 -> 0 | K85: =IF(AND(SUMIF(RFA!$B$51:$B$57,"=Rehab",RFA!$C$51:$C$57)>0,IFERROR(VALUE(LEFT(VLOOKUP(1,Identify,3),4)),0)>=2026,OR(AND(RFA!$D$36="Tax-Exempt Bonds Boost",RFA!$C$36>0),AND(RFA!$D$37="Tax-Exempt Bonds Boost",RFA!$C$37>0))),RFA!J$58*RFA!C$58-SUM(CUR!D63:D66)-CUR!D$67*CUR!D$68+D84+D85,0) -> 0
B86: =IF(AND(SUMIF(RFA!B$51:B$57,"=Rehab",RFA!C$51:C$57)>0,IFERROR(VALUE(LEFT(VLOOKUP(1,Identify,3),4)),0)>=2026,OR(AND(RFA!$D$36="Tax-Exempt Bonds Boost",RFA!$C$36>0),AND(RFA!$D$37="Tax-Exempt Bonds Boost",RFA!$C$37>0))),"Total of Developer Fee calculations on Non-Acquistion Costs:","") | D86: =IF(AND(SUMIF(RFA!B$51:B$57,"=Rehab",RFA!C$51:C$57)>0,IFERROR(VALUE(LEFT(VLOOKUP(1,Identify,3),4)),0)>=2026,OR(AND(RFA!$D$36="Tax-Exempt Bonds Boost",RFA!$C$36>0),AND(RFA!$D$37="Tax-Exempt Bonds Boost",RFA!$C$37>0))),SUM(D83:D85),"") | G86: D12: Max NA Soft Costs* | H86: 0 | I86: 0 | J86: =I86 -> 0 | K86: =IF(AND(SUMIF(RFA!$B$51:$B$57,"=Rehab",RFA!$C$51:$C$57)>0,IFERROR(VALUE(LEFT(VLOOKUP(1,Identify,3),4)),0)>=2026,OR(AND(RFA!$D$36="Tax-Exempt Bonds Boost",RFA!$C$36>0),AND(RFA!$D$37="Tax-Exempt Bonds Boost",RFA!$C$37>0))),SUMIF(RFA!$B$51:$B$57,"=NC",RFA!$C$51:$C$57)*RFA!$L$58+SUMIF(RFA!$B$51:$B$57,"=Rehab",RFA!$C$51:$C$57)*RFA!$L$59-CUR!$D$64+D85,0) -> 0
B87: =IF(AND(SUMIF(RFA!B$51:B$57,"=Rehab",RFA!C$51:C$57)>0,IFERROR(VALUE(LEFT(VLOOKUP(1,Identify,3),4)),0)>=2026,OR(AND(RFA!$D$36="Tax-Exempt Bonds Boost",RFA!$C$36>0),AND(RFA!$D$37="Tax-Exempt Bonds Boost",RFA!$C$37>0))),"Total Developer Fee on Non-Acquisition Costs, rounded down to the nearest dollar:","") | D87: =IF(AND(SUMIF(RFA!B$51:B$57,"=Rehab",RFA!C$51:C$57)>0,IFERROR(VALUE(LEFT(VLOOKUP(1,Identify,3),4)),0)>=2026,OR(AND(RFA!$D$36="Tax-Exempt Bonds Boost",RFA!$C$36>0),AND(RFA!$D$37="Tax-Exempt Bonds Boost",RFA!$C$37>0))),ROUNDDOWN(D86,0),"") | G87: D13: Max DF on NADC | H87: =ROUNDDOWN(IF(AND(SUMIF(RFA!$B$51:$B$57,"=Rehab",RFA!$C$51:$C$57)>0,IFERROR(VALUE(LEFT(VLOOKUP(1,Identify,3),4)),0)>=2026,OR(AND(RFA!$D$36="Tax-Exempt Bonds Boost",RFA!$C$36>0),AND(RFA!$D$37="Tax-Exempt Bonds Boost",RFA!$C$37>0))),IF(18%*H85<(H85-H86)*36%+H86*18%-(CUR!$D$60+CUR!$D$61)*9%,18%*H85,(H85-H86)*36%+H86*18%),$D$9*H85),0) -> 0 | I87: =ROUNDDOWN(IF(AND(SUMIF(RFA!$B$51:$B$57,"=Rehab",RFA!$C$51:$C$57)>0,IFERROR(VALUE(LEFT(VLOOKUP(1,Identify,3),4)),0)>=2026,OR(AND(RFA!$D$36="Tax-Exempt Bonds Boost",RFA!$C$36>0),AND(RFA!$D$37="Tax-Exempt Bonds Boost",RFA!$C$37>0))),IF(18%*I85<(I85-I86)*36%+I86*18%-(CUR!$D$60+CUR!$D$61)*9%,18%*I85,(I85-I86)*36%+I86*18%),$D$9*I85),0) -> 0 | J87: =IFERROR(ROUNDDOWN(H87/H92*I92,0),0) -> 0 | K87: =N(CUR!$D$128) -> 0
B88: =IF(AND(SUMIF(RFA!B$51:B$57,"=Rehab",RFA!C$51:C$57)>0,IFERROR(VALUE(LEFT(VLOOKUP(1,Identify,3),4)),0)>=2026,OR(AND(RFA!$D$36="Tax-Exempt Bonds Boost",RFA!$C$36>0),AND(RFA!$D$37="Tax-Exempt Bonds Boost",RFA!$C$37>0))),"9% Sublimit on Building Allocation Acquisition Costs for Rehab: (Based on entries above)","") | D88: =IF(AND(SUMIF(RFA!B$51:B$57,"=Rehab",RFA!C$51:C$57)>0,IFERROR(VALUE(LEFT(VLOOKUP(1,Identify,3),4)),0)>=2026,OR(AND(RFA!$D$36="Tax-Exempt Bonds Boost",RFA!$C$36>0),AND(RFA!$D$37="Tax-Exempt Bonds Boost",RFA!$C$37>0))),F19,"") | G88: D19: Max DF on Acq | H88: 0 | I88: =IFERROR(H88,0) -> 0 | J88: =IFERROR(I88,0) -> 0 | K88: =N(Max_Acq_DF_Bond_w_AR_Units) -> 0
B89: =IF(AND(SUMIF(RFA!B$51:B$57,"=Rehab",RFA!C$51:C$57)>0,IFERROR(VALUE(LEFT(VLOOKUP(1,Identify,3),4)),0)>=2026,OR(AND(RFA!$D$36="Tax-Exempt Bonds Boost",RFA!$C$36>0),AND(RFA!$D$37="Tax-Exempt Bonds Boost",RFA!$C$37>0))),"Total of Sublimits:","") | D89: =IF(AND(SUMIF(RFA!B$51:B$57,"=Rehab",RFA!C$51:C$57)>0,IFERROR(VALUE(LEFT(VLOOKUP(1,Identify,3),4)),0)>=2026,OR(AND(RFA!$D$36="Tax-Exempt Bonds Boost",RFA!$C$36>0),AND(RFA!$D$37="Tax-Exempt Bonds Boost",RFA!$C$37>0))),SUM(D87:D88),"") | G89: D20: Total DF | H89: =H87+H88 -> 0 | I89: =I87+I88 -> 0 | J89: =IFERROR(J87+J88,0) -> 0 | K89: =K87+K88 -> 0
B90: =IF(AND(SUMIF(RFA!B$51:B$57,"=Rehab",RFA!C$51:C$57)>0,IFERROR(VALUE(LEFT(VLOOKUP(1,Identify,3),4)),0)>=2026,OR(AND(RFA!$D$36="Tax-Exempt Bonds Boost",RFA!$C$36>0),AND(RFA!$D$37="Tax-Exempt Bonds Boost",RFA!$C$37>0))),"18% Maximum Limit:","") | D90: =IF(AND(SUMIF(RFA!B$51:B$57,"=Rehab",RFA!C$51:C$57)>0,IFERROR(VALUE(LEFT(VLOOKUP(1,Identify,3),4)),0)>=2026,OR(AND(RFA!$D$36="Tax-Exempt Bonds Boost",RFA!$C$36>0),AND(RFA!$D$37="Tax-Exempt Bonds Boost",RFA!$C$37>0))),ROUNDDOWN(18%*(RFA!J58*RFA!C58-(SUM(CUR!D60:D61)+SUM(CUR!D63:D66)+IF(CUR!D68=1,CUR!D67,0))+0*(F22+F23)),0),"") | G90: ….....Non-ODR DF | H90: =H89-IF($D$9=21%,H91,0) -> 0 | I90: =I89-IF($D$9=21%,I91,0) -> 0 | J90: =IFERROR(J89-J91,0) -> 0 | K90: =K89 -> 0
B91: =IF(AND(SUMIF(RFA!B$51:B$57,"=Rehab",RFA!C$51:C$57)>0,IFERROR(VALUE(LEFT(VLOOKUP(1,Identify,3),4)),0)>=2026,OR(AND(RFA!$D$36="Tax-Exempt Bonds Boost",RFA!$C$36>0),AND(RFA!$D$37="Tax-Exempt Bonds Boost",RFA!$C$37>0))),"Lesser of Total of Sublimits or 18% Maximum Limt","") | D91: =IF(AND(SUMIF(RFA!B$51:B$57,"=Rehab",RFA!C$51:C$57)>0,IFERROR(VALUE(LEFT(VLOOKUP(1,Identify,3),4)),0)>=2026,OR(AND(RFA!$D$36="Tax-Exempt Bonds Boost",RFA!$C$36>0),AND(RFA!$D$37="Tax-Exempt Bonds Boost",RFA!$C$37>0))),MIN(D89,D90),"") | G91: ….....ODR DF | H91: =IF($D$9=21%,ROUNDDOWN(5/21*H89,0),0) -> 0 | I91: =IF($D$9=21%,ROUNDDOWN(5/21*I89,0),0) -> 0 | J91: =IFERROR(I91,0) -> 0 | K91: 0
B92: =IF(AND(SUMIF(RFA!B$51:B$57,"=Rehab",RFA!C$51:C$57)>0,IFERROR(VALUE(LEFT(VLOOKUP(1,Identify,3),4)),0)>=2026,OR(AND(RFA!$D$36="Tax-Exempt Bonds Boost",RFA!$C$36>0),AND(RFA!$D$37="Tax-Exempt Bonds Boost",RFA!$C$37>0))),"Maximum Non-Acquisition Developer Fee: ("&IF(N(Max_DF_Bond_w_AR_Units)=D$125,"Total Maximum Developer Fee ("&TEXT(N(Max_DF_Bond_w_AR_Units),"$#,##0")&"), less the Maximum Developer Fee on the Building Allocation ("&TEXT(N(Max_Acq_DF_Bond_w_AR_Units),"$#,##0")&")","from Cell D"&ROW(D$122)&" above)"),"") | D92: =IF(AND(SUMIF(RFA!B$51:B$57,"=Rehab",RFA!C$51:C$57)>0,IFERROR(VALUE(LEFT(VLOOKUP(1,Identify,3),4)),0)>=2026,OR(AND(RFA!$D$36="Tax-Exempt Bonds Boost",RFA!$C$36>0),AND(RFA!$D$37="Tax-Exempt Bonds Boost",RFA!$C$37>0))),D91-D88,"") | G92: Number of Units | H92: 0 | I92: 0 | J92: =IFERROR(I92,0) -> 0 | K92: =IF(AND(SUMIF(RFA!$B$51:$B$57,"=Rehab",RFA!$C$51:$C$57)>0,IFERROR(VALUE(LEFT(VLOOKUP(1,Identify,3),4)),0)>=2026,OR(AND(RFA!$D$36="Tax-Exempt Bonds Boost",RFA!$C$36>0),AND(RFA!$D$37="Tax-Exempt Bonds Boost",RFA!$C$37>0))),RFA!$C$58,0) -> 0
G93: =IF(H85=0,"","NA: Non-Acquisition; NADC: Non-Acquisition Development Costs; Max Acq DF will be the Acq Costs x either the Developer Fee % limit or 9% (for A/R 4%HC transactions only)' *Applicable only to A/R 4%HC transactions.")
